Workbook

Sheet Audit Croisé
A1: ◼ BackIT
A2: numFiche | B2: N. enlevement | C2: Numero serie | D2: Type machine | E2: Marque | F2: Modèle | G2: COLOR | H2: Processeur | I2: Disque dur | J2: Memoire RAM | K2: Lecteur/IMEI | L2: Ecran taille | M2: OS version | N2: Liste Panne Test Entrée | O2: Grade ESTHETIQUE ACTUEL
A3: 2602698 | B3: B2BEA001_20260602 | C3: CND2241VXT | D3: LAPTOP | E3: HP | F3: ELITEBOOK_X360_1030_G8_NOTEBOOK_PC-13.2-I7_1185G7_3.00GHZ_16GB | G3: SILVER | H3: CORE I7-1185G7 3.00 GHZ | I3: NVME SSD 512GB | J3: 16GB | L3: 13.2" | N3: LOGICIEL_BLOQUE_MDM, PATIN_MANQUANT | O3: B
A4: 2602701 | B4: B2BEA001_20260602 | C4: CND2241W5K | D4: LAPTOP | E4: HP | F4: ELITEBOOK_X360_1030_G8_NOTEBOOK_PC-13.2-I7_1185G7_3.00GHZ_16GB | G4: SILVER | H4: CORE I7-1185G7 3.00 GHZ | I4: NVME SSD 512GB | J4: 16GB | L4: 13.2" | N4: LOGICIEL_BLOQUE_MDM | O4: B
A5: 2602704 | B5: B2BEA001_20260602 | C5: CND2241W4X | D5: LAPTOP | E5: HP | F5: ELITEBOOK_X360_1030_G8_NOTEBOOK_PC-13.2-I7_1185G7_3.00GHZ_16GB | G5: SILVER | H5: CORE I7-1185G7 3.00 GHZ | I5: NVME SSD 512GB | J5: 16GB | L5: 13.2" | N5: LOGICIEL_BLOQUE_MDM, PATIN_MANQUANT | O5: B
A6: 2602782 | B6: B2BEA001_20260602 | C6: CND2241W71 | D6: LAPTOP | E6: HP | F6: ELITEBOOK_X360_1030_G8_NOTEBOOK_PC-13.2-I7_1185G7_3.00GHZ_16GB | G6: SILVER | H6: CORE I7-1185G7 3.00 GHZ | I6: NVME SSD 512GB | J6: 16GB | L6: 13.2" | N6: BATTERIE_AUTONOMIE | O6: C+
A7: 2602707 | B7: B2BEA001_20260602 | C7: CND2241W2J | D7: LAPTOP | E7: HP | F7: ELITEBOOK_X360_1030_G8_NOTEBOOK_PC-13.2-I7_1185G7_3.00GHZ_16GB | G7: SILVER | H7: CORE I7-1185G7 3.00 GHZ | I7: NVME SSD 512GB | J7: 16GB | L7: 13.2" | N7: DISQUE_DUR_HS, LOGICIEL_BLOQUE_MDM | O7: B
A8: 2603083 | B8: B2BEA001_20260602 | C8: 4PWZ1Q1 | D8: LAPTOP | E8: DELL | F8: LATITUDE_E6320-13-I5_2540M_2.60GHZ_4GB | G8: BLACK | H8: CORE I5-2540M 2.60 GHZ | I8: SATA HDD 250GB | J8: 4GB | L8: 13" | N8: BATTERIE_AUTONOMIE, DISQUE_DUR_HS | O8: C+
A9: 2603062 | B9: B2BEA001_20260602 | C9: CND2241VZL | D9: LAPTOP | E9: HP | F9: ELITEBOOK_X360_1030_G8_NOTEBOOK_PC-13.2-I7_1185G7_3.00GHZ_16GB | G9: SILVER | H9: CORE I7-1185G7 3.00 GHZ | I9: NVME SSD 512GB | J9: 16GB | L9: 13.2" | N9: BATTERIE_AUTONOMIE, PATIN_MANQUANT | O9: B
A10: 2603304 | B10: B2BEA001_20260602 | C10: 5CG1201XBX | D10: LAPTOP | E10: HP | F10: ELITEBOOK_X360_16GB | G10: SILVER | H10: CORE I7-1165G7 2.80 GHZ | I10: NVME SSD 512GB | J10: 16GB | L10: 13.2" | N10: CLAVIER_DEFAUT | O10: C+
A11: 2603081 | B11: B2BEA001_20260602 | C11: 5CG3153488 | D11: LAPTOP | E11: HP | F11: ELITEBOOK_830_13_INCH_G9_NOTEBOOK_PC-13.4-I5_1245U_16GB | G11: SILVER | H11: CORE I5-1245U | I11: NVME SSD 256GB | J11: 16GB | L11: 13.4" | N11: CLAVIER_HS | O11: B
A12: 2602720 | B12: B2BEA001_20260602 | C12: CND2241W8L | D12: LAPTOP | E12: HP | F12: ELITEBOOK_X360_1030_G8_NOTEBOOK_PC-13.2-I7_1185G7_3.00GHZ_16GB | G12: SILVER | H12: CORE I7-1185G7 3.00 GHZ | I12: NVME SSD 512GB | J12: 16GB | L12: 13.2" | N12: LOGICIEL_BLOQUE_MDM | O12: B
A13: 2602721 | B13: B2BEA001_20260602 | C13: CND2241W22 | D13: LAPTOP | E13: HP | F13: ELITEBOOK_X360_1030_G8_NOTEBOOK_PC-13.2-I7_1185G7_3.00GHZ_16GB | G13: SILVER | H13: CORE I7-1185G7 3.00 GHZ | I13: NVME SSD 512GB | J13: 16GB | L13: 13.2" | N13: LOGICIEL_BLOQUE_MDM | O13: B
A14: 2602723 | B14: B2BEA001_20260602 | C14: CND2241VT8 | D14: LAPTOP | E14: HP | F14: ELITEBOOK_X360_1030_G8_NOTEBOOK_PC-13.2-I7_1185G7_3.00GHZ_16GB | G14: SILVER | H14: CORE I7-1185G7 3.00 GHZ | I14: NVME SSD 512GB | J14: 16GB | L14: 13.2" | N14: LOGICIEL_BLOQUE_MDM | O14: C+
... A68: 2603489 | B68: B2BEA001_20260602 | C68: 5CG1243YG5 | D68: LAPTOP | E68: HP | F68: ELITEBOOK_X360_16GB | G68: SILVER | H68: CORE I7-1165G7 2.80 GHZ | I68: NVME SSD 512GB | J68: 16GB | L68: 13.2" | N68: LOGICIEL_BLOQUE_MDM | O68: B

Sheet cotation préalable
A1: Budget total du lot (€) | B1: 26000
A2: Nombre de machines | B2: =SUM(F5:F15) -> 173
A3: Prix moyen / machine (€) | B3: =B1/B2 -> 150.28902
A4: Marque | B4: Modele | C4: Processeur | D4: RAM | E4: Stockage | F4: Quantite | G4: Coefficient (a ajuster) | H4: Prix unitaire (€) | I4: Sous-total (€)
A5: HP | B5: EliteBook 830 G10 | C5: I5-1345U | D5: 16 Go | E5: 256GB | F5: 1 | G5: 1.35 | H5: =$B$1/SUMPRODUCT($F$5:$F$15,$G$5:$G$15)*G5 -> 186.05884 | I5: =F5*H5 -> 186.05884
A6: HP | B6: EliteBook x360 830 G8 | C6: I7-1185G7 | D6: 16 Go | E6: 512GB | F6: 1 | G6: 1.15 | H6: =$B$1/SUMPRODUCT($F$5:$F$15,$G$5:$G$15)*G6 -> 158.49457 | I6: =F6*H6 -> 158.49457
A7: HP | B7: EliteBook x360 1030 G8 | C7: I7-1185G7 | D7: 16 Go | E7: 512GB | F7: 112 | G7: 1.15 | H7: =$B$1/SUMPRODUCT($F$5:$F$15,$G$5:$G$15)*G7 -> 158.49457 | I7: =F7*H7 -> 17751.391
A8: HP | B8: EliteBook x360 830 G9 | C8: I5-1245U | D8: 16 Go | E8: 256GB | F8: 18 | G8: 1.1 | H8: =$B$1/SUMPRODUCT($F$5:$F$15,$G$5:$G$15)*G8 -> 151.6035 | I8: =F8*H8 -> 2728.863
A9: HP | B9: EliteBook x360 1030 G8 | C9: I7-1165G7 | D9: 16 Go | E9: 512GB | F9: 1 | G9: 1.05 | H9: =$B$1/SUMPRODUCT($F$5:$F$15,$G$5:$G$15)*G9 -> 144.71243 | I9: =F9*H9 -> 144.71243
A10: HP | B10: EliteBook x360 830 G8 | C10: I7-1165G7 | D10: 16 Go | E10: 512GB | F10: 19 | G10: 1.05 | H10: =$B$1/SUMPRODUCT($F$5:$F$15,$G$5:$G$15)*G10 -> 144.71243 | I10: =F10*H10 -> 2749.5362
A11: HP | B11: EliteBook x360 1030 G7 | C11: I7-10810U | D11: 16 Go | E11: 256GB | F11: 15 | G11: 0.85 | H11: =$B$1/SUMPRODUCT($F$5:$F$15,$G$5:$G$15)*G11 -> 117.14816 | I11: =F11*H11 -> 1757.2224
A12: HP | B12: ENVY Laptop | C12: I5-1135G7 | D12: 16 Go | E12: 256GB | F12: 1 | G12: 0.75 | H12: =$B$1/SUMPRODUCT($F$5:$F$15,$G$5:$G$15)*G12 -> 103.36602 | I12: =F12*H12 -> 103.36602
A13: HP | B13: EliteBook x360 1030 G4 | C13: I5-8265U | D13: 16 Go | E13: 256GB | F13: 1 | G13: 0.65 | H13: =$B$1/SUMPRODUCT($F$5:$F$15,$G$5:$G$15)*G13 -> 89.583886 | I13: =F13*H13 -> 89.583886
A14: HP | B14: EliteBook x360 830 G4 | C14: I5-8265U | D14: 16 Go | E14: 256GB | F14: 2 | G14: 0.65 | H14: =$B$1/SUMPRODUCT($F$5:$F$15,$G$5:$G$15)*G14 -> 89.583886 | I14: =F14*H14 -> 179.16777
A15: HP | B15: EliteBook x360 1030 G2 | C15: I7-7600U | D15: 16 Go | E15: 256GB | F15: 2 | G15: 0.55 | H15: =$B$1/SUMPRODUCT($F$5:$F$15,$G$5:$G$15)*G15 -> 75.801749 | I15: =F15*H15 -> 151.6035
E17: TOTAL | F17: =SUM(F5:F15) -> 173 | I17: =SUM(I5:I15) -> 26000

Sheet grille indemnité
J2: Laptop
D3: Desktop & AIO | E3: Laptop | F3: Mobilité | G3: Ecran | J3: Catégorie | K3: Définition | L3: Description | M3: Points | N3: Couts réparation
C4: Points | D4: Montant indemintés (vs Grade A) | J4: Esthètique | K4: Clavier patiné | L4: Le clavier présente de fortes traces d'usure généralisées | M4: -31
A5: Esthétique | B5: Grade A | C5: 90 à 100 | D5: 0 | E5: 0 | F5: 0 | G5: 0 | K5: Plasturgie avec 1 ou 2 choc | L5: Présence d'1 ou 2 chocs sur la plasturgie | M5: -31
B6: Grade B | C6: 50 à 89 | D6: 0.2 | E6: 0.2 | F6: 0.2 | G6: 0.2 | K6: Plasturgie avec 3 ou + chocs | L6: Présence de 3 ou + de chocs sur la plasturgie | M6: -51
B7: Grade C | C7: 1 à 49 | D7: 0.4 | E7: 0.4 | F7: 0.4 | G7: 0.4 | K7: Plasturgie avec rayures | L7: Présence de rayures sur la plasturgie < 5 cm | M7: -11
B8: Pannes réparables | D8: Montant réparations | K8: Plasturgie avec rayures prononcées | L8: Présence de rayures sur la plasturgie > 5 cm | M8: -31
B9: Pannes non réparables | D9: Montant Grade A | K9: Plasturgie avec stickers | L9: Présence de stickers sur la plasturgie laissant des traces visibles après décollage | M9: -11
K10: Absence de peinture sur la plasturgie | L10: La plasturgie présente des absences de peintures marquées | M10: -51
K11: Ecran avec rayures | L11: Présence de rayures sur l'écran < 2 cm | M11: -21
K12: Ecran avec rayures prononcées | L12: Présence de rayures sur l'écran > 2 cm | M12: -51
K13: Ecran fortement marqué | L13: L'écran présente de nombreuses marques visibles (>5) | M13: -31
K14: Ecran marqué | L14: L'écran présente des marques visibles (<5) | M14: -11
K15: Ecran fortement taché | L15: L'écran présente des taches > 0,5 cm | M15: -51
K16: Ecran taché | L16: L'écran présente des taches < 0,5 cm | M16: -11
K17: TouchPad patiné | L17: Le Touchpad présente de fortes traces d'usure | M17: -11
K18: Problème de pixels sur écran | L18: L'écran présente des pixel HS ou défaillant | M18: -31
K19: Présence d'un marquage antivol | L19: Un marquage antivol est présent sur le Laptop | M19: -51
J20: Pannes réparables | K20: Autonmie batterie <70% | L20: La capacité maximum de la batterie est < 70% | N20: 40
K21: Batterie absente ou HS | L21: La batterie est absente ou ne fonctionne pas | N21: 40
K22: Bezel fendu ou cassé | L22: Le Bezel est fendu ou cassé | N22: 20
K23: Bloc alimentation absent ou HS | L23: Bloc alimentation absent ou ne fonctionne pas (sauf Apple et Microsoft) | N23: 10
K24: Bloc alimentation absent ou HS pour Surface/MacBook | L24: Bloc alimentation absent ou ne fonctionne pas (Apple ou Microsoft) | N24: 30
K25: Carte Ethernet HS | L25: La carte Ethernet ne fonctionne pas | N25: 50
K26: Carte Wifi HS | L26: La carte Wifi ne fonctionne pas | N26: 40
K27: Charnière cassée | L27: La charnière est cassée | N27: 20
K28: Clavier cassé | L28: Le clavier est cassé | N28: 30
K29: Clavier étranger | L29: Le clavier n'est pas un AZERTY Français | N29: 30
K30: Clavier très abimé, touches effacées ou manquante | L30: Le clavier est très abimé ou présente des touches effacées ou manquantes | N30: 30
K31: Connecteur de charge HS | L31: Le connecteur de charge ne fonctionne pas | N31: 50
K32: Disque dur absent ou HS | L32: Le disque dur absent ou ne fonctionne pas | N32: 50
... K42: Webcam HS, cassée ou absente | L42: La Webcam est absente ou ne fonctionne pas | N42: 50
J43: Pannes non réparables | K43: Carte graphique absente ou HS | L43: La carte graphique est absente ou ne fonctionne pas | M43: irréparable
K44: Carte mère absente ou HS | L44: La carte mère est absente ou ne fonctionne pas | M44: irréparable
K45: Chassis cassé ou déformé | L45: Le chassis est cassé ou déformé | M45: irréparable
K46: Ecran absent, cassé, fêlé ou HS | L46: L'écran est cassé, fêlé ou ne fonctionne pas | M46: irréparable
K47: Poste bloqué BIOS - pas de MDP | L47: Le poste est bloqué BIOS et le MDP ne fonctionne pas | M47: irréparable
K48: Poste bloqué code de sécurité - pas de MDP | L48: Le poste est bloqué par un code de sécurité et le MDP ne fonctionne pas | M48: irréparable
K49: Poste bloqué iCloud - pas de MDP | L49: Le poste est bloqué iCloud et le MDP ne fonctionne pas | M49: irréparable
K50: Poste bloqué MDM | L50: Le poste est toujours enrollé dans un MDM | M50: irréparable
K51: Poste ne démarre pas | L51: Le poste ne démarre pas | M51: irréparable
K52: Présence d'un cadenas antivol | L52: Un cadenas antivol est présent sur le poste | M52: irréparable
K53: Tactile HS | L53: La fonction tactile de l'écran est défaillante ou ne fonctionne plus | M53: irréparable

Sheet Mapping pannes
A1: Code panne (audit) | B1: Correspondance grille indemnité | C1: Irréparable ? | D1: Coût réparation (€) | E1: Statut | G1: Grade | H1: Décote esthétique (%)
A2: BATTERIE_AUTONOMIE | B2: Autonmie batterie <70% | C2: {=IFERROR(INDEX('grille indemnité'!$M$4:$M$53,MATCH(B2,'grille indemnité'!$K$4:$K$53,0))="irréparable",FALSE())} -> FALSE | D2: {=IFERROR(INDEX('grille indemnité'!$N$4:$N$53,MATCH(B2,'grille indemnité'!$K$4:$K$53,0)),0)} -> 40 | G2: A | H2: 0
A3: CLAVIER_DEFAUT | B3: Clavier très abimé, touches effacées ou manquante | C3: {=IFERROR(INDEX('grille indemnité'!$M$4:$M$53,MATCH(B3,'grille indemnité'!$K$4:$K$53,0))="irréparable",FALSE())} -> FALSE | D3: {=IFERROR(INDEX('grille indemnité'!$N$4:$N$53,MATCH(B3,'grille indemnité'!$K$4:$K$53,0)),0)} -> 30 | G3: B | H3: 0
A4: CLAVIER_HS | B4: Clavier cassé | C4: {=IFERROR(INDEX('grille indemnité'!$M$4:$M$53,MATCH(B4,'grille indemnité'!$K$4:$K$53,0))="irréparable",FALSE())} -> FALSE | D4: {=IFERROR(INDEX('grille indemnité'!$N$4:$N$53,MATCH(B4,'grille indemnité'!$K$4:$K$53,0)),0)} -> 30 | G4: C+ | H4: 0.2
A5: CONNECTEUR_USB_HS | B5: Port USB HS | C5: {=IFERROR(INDEX('grille indemnité'!$M$4:$M$53,MATCH(B5,'grille indemnité'!$K$4:$K$53,0))="irréparable",FALSE())} -> FALSE | D5: {=IFERROR(INDEX('grille indemnité'!$N$4:$N$53,MATCH(B5,'grille indemnité'!$K$4:$K$53,0)),0)} -> 50 | G5: C | H5: 0.4
A6: COQUE_ARRIERE_CASSE | B6: Chassis cassé ou déformé | C6: {=IFERROR(INDEX('grille indemnité'!$M$4:$M$53,MATCH(B6,'grille indemnité'!$K$4:$K$53,0))="irréparable",FALSE())} -> TRUE | D6: {=IFERROR(INDEX('grille indemnité'!$N$4:$N$53,MATCH(B6,'grille indemnité'!$K$4:$K$53,0)),0)} -> 0 | G6: D | H6: 0.7
A7: DISQUE_DUR_HS | B7: Disque dur absent ou HS | C7: {=IFERROR(INDEX('grille indemnité'!$M$4:$M$53,MATCH(B7,'grille indemnité'!$K$4:$K$53,0))="irréparable",FALSE())} -> FALSE | D7: {=IFERROR(INDEX('grille indemnité'!$N$4:$N$53,MATCH(B7,'grille indemnité'!$K$4:$K$53,0)),0)} -> 50
A8: ECRAN_HS | B8: Ecran absent, cassé, fêlé ou HS | C8: {=IFERROR(INDEX('grille indemnité'!$M$4:$M$53,MATCH(B8,'grille indemnité'!$K$4:$K$53,0))="irréparable",FALSE())} -> TRUE | D8: {=IFERROR(INDEX('grille indemnité'!$N$4:$N$53,MATCH(B8,'grille indemnité'!$K$4:$K$53,0)),0)} -> 0
A9: HAUT_PARLEUR_HS | B9: Haut-parleur ou Micro appel HS | C9: {=IFERROR(INDEX('grille indemnité'!$M$4:$M$53,MATCH(B9,'grille indemnité'!$K$4:$K$53,0))="irréparable",FALSE())} -> FALSE | D9: {=IFERROR(INDEX('grille indemnité'!$N$4:$N$53,MATCH(B9,'grille indemnité'!$K$4:$K$53,0)),0)} -> 20
A10: LOGICIEL_BLOQUE_BIOS | B10: Poste bloqué BIOS - pas de MDP | C10: {=IFERROR(INDEX('grille indemnité'!$M$4:$M$53,MATCH(B10,'grille indemnité'!$K$4:$K$53,0))="irréparable",FALSE())} -> TRUE | D10: {=IFERROR(INDEX('grille indemnité'!$N$4:$N$53,MATCH(B10,'grille indemnité'!$K$4:$K$53,0)),0)} -> 0
A11: MICRO_HS | B11: Haut-parleur ou Micro appel HS | C11: {=IFERROR(INDEX('grille indemnité'!$M$4:$M$53,MATCH(B11,'grille indemnité'!$K$4:$K$53,0))="irréparable",FALSE())} -> FALSE | D11: {=IFERROR(INDEX('grille indemnité'!$N$4:$N$53,MATCH(B11,'grille indemnité'!$K$4:$K$53,0)),0)} -> 20
A12: NE_S_ALLUME_PAS | B12: Poste ne démarre pas | C12: {=IFERROR(INDEX('grille indemnité'!$M$4:$M$53,MATCH(B12,'grille indemnité'!$K$4:$K$53,0))="irréparable",FALSE())} -> TRUE | D12: {=IFERROR(INDEX('grille indemnité'!$N$4:$N$53,MATCH(B12,'grille indemnité'!$K$4:$K$53,0)),0)} -> 0
A13: CASSE | B13: Chassis cassé ou déformé | C13: {=IFERROR(INDEX('grille indemnité'!$M$4:$M$53,MATCH(B13,'grille indemnité'!$K$4:$K$53,0))="irréparable",FALSE())} -> TRUE | D13: {=IFERROR(INDEX('grille indemnité'!$N$4:$N$53,MATCH(B13,'grille indemnité'!$K$4:$K$53,0)),0)} -> 0
A14: PATIN_MANQUANT | B14: (hors grille - saisie manuelle Pierre) | C14: =FALSE() -> FALSE | D14: 15
A15: TOUCHPAD_HS | B15: TouchPad ou TrackPoint ne fonctionne pas ou absent | C15: {=IFERROR(INDEX('grille indemnité'!$M$4:$M$53,MATCH(B15,'grille indemnité'!$K$4:$K$53,0))="irréparable",FALSE())} -> FALSE | D15: {=IFERROR(INDEX('grille indemnité'!$N$4:$N$53,MATCH(B15,'grille indemnité'!$K$4:$K$53,0)),0)} -> 30
A16: WEBCAM_HS | B16: Webcam HS, cassée ou absente | C16: {=IFERROR(INDEX('grille indemnité'!$M$4:$M$53,MATCH(B16,'grille indemnité'!$K$4:$K$53,0))="irréparable",FALSE())} -> FALSE | D16: {=IFERROR(INDEX('grille indemnité'!$N$4:$N$53,MATCH(B16,'grille indemnité'!$K$4:$K$53,0)),0)} -> 50

Sheet Calcul indemnités
A1: N. Fiche | B1: Numero de serie | C1: Marque | D1: Modele (brut) | E1: Grade Entre | F1: Processeur (brut) | G1: RAM (brut) | H1: Stockage (brut) | I1: CPU normalise | J1: RAM normalisee | K1: Stockage normalise | L1: Prix unitaire catalogue (EUR) | M1: Panne 1 | N1: Panne 2 | O1: Panne 3 | P1: Irreparable (au moins 1) ? | Q1: Cout reparations cumule (EUR) | R1: Indemnite pannes (EUR) | S1: Valeur nette apres pannes (EUR) | T1: Decote esthetique (%) | U1: Decote esthetique (EUR) | V1: Valeur nette FINALE (EUR) | W1: Alerte / a verifier
A2: 2603292 | B2: 5CG34542XT | C2: HP | D2: ELITEBOOK_830_13_INCH_G10_NOTEBOOK_PC-0-I5_1345U_16GB | E2: C+ | F2: CORE I5-1345U | G2: 16GB | H2: NVME SSD 256GB | I2: I5-1345U | J2: 16 Go | K2: 256GB | L2: =IF(SUMPRODUCT(('cotation préalable'!$C$5:$C$15=I2)*('cotation préalable'!$D$5:$D$15=J2)*('cotation préalable'!$E$5:$E$15=K2))=0,"Non cote",SUMPRODUCT(('cotation préalable'!$C$5:$C$15=I2)*('cotation préalable'!$D$5:$D$15=J2)*('cotation préalable'!$E$5:$E$15=K2)*'cotation préalable'!$H$5:$H$15)/SUMPRODUCT(('cotation préalable'!$C$5:$C$15=I2)*('cotation préalable'!$D$5:$D$15=J2)*('cotation préalable'!$E$5:$E$15=K2))) -> 186.05884 | M2: TOUCHPAD_HS | P2: {=OR(IFERROR(INDEX('Mapping pannes'!$C$2:$C$16,MATCH(M2,'Mapping pannes'!$A$2:$A$16,0)),FALSE()),IFERROR(INDEX('Mapping pannes'!$C$2:$C$16,MATCH(N2,'Mapping pannes'!$A$2:$A$16,0)),FALSE()),IFERROR(INDEX('Mapping pannes'!$C$2:$C$16,MATCH(O2,'Mapping pannes'!$A$2:$A$16,0)),FALSE()))} -> FALSE | Q2: {=IFERROR(INDEX('Mapping pannes'!$D$2:$D$16,MATCH(M2,'Mapping pannes'!$A$2:$A$16,0)),0)+IFERROR(INDEX('Mapping pannes'!$D$2:$D$16,MATCH(N2,'Mapping pannes'!$A$2:$A$16,0)),0)+IFERROR(INDEX('Mapping pannes'!$D$2:$D$16,MATCH(O2,'Mapping pannes'!$A$2:$A$16,0)),0)} -> 30 | R2: =IF(NOT(ISNUMBER(L2)),"Non calculable",IF(P2,L2,MIN(L2,Q2))) -> 30 | S2: =IF(NOT(ISNUMBER(L2)),"Non calculable",MAX(0,L2-R2)) -> 156.05884 | T2: =IFERROR(VLOOKUP(E2,'Mapping pannes'!$G$2:$H$6,2,FALSE()),"") -> 0.2 | U2: =IF(OR(NOT(ISNUMBER(L2)),T2=""),"Non calculable",L2*T2) -> 37.211768 | V2: =IF(OR(NOT(ISNUMBER(L2)),T2=""),"Non calculable",MAX(0,L2-R2-U2)) -> 118.84707 | W2: {=TRIM(IF(NOT(ISNUMBER(L2)),"Modele non cote. ","")&IF(T2="","Grade non reconnu pour decote esthetique. ","")&IFERROR(INDEX('Mapping pannes'!$E$2:$E$16,MATCH(M2,'Mapping pannes'!$A$2:$A$16,0))&" ","")&IFERROR(INDEX('Mapping pannes'!$E$2:$E$16,MATCH(N2,'Mapping pannes'!$A$2:$A$16,0))&" ","")&IFERROR(INDEX('Mapping pannes'!$E$2:$E$16,MATCH(O2,'Mapping pannes'!$A$2:$A$16,0))&" ",""))}
A3: 2603291 | B3: 5CG315348M | C3: HP | D3: ELITEBOOK_830_13_INCH_G9_NOTEBOOK_PC-13.4-I5_1245U_16GB | E3: B | F3: CORE I5-1245U | G3: 16GB | H3: NVME SSD 256GB | I3: I5-1245U | J3: 16 Go | K3: 256GB | L3: =IF(SUMPRODUCT(('cotation préalable'!$C$5:$C$15=I3)*('cotation préalable'!$D$5:$D$15=J3)*('cotation préalable'!$E$5:$E$15=K3))=0,"Non cote",SUMPRODUCT(('cotation préalable'!$C$5:$C$15=I3)*('cotation préalable'!$D$5:$D$15=J3)*('cotation préalable'!$E$5:$E$15=K3)*'cotation préalable'!$H$5:$H$15)/SUMPRODUCT(('cotation préalable'!$C$5:$C$15=I3)*('cotation préalable'!$D$5:$D$15=J3)*('cotation préalable'!$E$5:$E$15=K3))) -> 151.6035 | M3: BATTERIE_AUTONOMIE | P3: {=OR(IFERROR(INDEX('Mapping pannes'!$C$2:$C$16,MATCH(M3,'Mapping pannes'!$A$2:$A$16,0)),FALSE()),IFERROR(INDEX('Mapping pannes'!$C$2:$C$16,MATCH(N3,'Mapping pannes'!$A$2:$A$16,0)),FALSE()),IFERROR(INDEX('Mapping pannes'!$C$2:$C$16,MATCH(O3,'Mapping pannes'!$A$2:$A$16,0)),FALSE()))} -> FALSE | Q3: {=IFERROR(INDEX('Mapping pannes'!$D$2:$D$16,MATCH(M3,'Mapping pannes'!$A$2:$A$16,0)),0)+IFERROR(INDEX('Mapping pannes'!$D$2:$D$16,MATCH(N3,'Mapping pannes'!$A$2:$A$16,0)),0)+IFERROR(INDEX('Mapping pannes'!$D$2:$D$16,MATCH(O3,'Mapping pannes'!$A$2:$A$16,0)),0)} -> 40 | R3: =IF(NOT(ISNUMBER(L3)),"Non calculable",IF(P3,L3,MIN(L3,Q3))) -> 40 | S3: =IF(NOT(ISNUMBER(L3)),"Non calculable",MAX(0,L3-R3)) -> 111.6035 | T3: =IFERROR(VLOOKUP(E3,'Mapping pannes'!$G$2:$H$6,2,FALSE()),"") -> 0 | U3: =IF(OR(NOT(ISNUMBER(L3)),T3=""),"Non calculable",L3*T3) -> 0 | V3: =IF(OR(NOT(ISNUMBER(L3)),T3=""),"Non calculable",MAX(0,L3-R3-U3)) -> 111.6035 | W3: {=TRIM(IF(NOT(ISNUMBER(L3)),"Modele non cote. ","")&IF(T3="","Grade non reconnu pour decote esthetique. ","")&IFERROR(INDEX('Mapping pannes'!$E$2:$E$16,MATCH(M3,'Mapping pannes'!$A$2:$A$16,0))&" ","")&IFERROR(INDEX('Mapping pannes'!$E$2:$E$16,MATCH(N3,'Mapping pannes'!$A$2:$A$16,0))&" ","")&IFERROR(INDEX('Mapping pannes'!$E$2:$E$16,MATCH(O3,'Mapping pannes'!$A$2:$A$16,0))&" ",""))}
A4: 2602825 | B4: 5CG31449M4 | C4: HP | D4: ELITEBOOK_830_13_INCH_G9_NOTEBOOK_PC-13.4-I5_1245U_16GB | E4: B | F4: CORE I5-1245U | G4: 16GB | H4: NVME SSD 256GB | I4: I5-1245U | J4: 16 Go | K4: 256GB | L4: =IF(SUMPRODUCT(('cotation préalable'!$C$5:$C$15=I4)*('cotation préalable'!$D$5:$D$15=J4)*('cotation préalable'!$E$5:$E$15=K4))=0,"Non cote",SUMPRODUCT(('cotation préalable'!$C$5:$C$15=I4)*('cotation préalable'!$D$5:$D$15=J4)*('cotation préalable'!$E$5:$E$15=K4)*'cotation préalable'!$H$5:$H$15)/SUMPRODUCT(('cotation préalable'!$C$5:$C$15=I4)*('cotation préalable'!$D$5:$D$15=J4)*('cotation préalable'!$E$5:$E$15=K4))) -> 151.6035 | M4: BATTERIE_AUTONOMIE | P4: {=OR(IFERROR(INDEX('Mapping pannes'!$C$2:$C$16,MATCH(M4,'Mapping pannes'!$A$2:$A$16,0)),FALSE()),IFERROR(INDEX('Mapping pannes'!$C$2:$C$16,MATCH(N4,'Mapping pannes'!$A$2:$A$16,0)),FALSE()),IFERROR(INDEX('Mapping pannes'!$C$2:$C$16,MATCH(O4,'Mapping pannes'!$A$2:$A$16,0)),FALSE()))} -> FALSE | Q4: {=IFERROR(INDEX('Mapping pannes'!$D$2:$D$16,MATCH(M4,'Mapping pannes'!$A$2:$A$16,0)),0)+IFERROR(INDEX('Mapping pannes'!$D$2:$D$16,MATCH(N4,'Mapping pannes'!$A$2:$A$16,0)),0)+IFERROR(INDEX('Mapping pannes'!$D$2:$D$16,MATCH(O4,'Mapping pannes'!$A$2:$A$16,0)),0)} -> 40 | R4: =IF(NOT(ISNUMBER(L4)),"Non calculable",IF(P4,L4,MIN(L4,Q4))) -> 40 | S4: =IF(NOT(ISNUMBER(L4)),"Non calculable",MAX(0,L4-R4)) -> 111.6035 | T4: =IFERROR(VLOOKUP(E4,'Mapping pannes'!$G$2:$H$6,2,FALSE()),"") -> 0 | U4: =IF(OR(NOT(ISNUMBER(L4)),T4=""),"Non calculable",L4*T4) -> 0 | V4: =IF(OR(NOT(ISNUMBER(L4)),T4=""),"Non calculable",MAX(0,L4-R4-U4)) -> 111.6035 | W4: {=TRIM(IF(NOT(ISNUMBER(L4)),"Modele non cote. ","")&IF(T4="","Grade non reconnu pour decote esthetique. ","")&IFERROR(INDEX('Mapping pannes'!$E$2:$E$16,MATCH(M4,'Mapping pannes'!$A$2:$A$16,0))&" ","")&IFERROR(INDEX('Mapping pannes'!$E$2:$E$16,MATCH(N4,'Mapping pannes'!$A$2:$A$16,0))&" ","")&IFERROR(INDEX('Mapping pannes'!$E$2:$E$16,MATCH(O4,'Mapping pannes'!$A$2:$A$16,0))&" ",""))}
A5: 2603079 | B5: 5CG315341Q | C5: HP | D5: ELITEBOOK_830_13_INCH_G9_NOTEBOOK_PC-13.4-I5_1245U_16GB | E5: C+ | F5: CORE I5-1245U | G5: 16GB | H5: NVME SSD 256GB | I5: I5-1245U | J5: 16 Go | K5: 256GB | L5: =IF(SUMPRODUCT(('cotation préalable'!$C$5:$C$15=I5)*('cotation préalable'!$D$5:$D$15=J5)*('cotation préalable'!$E$5:$E$15=K5))=0,"Non cote",SUMPRODUCT(('cotation préalable'!$C$5:$C$15=I5)*('cotation préalable'!$D$5:$D$15=J5)*('cotation préalable'!$E$5:$E$15=K5)*'cotation préalable'!$H$5:$H$15)/SUMPRODUCT(('cotation préalable'!$C$5:$C$15=I5)*('cotation préalable'!$D$5:$D$15=J5)*('cotation préalable'!$E$5:$E$15=K5))) -> 151.6035 | M5: BATTERIE_AUTONOMIE | P5: {=OR(IFERROR(INDEX('Mapping pannes'!$C$2:$C$16,MATCH(M5,'Mapping pannes'!$A$2:$A$16,0)),FALSE()),IFERROR(INDEX('Mapping pannes'!$C$2:$C$16,MATCH(N5,'Mapping pannes'!$A$2:$A$16,0)),FALSE()),IFERROR(INDEX('Mapping pannes'!$C$2:$C$16,MATCH(O5,'Mapping pannes'!$A$2:$A$16,0)),FALSE()))} -> FALSE | Q5: {=IFERROR(INDEX('Mapping pannes'!$D$2:$D$16,MATCH(M5,'Mapping pannes'!$A$2:$A$16,0)),0)+IFERROR(INDEX('Mapping pannes'!$D$2:$D$16,MATCH(N5,'Mapping pannes'!$A$2:$A$16,0)),0)+IFERROR(INDEX('Mapping pannes'!$D$2:$D$16,MATCH(O5,'Mapping pannes'!$A$2:$A$16,0)),0)} -> 40 | R5: =IF(NOT(ISNUMBER(L5)),"Non calculable",IF(P5,L5,MIN(L5,Q5))) -> 40 | S5: =IF(NOT(ISNUMBER(L5)),"Non calculable",MAX(0,L5-R5)) -> 111.6035 | T5: =IFERROR(VLOOKUP(E5,'Mapping pannes'!$G$2:$H$6,2,FALSE()),"") -> 0.2 | U5: =IF(OR(NOT(ISNUMBER(L5)),T5=""),"Non calculable",L5*T5) -> 30.3207 | V5: =IF(OR(NOT(ISNUMBER(L5)),T5=""),"Non calculable",MAX(0,L5-R5-U5)) -> 81.282799 | W5: {=TRIM(IF(NOT(ISNUMBER(L5)),"Modele non cote. ","")&IF(T5="","Grade non reconnu pour decote esthetique. ","")&IFERROR(INDEX('Mapping pannes'!$E$2:$E$16,MATCH(M5,'Mapping pannes'!$A$2:$A$16,0))&" ","")&IFERROR(INDEX('Mapping pannes'!$E$2:$E$16,MATCH(N5,'Mapping pannes'!$A$2:$A$16,0))&" ","")&IFERROR(INDEX('Mapping pannes'!$E$2:$E$16,MATCH(O5,'Mapping pannes'!$A$2:$A$16,0))&" ",""))}
A6: 2602763 | B6: 5CG3153416 | C6: HP | D6: ELITEBOOK_830_13_INCH_G9_NOTEBOOK_PC-13.4-I5_1245U_16GB | E6: B | F6: CORE I5-1245U | G6: 16GB | H6: NVME SSD 256GB | I6: I5-1245U | J6: 16 Go | K6: 256GB | L6: =IF(SUMPRODUCT(('cotation préalable'!$C$5:$C$15=I6)*('cotation préalable'!$D$5:$D$15=J6)*('cotation préalable'!$E$5:$E$15=K6))=0,"Non cote",SUMPRODUCT(('cotation préalable'!$C$5:$C$15=I6)*('cotation préalable'!$D$5:$D$15=J6)*('cotation préalable'!$E$5:$E$15=K6)*'cotation préalable'!$H$5:$H$15)/SUMPRODUCT(('cotation préalable'!$C$5:$C$15=I6)*('cotation préalable'!$D$5:$D$15=J6)*('cotation préalable'!$E$5:$E$15=K6))) -> 151.6035 | M6: BATTERIE_AUTONOMIE | N6: CLAVIER_HS | P6: {=OR(IFERROR(INDEX('Mapping pannes'!$C$2:$C$16,MATCH(M6,'Mapping pannes'!$A$2:$A$16,0)),FALSE()),IFERROR(INDEX('Mapping pannes'!$C$2:$C$16,MATCH(N6,'Mapping pannes'!$A$2:$A$16,0)),FALSE()),IFERROR(INDEX('Mapping pannes'!$C$2:$C$16,MATCH(O6,'Mapping pannes'!$A$2:$A$16,0)),FALSE()))} -> FALSE | Q6: {=IFERROR(INDEX('Mapping pannes'!$D$2:$D$16,MATCH(M6,'Mapping pannes'!$A$2:$A$16,0)),0)+IFERROR(INDEX('Mapping pannes'!$D$2:$D$16,MATCH(N6,'Mapping pannes'!$A$2:$A$16,0)),0)+IFERROR(INDEX('Mapping pannes'!$D$2:$D$16,MATCH(O6,'Mapping pannes'!$A$2:$A$16,0)),0)} -> 70 | R6: =IF(NOT(ISNUMBER(L6)),"Non calculable",IF(P6,L6,MIN(L6,Q6))) -> 70 | S6: =IF(NOT(ISNUMBER(L6)),"Non calculable",MAX(0,L6-R6)) -> 81.603499 | T6: =IFERROR(VLOOKUP(E6,'Mapping pannes'!$G$2:$H$6,2,FALSE()),"") -> 0 | U6: =IF(OR(NOT(ISNUMBER(L6)),T6=""),"Non calculable",L6*T6) -> 0 | V6: =IF(OR(NOT(ISNUMBER(L6)),T6=""),"Non calculable",MAX(0,L6-R6-U6)) -> 81.603499 | W6: {=TRIM(IF(NOT(ISNUMBER(L6)),"Modele non cote. ","")&IF(T6="","Grade non reconnu pour decote esthetique. ","")&IFERROR(INDEX('Mapping pannes'!$E$2:$E$16,MATCH(M6,'Mapping pannes'!$A$2:$A$16,0))&" ","")&IFERROR(INDEX('Mapping pannes'!$E$2:$E$16,MATCH(N6,'Mapping pannes'!$A$2:$A$16,0))&" ","")&IFERROR(INDEX('Mapping pannes'!$E$2:$E$16,MATCH(O6,'Mapping pannes'!$A$2:$A$16,0))&" ",""))}
A7: 2603081 | B7: 5CG3153488 | C7: HP | D7: ELITEBOOK_830_13_INCH_G9_NOTEBOOK_PC-13.4-I5_1245U_16GB | E7: B | F7: CORE I5-1245U | G7: 16GB | H7: NVME SSD 256GB | I7: I5-1245U | J7: 16 Go | K7: 256GB | L7: =IF(SUMPRODUCT(('cotation préalable'!$C$5:$C$15=I7)*('cotation préalable'!$D$5:$D$15=J7)*('cotation préalable'!$E$5:$E$15=K7))=0,"Non cote",SUMPRODUCT(('cotation préalable'!$C$5:$C$15=I7)*('cotation préalable'!$D$5:$D$15=J7)*('cotation préalable'!$E$5:$E$15=K7)*'cotation préalable'!$H$5:$H$15)/SUMPRODUCT(('cotation préalable'!$C$5:$C$15=I7)*('cotation préalable'!$D$5:$D$15=J7)*('cotation préalable'!$E$5:$E$15=K7))) -> 151.6035 | M7: CLAVIER_HS | P7: {=OR(IFERROR(INDEX('Mapping pannes'!$C$2:$C$16,MATCH(M7,'Mapping pannes'!$A$2:$A$16,0)),FALSE()),IFERROR(INDEX('Mapping pannes'!$C$2:$C$16,MATCH(N7,'Mapping pannes'!$A$2:$A$16,0)),FALSE()),IFERROR(INDEX('Mapping pannes'!$C$2:$C$16,MATCH(O7,'Mapping pannes'!$A$2:$A$16,0)),FALSE()))} -> FALSE | Q7: {=IFERROR(INDEX('Mapping pannes'!$D$2:$D$16,MATCH(M7,'Mapping pannes'!$A$2:$A$16,0)),0)+IFERROR(INDEX('Mapping pannes'!$D$2:$D$16,MATCH(N7,'Mapping pannes'!$A$2:$A$16,0)),0)+IFERROR(INDEX('Mapping pannes'!$D$2:$D$16,MATCH(O7,'Mapping pannes'!$A$2:$A$16,0)),0)} -> 30 | R7: =IF(NOT(ISNUMBER(L7)),"Non calculable",IF(P7,L7,MIN(L7,Q7))) -> 30 | S7: =IF(NOT(ISNUMBER(L7)),"Non calculable",MAX(0,L7-R7)) -> 121.6035 | T7: =IFERROR(VLOOKUP(E7,'Mapping pannes'!$G$2:$H$6,2,FALSE()),"") -> 0 | U7: =IF(OR(NOT(ISNUMBER(L7)),T7=""),"Non calculable",L7*T7) -> 0 | V7: =IF(OR(NOT(ISNUMBER(L7)),T7=""),"Non calculable",MAX(0,L7-R7-U7)) -> 121.6035 | W7: {=TRIM(IF(NOT(ISNUMBER(L7)),"Modele non cote. ","")&IF(T7="","Grade non reconnu pour decote esthetique. ","")&IFERROR(INDEX('Mapping pannes'!$E$2:$E$16,MATCH(M7,'Mapping pannes'!$A$2:$A$16,0))&" ","")&IFERROR(INDEX('Mapping pannes'!$E$2:$E$16,MATCH(N7,'Mapping pannes'!$A$2:$A$16,0))&" ","")&IFERROR(INDEX('Mapping pannes'!$E$2:$E$16,MATCH(O7,'Mapping pannes'!$A$2:$A$16,0))&" ",""))}
A8: 2603077 | B8: 5CG315348J | C8: HP | D8: ELITEBOOK_830_13_INCH_G9_NOTEBOOK_PC-13.4-I5_1245U_16GB | E8: C | F8: CORE I5-1245U | G8: 16GB | H8: NVME SSD 256GB | I8: I5-1245U | J8: 16 Go | K8: 256GB | L8: =IF(SUMPRODUCT(('cotation préalable'!$C$5:$C$15=I8)*('cotation préalable'!$D$5:$D$15=J8)*('cotation préalable'!$E$5:$E$15=K8))=0,"Non cote",SUMPRODUCT(('cotation préalable'!$C$5:$C$15=I8)*('cotation préalable'!$D$5:$D$15=J8)*('cotation préalable'!$E$5:$E$15=K8)*'cotation préalable'!$H$5:$H$15)/SUMPRODUCT(('cotation préalable'!$C$5:$C$15=I8)*('cotation préalable'!$D$5:$D$15=J8)*('cotation préalable'!$E$5:$E$15=K8))) -> 151.6035 | M8: ECRAN_HS | P8: {=OR(IFERROR(INDEX('Mapping pannes'!$C$2:$C$16,MATCH(M8,'Mapping pannes'!$A$2:$A$16,0)),FALSE()),IFERROR(INDEX('Mapping pannes'!$C$2:$C$16,MATCH(N8,'Mapping pannes'!$A$2:$A$16,0)),FALSE()),IFERROR(INDEX('Mapping pannes'!$C$2:$C$16,MATCH(O8,'Mapping pannes'!$A$2:$A$16,0)),FALSE()))} -> TRUE | Q8: {=IFERROR(INDEX('Mapping pannes'!$D$2:$D$16,MATCH(M8,'Mapping pannes'!$A$2:$A$16,0)),0)+IFERROR(INDEX('Mapping pannes'!$D$2:$D$16,MATCH(N8,'Mapping pannes'!$A$2:$A$16,0)),0)+IFERROR(INDEX('Mapping pannes'!$D$2:$D$16,MATCH(O8,'Mapping pannes'!$A$2:$A$16,0)),0)} -> 0 | R8: =IF(NOT(ISNUMBER(L8)),"Non calculable",IF(P8,L8,MIN(L8,Q8))) -> 151.6035 | S8: =IF(NOT(ISNUMBER(L8)),"Non calculable",MAX(0,L8-R8)) -> 0 | T8: =IFERROR(VLOOKUP(E8,'Mapping pannes'!$G$2:$H$6,2,FALSE()),"") -> 0.4 | U8: =IF(OR(NOT(ISNUMBER(L8)),T8=""),"Non calculable",L8*T8) -> 60.641399 | V8: 35 | W8: {=TRIM(IF(NOT(ISNUMBER(L8)),"Modele non cote. ","")&IF(T8="","Grade non reconnu pour decote esthetique. ","")&IFERROR(INDEX('Mapping pannes'!$E$2:$E$16,MATCH(M8,'Mapping pannes'!$A$2:$A$16,0))&" ","")&IFERROR(INDEX('Mapping pannes'!$E$2:$E$16,MATCH(N8,'Mapping pannes'!$A$2:$A$16,0))&" ","")&IFERROR(INDEX('Mapping pannes'!$E$2:$E$16,MATCH(O8,'Mapping pannes'!$A$2:$A$16,0))&" ",""))}
A9: 2603078 | B9: 5CG31531HR | C9: HP | D9: ELITEBOOK_830_13_INCH_G9_NOTEBOOK_PC-13.4-I5_1245U_16GB | E9: C+ | F9: CORE I5-1245U | G9: 16GB | H9: NVME SSD 256GB | I9: I5-1245U | J9: 16 Go | K9: 256GB | L9: =IF(SUMPRODUCT(('cotation préalable'!$C$5:$C$15=I9)*('cotation préalable'!$D$5:$D$15=J9)*('cotation préalable'!$E$5:$E$15=K9))=0,"Non cote",SUMPRODUCT(('cotation préalable'!$C$5:$C$15=I9)*('cotation préalable'!$D$5:$D$15=J9)*('cotation préalable'!$E$5:$E$15=K9)*'cotation préalable'!$H$5:$H$15)/SUMPRODUCT(('cotation préalable'!$C$5:$C$15=I9)*('cotation préalable'!$D$5:$D$15=J9)*('cotation préalable'!$E$5:$E$15=K9))) -> 151.6035 | M9: ECRAN_HS | P9: {=OR(IFERROR(INDEX('Mapping pannes'!$C$2:$C$16,MATCH(M9,'Mapping pannes'!$A$2:$A$16,0)),FALSE()),IFERROR(INDEX('Mapping pannes'!$C$2:$C$16,MATCH(N9,'Mapping pannes'!$A$2:$A$16,0)),FALSE()),IFERROR(INDEX('Mapping pannes'!$C$2:$C$16,MATCH(O9,'Mapping pannes'!$A$2:$A$16,0)),FALSE()))} -> TRUE | Q9: {=IFERROR(INDEX('Mapping pannes'!$D$2:$D$16,MATCH(M9,'Mapping pannes'!$A$2:$A$16,0)),0)+IFERROR(INDEX('Mapping pannes'!$D$2:$D$16,MATCH(N9,'Mapping pannes'!$A$2:$A$16,0)),0)+IFERROR(INDEX('Mapping pannes'!$D$2:$D$16,MATCH(O9,'Mapping pannes'!$A$2:$A$16,0)),0)} -> 0 | R9: =IF(NOT(ISNUMBER(L9)),"Non calculable",IF(P9,L9,MIN(L9,Q9))) -> 151.6035 | S9: =IF(NOT(ISNUMBER(L9)),"Non calculable",MAX(0,L9-R9)) -> 0 | T9: =IFERROR(VLOOKUP(E9,'Mapping pannes'!$G$2:$H$6,2,FALSE()),"") -> 0.2 | U9: =IF(OR(NOT(ISNUMBER(L9)),T9=""),"Non calculable",L9*T9) -> 30.3207 | V9: 35 | W9: {=TRIM(IF(NOT(ISNUMBER(L9)),"Modele non cote. ","")&IF(T9="","Grade non reconnu pour decote esthetique. ","")&IFERROR(INDEX('Mapping pannes'!$E$2:$E$16,MATCH(M9,'Mapping pannes'!$A$2:$A$16,0))&" ","")&IFERROR(INDEX('Mapping pannes'!$E$2:$E$16,MATCH(N9,'Mapping pannes'!$A$2:$A$16,0))&" ","")&IFERROR(INDEX('Mapping pannes'!$E$2:$E$16,MATCH(O9,'Mapping pannes'!$A$2:$A$16,0))&" ",""))}
A10: 2603244 | B10: 5CG3153417 | C10: HP | D10: ELITEBOOK_830_13_INCH_G9_NOTEBOOK_PC-13.4-I5_1245U_16GB | E10: B | F10: CORE I5-1245U | G10: 16GB | H10: NVME SSD 256GB | I10: I5-1245U | J10: 16 Go | K10: 256GB | L10: =IF(SUMPRODUCT(('cotation préalable'!$C$5:$C$15=I10)*('cotation préalable'!$D$5:$D$15=J10)*('cotation préalable'!$E$5:$E$15=K10))=0,"Non cote",SUMPRODUCT(('cotation préalable'!$C$5:$C$15=I10)*('cotation préalable'!$D$5:$D$15=J10)*('cotation préalable'!$E$5:$E$15=K10)*'cotation préalable'!$H$5:$H$15)/SUMPRODUCT(('cotation préalable'!$C$5:$C$15=I10)*('cotation préalable'!$D$5:$D$15=J10)*('cotation préalable'!$E$5:$E$15=K10))) -> 151.6035 | M10: ECRAN_HS | N10: BATTERIE_AUTONOMIE | P10: {=OR(IFERROR(INDEX('Mapping pannes'!$C$2:$C$16,MATCH(M10,'Mapping pannes'!$A$2:$A$16,0)),FALSE()),IFERROR(INDEX('Mapping pannes'!$C$2:$C$16,MATCH(N10,'Mapping pannes'!$A$2:$A$16,0)),FALSE()),IFERROR(INDEX('Mapping pannes'!$C$2:$C$16,MATCH(O10,'Mapping pannes'!$A$2:$A$16,0)),FALSE()))} -> TRUE | Q10: {=IFERROR(INDEX('Mapping pannes'!$D$2:$D$16,MATCH(M10,'Mapping pannes'!$A$2:$A$16,0)),0)+IFERROR(INDEX('Mapping pannes'!$D$2:$D$16,MATCH(N10,'Mapping pannes'!$A$2:$A$16,0)),0)+IFERROR(INDEX('Mapping pannes'!$D$2:$D$16,MATCH(O10,'Mapping pannes'!$A$2:$A$16,0)),0)} -> 40 | R10: =IF(NOT(ISNUMBER(L10)),"Non calculable",IF(P10,L10,MIN(L10,Q10))) -> 151.6035 | S10: =IF(NOT(ISNUMBER(L10)),"Non calculable",MAX(0,L10-R10)) -> 0 | T10: =IFERROR(VLOOKUP(E10,'Mapping pannes'!$G$2:$H$6,2,FALSE()),"") -> 0 | U10: =IF(OR(NOT(ISNUMBER(L10)),T10=""),"Non calculable",L10*T10) -> 0 | V10: 35 | W10: {=TRIM(IF(NOT(ISNUMBER(L10)),"Modele non cote. ","")&IF(T10="","Grade non reconnu pour decote esthetique. ","")&IFERROR(INDEX('Mapping pannes'!$E$2:$E$16,MATCH(M10,'Mapping pannes'!$A$2:$A$16,0))&" ","")&IFERROR(INDEX('Mapping pannes'!$E$2:$E$16,MATCH(N10,'Mapping pannes'!$A$2:$A$16,0))&" ","")&IFERROR(INDEX('Mapping pannes'!$E$2:$E$16,MATCH(O10,'Mapping pannes'!$A$2:$A$16,0))&" ",""))}
A11: 2603082 | B11: 5CG31531HX | C11: HP | D11: ELITEBOOK_830_13_INCH_G9_NOTEBOOK_PC-13.4-I5_1245U_16GB | E11: B | F11: CORE I5-1245U | G11: 16GB | H11: NVME SSD 256GB | I11: I5-1245U | J11: 16 Go | K11: 256GB | L11: =IF(SUMPRODUCT(('cotation préalable'!$C$5:$C$15=I11)*('cotation préalable'!$D$5:$D$15=J11)*('cotation préalable'!$E$5:$E$15=K11))=0,"Non cote",SUMPRODUCT(('cotation préalable'!$C$5:$C$15=I11)*('cotation préalable'!$D$5:$D$15=J11)*('cotation préalable'!$E$5:$E$15=K11)*'cotation préalable'!$H$5:$H$15)/SUMPRODUCT(('cotation préalable'!$C$5:$C$15=I11)*('cotation préalable'!$D$5:$D$15=J11)*('cotation préalable'!$E$5:$E$15=K11))) -> 151.6035 | M11: ECRAN_HS | N11: BATTERIE_AUTONOMIE | P11: {=OR(IFERROR(INDEX('Mapping pannes'!$C$2:$C$16,MATCH(M11,'Mapping pannes'!$A$2:$A$16,0)),FALSE()),IFERROR(INDEX('Mapping pannes'!$C$2:$C$16,MATCH(N11,'Mapping pannes'!$A$2:$A$16,0)),FALSE()),IFERROR(INDEX('Mapping pannes'!$C$2:$C$16,MATCH(O11,'Mapping pannes'!$A$2:$A$16,0)),FALSE()))} -> TRUE | Q11: {=IFERROR(INDEX('Mapping pannes'!$D$2:$D$16,MATCH(M11,'Mapping pannes'!$A$2:$A$16,0)),0)+IFERROR(INDEX('Mapping pannes'!$D$2:$D$16,MATCH(N11,'Mapping pannes'!$A$2:$A$16,0)),0)+IFERROR(INDEX('Mapping pannes'!$D$2:$D$16,MATCH(O11,'Mapping pannes'!$A$2:$A$16,0)),0)} -> 40 | R11: =IF(NOT(ISNUMBER(L11)),"Non calculable",IF(P11,L11,MIN(L11,Q11))) -> 151.6035 | S11: =IF(NOT(ISNUMBER(L11)),"Non calculable",MAX(0,L11-R11)) -> 0 | T11: =IFERROR(VLOOKUP(E11,'Mapping pannes'!$G$2:$H$6,2,FALSE()),"") -> 0 | U11: =IF(OR(NOT(ISNUMBER(L11)),T11=""),"Non calculable",L11*T11) -> 0 | V11: 35 | W11: {=TRIM(IF(NOT(ISNUMBER(L11)),"Modele non cote. ","")&IF(T11="","Grade non reconnu pour decote esthetique. ","")&IFERROR(INDEX('Mapping pannes'!$E$2:$E$16,MATCH(M11,'Mapping pannes'!$A$2:$A$16,0))&" ","")&IFERROR(INDEX('Mapping pannes'!$E$2:$E$16,MATCH(N11,'Mapping pannes'!$A$2:$A$16,0))&" ","")&IFERROR(INDEX('Mapping pannes'!$E$2:$E$16,MATCH(O11,'Mapping pannes'!$A$2:$A$16,0))&" ",""))}
A12: 2602761 | B12: 5CG315348F | C12: HP | D12: ELITEBOOK_830_13_INCH_G9_NOTEBOOK_PC-13.4-I5_1245U_16GB | E12: C | F12: CORE I5-1245U | G12: 16GB | H12: NVME SSD 256GB | I12: I5-1245U | J12: 16 Go | K12: 256GB | L12: =IF(SUMPRODUCT(('cotation préalable'!$C$5:$C$15=I12)*('cotation préalable'!$D$5:$D$15=J12)*('cotation préalable'!$E$5:$E$15=K12))=0,"Non cote",SUMPRODUCT(('cotation préalable'!$C$5:$C$15=I12)*('cotation préalable'!$D$5:$D$15=J12)*('cotation préalable'!$E$5:$E$15=K12)*'cotation préalable'!$H$5:$H$15)/SUMPRODUCT(('cotation préalable'!$C$5:$C$15=I12)*('cotation préalable'!$D$5:$D$15=J12)*('cotation préalable'!$E$5:$E$15=K12))) -> 151.6035 | M12: ECRAN_HS | N12: BATTERIE_AUTONOMIE | P12: {=OR(IFERROR(INDEX('Mapping pannes'!$C$2:$C$16,MATCH(M12,'Mapping pannes'!$A$2:$A$16,0)),FALSE()),IFERROR(INDEX('Mapping pannes'!$C$2:$C$16,MATCH(N12,'Mapping pannes'!$A$2:$A$16,0)),FALSE()),IFERROR(INDEX('Mapping pannes'!$C$2:$C$16,MATCH(O12,'Mapping pannes'!$A$2:$A$16,0)),FALSE()))} -> TRUE | Q12: {=IFERROR(INDEX('Mapping pannes'!$D$2:$D$16,MATCH(M12,'Mapping pannes'!$A$2:$A$16,0)),0)+IFERROR(INDEX('Mapping pannes'!$D$2:$D$16,MATCH(N12,'Mapping pannes'!$A$2:$A$16,0)),0)+IFERROR(INDEX('Mapping pannes'!$D$2:$D$16,MATCH(O12,'Mapping pannes'!$A$2:$A$16,0)),0)} -> 40 | R12: =IF(NOT(ISNUMBER(L12)),"Non calculable",IF(P12,L12,MIN(L12,Q12))) -> 151.6035 | S12: =IF(NOT(ISNUMBER(L12)),"Non calculable",MAX(0,L12-R12)) -> 0 | T12: =IFERROR(VLOOKUP(E12,'Mapping pannes'!$G$2:$H$6,2,FALSE()),"") -> 0.4 | U12: =IF(OR(NOT(ISNUMBER(L12)),T12=""),"Non calculable",L12*T12) -> 60.641399 | V12: 35 | W12: {=TRIM(IF(NOT(ISNUMBER(L12)),"Modele non cote. ","")&IF(T12="","Grade non reconnu pour decote esthetique. ","")&IFERROR(INDEX('Mapping pannes'!$E$2:$E$16,MATCH(M12,'Mapping pannes'!$A$2:$A$16,0))&" ","")&IFERROR(INDEX('Mapping pannes'!$E$2:$E$16,MATCH(N12,'Mapping pannes'!$A$2:$A$16,0))&" ","")&IFERROR(INDEX('Mapping pannes'!$E$2:$E$16,MATCH(O12,'Mapping pannes'!$A$2:$A$16,0))&" ",""))}
A13: 2603080 | B13: 5CG315348S | C13: HP | D13: ELITEBOOK_830_13_INCH_G9_NOTEBOOK_PC-13.4-I5_1245U_16GB | E13: C+ | F13: CORE I5-1245U | G13: 16GB | H13: NVME SSD 256GB | I13: I5-1245U | J13: 16 Go | K13: 256GB | L13: =IF(SUMPRODUCT(('cotation préalable'!$C$5:$C$15=I13)*('cotation préalable'!$D$5:$D$15=J13)*('cotation préalable'!$E$5:$E$15=K13))=0,"Non cote",SUMPRODUCT(('cotation préalable'!$C$5:$C$15=I13)*('cotation préalable'!$D$5:$D$15=J13)*('cotation préalable'!$E$5:$E$15=K13)*'cotation préalable'!$H$5:$H$15)/SUMPRODUCT(('cotation préalable'!$C$5:$C$15=I13)*('cotation préalable'!$D$5:$D$15=J13)*('cotation préalable'!$E$5:$E$15=K13))) -> 151.6035 | M13: ECRAN_HS | N13: BATTERIE_AUTONOMIE | P13: {=OR(IFERROR(INDEX('Mapping pannes'!$C$2:$C$16,MATCH(M13,'Mapping pannes'!$A$2:$A$16,0)),FALSE()),IFERROR(INDEX('Mapping pannes'!$C$2:$C$16,MATCH(N13,'Mapping pannes'!$A$2:$A$16,0)),FALSE()),IFERROR(INDEX('Mapping pannes'!$C$2:$C$16,MATCH(O13,'Mapping pannes'!$A$2:$A$16,0)),FALSE()))} -> TRUE | Q13: {=IFERROR(INDEX('Mapping pannes'!$D$2:$D$16,MATCH(M13,'Mapping pannes'!$A$2:$A$16,0)),0)+IFERROR(INDEX('Mapping pannes'!$D$2:$D$16,MATCH(N13,'Mapping pannes'!$A$2:$A$16,0)),0)+IFERROR(INDEX('Mapping pannes'!$D$2:$D$16,MATCH(O13,'Mapping pannes'!$A$2:$A$16,0)),0)} -> 40 | R13: =IF(NOT(ISNUMBER(L13)),"Non calculable",IF(P13,L13,MIN(L13,Q13))) -> 151.6035 | S13: =IF(NOT(ISNUMBER(L13)),"Non calculable",MAX(0,L13-R13)) -> 0 | T13: =IFERROR(VLOOKUP(E13,'Mapping pannes'!$G$2:$H$6,2,FALSE()),"") -> 0.2 | U13: =IF(OR(NOT(ISNUMBER(L13)),T13=""),"Non calculable",L13*T13) -> 30.3207 | V13: 35 | W13: {=TRIM(IF(NOT(ISNUMBER(L13)),"Modele non cote. ","")&IF(T13="","Grade non reconnu pour decote esthetique. ","")&IFERROR(INDEX('Mapping pannes'!$E$2:$E$16,MATCH(M13,'Mapping pannes'!$A$2:$A$16,0))&" ","")&IFERROR(INDEX('Mapping pannes'!$E$2:$E$16,MATCH(N13,'Mapping pannes'!$A$2:$A$16,0))&" ","")&IFERROR(INDEX('Mapping pannes'!$E$2:$E$16,MATCH(O13,'Mapping pannes'!$A$2:$A$16,0))&" ",""))}
A14: 2602817 | B14: 5CG315347T | C14: HP | D14: ELITEBOOK_830_13_INCH_G9_NOTEBOOK_PC-13.4-I5_1245U_16GB | E14: B | F14: CORE I5-1245U | G14: 16GB | H14: NVME SSD 256GB | I14: I5-1245U | J14: 16 Go | K14: 256GB | L14: =IF(SUMPRODUCT(('cotation préalable'!$C$5:$C$15=I14)*('cotation préalable'!$D$5:$D$15=J14)*('cotation préalable'!$E$5:$E$15=K14))=0,"Non cote",SUMPRODUCT(('cotation préalable'!$C$5:$C$15=I14)*('cotation préalable'!$D$5:$D$15=J14)*('cotation préalable'!$E$5:$E$15=K14)*'cotation préalable'!$H$5:$H$15)/SUMPRODUCT(('cotation préalable'!$C$5:$C$15=I14)*('cotation préalable'!$D$5:$D$15=J14)*('cotation préalable'!$E$5:$E$15=K14))) -> 151.6035 | P14: {=OR(IFERROR(INDEX('Mapping pannes'!$C$2:$C$16,MATCH(M14,'Mapping pannes'!$A$2:$A$16,0)),FALSE()),IFERROR(INDEX('Mapping pannes'!$C$2:$C$16,MATCH(N14,'Mapping pannes'!$A$2:$A$16,0)),FALSE()),IFERROR(INDEX('Mapping pannes'!$C$2:$C$16,MATCH(O14,'Mapping pannes'!$A$2:$A$16,0)),FALSE()))} -> FALSE | Q14: {=IFERROR(INDEX('Mapping pannes'!$D$2:$D$16,MATCH(M14,'Mapping pannes'!$A$2:$A$16,0)),0)+IFERROR(INDEX('Mapping pannes'!$D$2:$D$16,MATCH(N14,'Mapping pannes'!$A$2:$A$16,0)),0)+IFERROR(INDEX('Mapping pannes'!$D$2:$D$16,MATCH(O14,'Mapping pannes'!$A$2:$A$16,0)),0)} -> 0 | R14: =IF(NOT(ISNUMBER(L14)),"Non calculable",IF(P14,L14,MIN(L14,Q14))) -> 0 | S14: =IF(NOT(ISNUMBER(L14)),"Non calculable",MAX(0,L14-R14)) -> 151.6035 | T14: =IFERROR(VLOOKUP(E14,'Mapping pannes'!$G$2:$H$6,2,FALSE()),"") -> 0 | U14: =IF(OR(NOT(ISNUMBER(L14)),T14=""),"Non calculable",L14*T14) -> 0 | V14: =IF(OR(NOT(ISNUMBER(L14)),T14=""),"Non calculable",MAX(0,L14-R14-U14)) -> 151.6035 | W14: {=TRIM(IF(NOT(ISNUMBER(L14)),"Modele non cote. ","")&IF(T14="","Grade non reconnu pour decote esthetique. ","")&IFERROR(INDEX('Mapping pannes'!$E$2:$E$16,MATCH(M14,'Mapping pannes'!$A$2:$A$16,0))&" ","")&IFERROR(INDEX('Mapping pannes'!$E$2:$E$16,MATCH(N14,'Mapping pannes'!$A$2:$A$16,0))&" ","")&IFERROR(INDEX('Mapping pannes'!$E$2:$E$16,MATCH(O14,'Mapping pannes'!$A$2:$A$16,0))&" ",""))}
A15: 2602762 | B15: 5CG315347B | C15: HP | D15: ELITEBOOK_830_13_INCH_G9_NOTEBOOK_PC-13.4-I5_1245U_16GB | E15: C+ | F15: CORE I5-1245U | G15: 16GB | H15: NVME SSD 256GB | I15: I5-1245U | J15: 16 Go | K15: 256GB | L15: =IF(SUMPRODUCT(('cotation préalable'!$C$5:$C$15=I15)*('cotation préalable'!$D$5:$D$15=J15)*('cotation préalable'!$E$5:$E$15=K15))=0,"Non cote",SUMPRODUCT(('cotation préalable'!$C$5:$C$15=I15)*('cotation préalable'!$D$5:$D$15=J15)*('cotation préalable'!$E$5:$E$15=K15)*'cotation préalable'!$H$5:$H$15)/SUMPRODUCT(('cotation préalable'!$C$5:$C$15=I15)*('cotation préalable'!$D$5:$D$15=J15)*('cotation préalable'!$E$5:$E$15=K15))) -> 151.6035 | P15: {=OR(IFERROR(INDEX('Mapping pannes'!$C$2:$C$16,MATCH(M15,'Mapping pannes'!$A$2:$A$16,0)),FALSE()),IFERROR(INDEX('Mapping pannes'!$C$2:$C$16,MATCH(N15,'Mapping pannes'!$A$2:$A$16,0)),FALSE()),IFERROR(INDEX('Mapping pannes'!$C$2:$C$16,MATCH(O15,'Mapping pannes'!$A$2:$A$16,0)),FALSE()))} -> FALSE | Q15: {=IFERROR(INDEX('Mapping pannes'!$D$2:$D$16,MATCH(M15,'Mapping pannes'!$A$2:$A$16,0)),0)+IFERROR(INDEX('Mapping pannes'!$D$2:$D$16,MATCH(N15,'Mapping pannes'!$A$2:$A$16,0)),0)+IFERROR(INDEX('Mapping pannes'!$D$2:$D$16,MATCH(O15,'Mapping pannes'!$A$2:$A$16,0)),0)} -> 0 | R15: =IF(NOT(ISNUMBER(L15)),"Non calculable",IF(P15,L15,MIN(L15,Q15))) -> 0 | S15: =IF(NOT(ISNUMBER(L15)),"Non calculable",MAX(0,L15-R15)) -> 151.6035 | T15: =IFERROR(VLOOKUP(E15,'Mapping pannes'!$G$2:$H$6,2,FALSE()),"") -> 0.2 | U15: =IF(OR(NOT(ISNUMBER(L15)),T15=""),"Non calculable",L15*T15) -> 30.3207 | V15: =IF(OR(NOT(ISNUMBER(L15)),T15=""),"Non calculable",MAX(0,L15-R15-U15)) -> 121.2828 | W15: {=TRIM(IF(NOT(ISNUMBER(L15)),"Modele non cote. ","")&IF(T15="","Grade non reconnu pour decote esthetique. ","")&IFERROR(INDEX('Mapping pannes'!$E$2:$E$16,MATCH(M15,'Mapping pannes'!$A$2:$A$16,0))&" ","")&IFERROR(INDEX('Mapping pannes'!$E$2:$E$16,MATCH(N15,'Mapping pannes'!$A$2:$A$16,0))&" ","")&IFERROR(INDEX('Mapping pannes'!$E$2:$E$16,MATCH(O15,'Mapping pannes'!$A$2:$A$16,0))&" ",""))}
A16: 2603247 | B16: 5CG315347L | C16: HP | D16: ELITEBOOK_830_13_INCH_G9_NOTEBOOK_PC-13.4-I5_1245U_16GB | E16: C+ | F16: CORE I5-1245U | G16: 16GB | H16: NVME SSD 256GB | I16: I5-1245U | J16: 16 Go | K16: 256GB | L16: =IF(SUMPRODUCT(('cotation préalable'!$C$5:$C$15=I16)*('cotation préalable'!$D$5:$D$15=J16)*('cotation préalable'!$E$5:$E$15=K16))=0,"Non cote",SUMPRODUCT(('cotation préalable'!$C$5:$C$15=I16)*('cotation préalable'!$D$5:$D$15=J16)*('cotation préalable'!$E$5:$E$15=K16)*'cotation préalable'!$H$5:$H$15)/SUMPRODUCT(('cotation préalable'!$C$5:$C$15=I16)*('cotation préalable'!$D$5:$D$15=J16)*('cotation préalable'!$E$5:$E$15=K16))) -> 151.6035 | M16: TOUCHPAD_HS | P16: {=OR(IFERROR(INDEX('Mapping pannes'!$C$2:$C$16,MATCH(M16,'Mapping pannes'!$A$2:$A$16,0)),FALSE()),IFERROR(INDEX('Mapping pannes'!$C$2:$C$16,MATCH(N16,'Mapping pannes'!$A$2:$A$16,0)),FALSE()),IFERROR(INDEX('Mapping pannes'!$C$2:$C$16,MATCH(O16,'Mapping pannes'!$A$2:$A$16,0)),FALSE()))} -> FALSE | Q16: {=IFERROR(INDEX('Mapping pannes'!$D$2:$D$16,MATCH(M16,'Mapping pannes'!$A$2:$A$16,0)),0)+IFERROR(INDEX('Mapping pannes'!$D$2:$D$16,MATCH(N16,'Mapping pannes'!$A$2:$A$16,0)),0)+IFERROR(INDEX('Mapping pannes'!$D$2:$D$16,MATCH(O16,'Mapping pannes'!$A$2:$A$16,0)),0)} -> 30 | R16: =IF(NOT(ISNUMBER(L16)),"Non calculable",IF(P16,L16,MIN(L16,Q16))) -> 30 | S16: =IF(NOT(ISNUMBER(L16)),"Non calculable",MAX(0,L16-R16)) -> 121.6035 | T16: =IFERROR(VLOOKUP(E16,'Mapping pannes'!$G$2:$H$6,2,FALSE()),"") -> 0.2 | U16: =IF(OR(NOT(ISNUMBER(L16)),T16=""),"Non calculable",L16*T16) -> 30.3207 | V16: =IF(OR(NOT(ISNUMBER(L16)),T16=""),"Non calculable",MAX(0,L16-R16-U16)) -> 91.282799 | W16: {=TRIM(IF(NOT(ISNUMBER(L16)),"Modele non cote. ","")&IF(T16="","Grade non reconnu pour decote esthetique. ","")&IFERROR(INDEX('Mapping pannes'!$E$2:$E$16,MATCH(M16,'Mapping pannes'!$A$2:$A$16,0))&" ","")&IFERROR(INDEX('Mapping pannes'!$E$2:$E$16,MATCH(N16,'Mapping pannes'!$A$2:$A$16,0))&" ","")&IFERROR(INDEX('Mapping pannes'!$E$2:$E$16,MATCH(O16,'Mapping pannes'!$A$2:$A$16,0))&" ",""))}
A17: 2603245 | B17: 5CG31531HD | C17: HP | D17: ELITEBOOK_830_13_INCH_G9_NOTEBOOK_PC-13.4-I5_1245U_16GB | E17: C | F17: CORE I5-1245U | G17: 16GB | H17: NVME SSD 256GB | I17: I5-1245U | J17: 16 Go | K17: 256GB | L17: =IF(SUMPRODUCT(('cotation préalable'!$C$5:$C$15=I17)*('cotation préalable'!$D$5:$D$15=J17)*('cotation préalable'!$E$5:$E$15=K17))=0,"Non cote",SUMPRODUCT(('cotation préalable'!$C$5:$C$15=I17)*('cotation préalable'!$D$5:$D$15=J17)*('cotation préalable'!$E$5:$E$15=K17)*'cotation préalable'!$H$5:$H$15)/SUMPRODUCT(('cotation préalable'!$C$5:$C$15=I17)*('cotation préalable'!$D$5:$D$15=J17)*('cotation préalable'!$E$5:$E$15=K17))) -> 151.6035 | P17: {=OR(IFERROR(INDEX('Mapping pannes'!$C$2:$C$16,MATCH(M17,'Mapping pannes'!$A$2:$A$16,0)),FALSE()),IFERROR(INDEX('Mapping pannes'!$C$2:$C$16,MATCH(N17,'Mapping pannes'!$A$2:$A$16,0)),FALSE()),IFERROR(INDEX('Mapping pannes'!$C$2:$C$16,MATCH(O17,'Mapping pannes'!$A$2:$A$16,0)),FALSE()))} -> FALSE | Q17: {=IFERROR(INDEX('Mapping pannes'!$D$2:$D$16,MATCH(M17,'Mapping pannes'!$A$2:$A$16,0)),0)+IFERROR(INDEX('Mapping pannes'!$D$2:$D$16,MATCH(N17,'Mapping pannes'!$A$2:$A$16,0)),0)+IFERROR(INDEX('Mapping pannes'!$D$2:$D$16,MATCH(O17,'Mapping pannes'!$A$2:$A$16,0)),0)} -> 0 | R17: =IF(NOT(ISNUMBER(L17)),"Non calculable",IF(P17,L17,MIN(L17,Q17))) -> 0 | S17: =IF(NOT(ISNUMBER(L17)),"Non calculable",MAX(0,L17-R17)) -> 151.6035 | T17: =IFERROR(VLOOKUP(E17,'Mapping pannes'!$G$2:$H$6,2,FALSE()),"") -> 0.4 | U17: =IF(OR(NOT(ISNUMBER(L17)),T17=""),"Non calculable",L17*T17) -> 60.641399 | V17: =IF(OR(NOT(ISNUMBER(L17)),T17=""),"Non calculable",MAX(0,L17-R17-U17)) -> 90.962099 | W17: {=TRIM(IF(NOT(ISNUMBER(L17)),"Modele non cote. ","")&IF(T17="","Grade non reconnu pour decote esthetique. ","")&IFERROR(INDEX('Mapping pannes'!$E$2:$E$16,MATCH(M17,'Mapping pannes'!$A$2:$A$16,0))&" ","")&IFERROR(INDEX('Mapping pannes'!$E$2:$E$16,MATCH(N17,'Mapping pannes'!$A$2:$A$16,0))&" ","")&IFERROR(INDEX('Mapping pannes'!$E$2:$E$16,MATCH(O17,'Mapping pannes'!$A$2:$A$16,0))&" ",""))}
A18: 2602823 | B18: 5CG31531H8 | C18: HP | D18: ELITEBOOK_830_13_INCH_G9_NOTEBOOK_PC-13.4-I5_1245U_16GB | E18: C+ | F18: CORE I5-1245U | G18: 16GB | H18: NVME SSD 256GB | I18: I5-1245U | J18: 16 Go | K18: 256GB | L18: =IF(SUMPRODUCT(('cotation préalable'!$C$5:$C$15=I18)*('cotation préalable'!$D$5:$D$15=J18)*('cotation préalable'!$E$5:$E$15=K18))=0,"Non cote",SUMPRODUCT(('cotation préalable'!$C$5:$C$15=I18)*('cotation préalable'!$D$5:$D$15=J18)*('cotation préalable'!$E$5:$E$15=K18)*'cotation préalable'!$H$5:$H$15)/SUMPRODUCT(('cotation préalable'!$C$5:$C$15=I18)*('cotation préalable'!$D$5:$D$15=J18)*('cotation préalable'!$E$5:$E$15=K18))) -> 151.6035 | P18: {=OR(IFERROR(INDEX('Mapping pannes'!$C$2:$C$16,MATCH(M18,'Mapping pannes'!$A$2:$A$16,0)),FALSE()),IFERROR(INDEX('Mapping pannes'!$C$2:$C$16,MATCH(N18,'Mapping pannes'!$A$2:$A$16,0)),FALSE()),IFERROR(INDEX('Mapping pannes'!$C$2:$C$16,MATCH(O18,'Mapping pannes'!$A$2:$A$16,0)),FALSE()))} -> FALSE | Q18: {=IFERROR(INDEX('Mapping pannes'!$D$2:$D$16,MATCH(M18,'Mapping pannes'!$A$2:$A$16,0)),0)+IFERROR(INDEX('Mapping pannes'!$D$2:$D$16,MATCH(N18,'Mapping pannes'!$A$2:$A$16,0)),0)+IFERROR(INDEX('Mapping pannes'!$D$2:$D$16,MATCH(O18,'Mapping pannes'!$A$2:$A$16,0)),0)} -> 0 | R18: =IF(NOT(ISNUMBER(L18)),"Non calculable",IF(P18,L18,MIN(L18,Q18))) -> 0 | S18: =IF(NOT(ISNUMBER(L18)),"Non calculable",MAX(0,L18-R18)) -> 151.6035 | T18: =IFERROR(VLOOKUP(E18,'Mapping pannes'!$G$2:$H$6,2,FALSE()),"") -> 0.2 | U18: =IF(OR(NOT(ISNUMBER(L18)),T18=""),"Non calculable",L18*T18) -> 30.3207 | V18: =IF(OR(NOT(ISNUMBER(L18)),T18=""),"Non calculable",MAX(0,L18-R18-U18)) -> 121.2828 | W18: {=TRIM(IF(NOT(ISNUMBER(L18)),"Modele non cote. ","")&IF(T18="","Grade non reconnu pour decote esthetique. ","")&IFERROR(INDEX('Mapping pannes'!$E$2:$E$16,MATCH(M18,'Mapping pannes'!$A$2:$A$16,0))&" ","")&IFERROR(INDEX('Mapping pannes'!$E$2:$E$16,MATCH(N18,'Mapping pannes'!$A$2:$A$16,0))&" ","")&IFERROR(INDEX('Mapping pannes'!$E$2:$E$16,MATCH(O18,'Mapping pannes'!$A$2:$A$16,0))&" ",""))}
A19: 2602789 | B19: CND11316ZP | C19: HP | D19: ELITEBOOK_X360 | E19: C+ | G19: NON_DEFINI | L19: 35 | M19: LOGICIEL_BLOQUE_BIOS | P19: {=OR(IFERROR(INDEX('Mapping pannes'!$C$2:$C$16,MATCH(M19,'Mapping pannes'!$A$2:$A$16,0)),FALSE()),IFERROR(INDEX('Mapping pannes'!$C$2:$C$16,MATCH(N19,'Mapping pannes'!$A$2:$A$16,0)),FALSE()),IFERROR(INDEX('Mapping pannes'!$C$2:$C$16,MATCH(O19,'Mapping pannes'!$A$2:$A$16,0)),FALSE()))} -> TRUE | Q19: {=IFERROR(INDEX('Mapping pannes'!$D$2:$D$16,MATCH(M19,'Mapping pannes'!$A$2:$A$16,0)),0)+IFERROR(INDEX('Mapping pannes'!$D$2:$D$16,MATCH(N19,'Mapping pannes'!$A$2:$A$16,0)),0)+IFERROR(INDEX('Mapping pannes'!$D$2:$D$16,MATCH(O19,'Mapping pannes'!$A$2:$A$16,0)),0)} -> 0 | R19: =IF(NOT(ISNUMBER(L19)),"Non calculable",IF(P19,L19,MIN(L19,Q19))) -> 35 | S19: =IF(NOT(ISNUMBER(L19)),"Non calculable",MAX(0,L19-R19)) -> 0 | T19: =IFERROR(VLOOKUP(E19,'Mapping pannes'!$G$2:$H$6,2,FALSE()),"") -> 0.2 | U19: =IF(OR(NOT(ISNUMBER(L19)),T19=""),"Non calculable",L19*T19) -> 7 | V19: 35 | W19: {=TRIM(IF(NOT(ISNUMBER(L19)),"Modele non cote. ","")&IF(T19="","Grade non reconnu pour decote esthetique. ","")&IFERROR(INDEX('Mapping pannes'!$E$2:$E$16,MATCH(M19,'Mapping pannes'!$A$2:$A$16,0))&" ","")&IFERROR(INDEX('Mapping pannes'!$E$2:$E$16,MATCH(N19,'Mapping pannes'!$A$2:$A$16,0))&" ","")&IFERROR(INDEX('Mapping pannes'!$E$2:$E$16,MATCH(O19,'Mapping pannes'!$A$2:$A$16,0))&" ",""))}
A20: 2603463 | B20: 5CG1201X5F | C20: HP | D20: ELITEBOOK_X360 | E20: C+ | G20: NON_DEFINI | L20: 35 | M20: NE_S_ALLUME_PAS | N20: PATIN_MANQUANT | P20: {=OR(IFERROR(INDEX('Mapping pannes'!$C$2:$C$16,MATCH(M20,'Mapping pannes'!$A$2:$A$16,0)),FALSE()),IFERROR(INDEX('Mapping pannes'!$C$2:$C$16,MATCH(N20,'Mapping pannes'!$A$2:$A$16,0)),FALSE()),IFERROR(INDEX('Mapping pannes'!$C$2:$C$16,MATCH(O20,'Mapping pannes'!$A$2:$A$16,0)),FALSE()))} -> TRUE | Q20: {=IFERROR(INDEX('Mapping pannes'!$D$2:$D$16,MATCH(M20,'Mapping pannes'!$A$2:$A$16,0)),0)+IFERROR(INDEX('Mapping pannes'!$D$2:$D$16,MATCH(N20,'Mapping pannes'!$A$2:$A$16,0)),0)+IFERROR(INDEX('Mapping pannes'!$D$2:$D$16,MATCH(O20,'Mapping pannes'!$A$2:$A$16,0)),0)} -> 15 | R20: =IF(NOT(ISNUMBER(L20)),"Non calculable",IF(P20,L20,MIN(L20,Q20))) -> 35 | S20: =IF(NOT(ISNUMBER(L20)),"Non calculable",MAX(0,L20-R20)) -> 0 | T20: =IFERROR(VLOOKUP(E20,'Mapping pannes'!$G$2:$H$6,2,FALSE()),"") -> 0.2 | U20: =IF(OR(NOT(ISNUMBER(L20)),T20=""),"Non calculable",L20*T20) -> 7 | V20: 35 | W20: {=TRIM(IF(NOT(ISNUMBER(L20)),"Modele non cote. ","")&IF(T20="","Grade non reconnu pour decote esthetique. ","")&IFERROR(INDEX('Mapping pannes'!$E$2:$E$16,MATCH(M20,'Mapping pannes'!$A$2:$A$16,0))&" ","")&IFERROR(INDEX('Mapping pannes'!$E$2:$E$16,MATCH(N20,'Mapping pannes'!$A$2:$A$16,0))&" ","")&IFERROR(INDEX('Mapping pannes'!$E$2:$E$16,MATCH(O20,'Mapping pannes'!$A$2:$A$16,0))&" ",""))}
A21: 2603301 | B21: 5CG82039T7 | C21: HP | D21: ELITEBOOK_X360_1030_G2 | E21: C+ | G21: NON_DEFINI | L21: 35 | M21: LOGICIEL_BLOQUE_BIOS | P21: {=OR(IFERROR(INDEX('Mapping pannes'!$C$2:$C$16,MATCH(M21,'Mapping pannes'!$A$2:$A$16,0)),FALSE()),IFERROR(INDEX('Mapping pannes'!$C$2:$C$16,MATCH(N21,'Mapping pannes'!$A$2:$A$16,0)),FALSE()),IFERROR(INDEX('Mapping pannes'!$C$2:$C$16,MATCH(O21,'Mapping pannes'!$A$2:$A$16,0)),FALSE()))} -> TRUE | Q21: {=IFERROR(INDEX('Mapping pannes'!$D$2:$D$16,MATCH(M21,'Mapping pannes'!$A$2:$A$16,0)),0)+IFERROR(INDEX('Mapping pannes'!$D$2:$D$16,MATCH(N21,'Mapping pannes'!$A$2:$A$16,0)),0)+IFERROR(INDEX('Mapping pannes'!$D$2:$D$16,MATCH(O21,'Mapping pannes'!$A$2:$A$16,0)),0)} -> 0 | R21: =IF(NOT(ISNUMBER(L21)),"Non calculable",IF(P21,L21,MIN(L21,Q21))) -> 35 | S21: =IF(NOT(ISNUMBER(L21)),"Non calculable",MAX(0,L21-R21)) -> 0 | T21: =IFERROR(VLOOKUP(E21,'Mapping pannes'!$G$2:$H$6,2,FALSE()),"") -> 0.2 | U21: =IF(OR(NOT(ISNUMBER(L21)),T21=""),"Non calculable",L21*T21) -> 7 | V21: 35 | W21: {=TRIM(IF(NOT(ISNUMBER(L21)),"Modele non cote. ","")&IF(T21="","Grade non reconnu pour decote esthetique. ","")&IFERROR(INDEX('Mapping pannes'!$E$2:$E$16,MATCH(M21,'Mapping pannes'!$A$2:$A$16,0))&" ","")&IFERROR(INDEX('Mapping pannes'!$E$2:$E$16,MATCH(N21,'Mapping pannes'!$A$2:$A$16,0))&" ","")&IFERROR(INDEX('Mapping pannes'!$E$2:$E$16,MATCH(O21,'Mapping pannes'!$A$2:$A$16,0))&" ",""))}
A22: 2603085 | B22: 5CD01086RJ | C22: HP | D22: ELITEBOOK_X360_1030_G4_13.2_I5-8265U_1.6GHZ_8GB | E22: C+ | F22: CORE I5-8265U 1.60 GHZ | G22: 8GB | H22: NVME SSD 256GB | I22: I5-8265U | J22: 8 Go | K22: 256GB | L22: 20 | P22: {=OR(IFERROR(INDEX('Mapping pannes'!$C$2:$C$16,MATCH(M22,'Mapping pannes'!$A$2:$A$16,0)),FALSE()),IFERROR(INDEX('Mapping pannes'!$C$2:$C$16,MATCH(N22,'Mapping pannes'!$A$2:$A$16,0)),FALSE()),IFERROR(INDEX('Mapping pannes'!$C$2:$C$16,MATCH(O22,'Mapping pannes'!$A$2:$A$16,0)),FALSE()))} -> FALSE | Q22: {=IFERROR(INDEX('Mapping pannes'!$D$2:$D$16,MATCH(M22,'Mapping pannes'!$A$2:$A$16,0)),0)+IFERROR(INDEX('Mapping pannes'!$D$2:$D$16,MATCH(N22,'Mapping pannes'!$A$2:$A$16,0)),0)+IFERROR(INDEX('Mapping pannes'!$D$2:$D$16,MATCH(O22,'Mapping pannes'!$A$2:$A$16,0)),0)} -> 0 | R22: =IF(NOT(ISNUMBER(L22)),"Non calculable",IF(P22,L22,MIN(L22,Q22))) -> 0 | S22: =IF(NOT(ISNUMBER(L22)),"Non calculable",MAX(0,L22-R22)) -> 20 | T22: =IFERROR(VLOOKUP(E22,'Mapping pannes'!$G$2:$H$6,2,FALSE()),"") -> 0.2 | U22: =IF(OR(NOT(ISNUMBER(L22)),T22=""),"Non calculable",L22*T22) -> 4 | V22: =IF(OR(NOT(ISNUMBER(L22)),T22=""),"Non calculable",MAX(0,L22-R22-U22)) -> 16 | W22: {=TRIM(IF(NOT(ISNUMBER(L22)),"Modele non cote. ","")&IF(T22="","Grade non reconnu pour decote esthetique. ","")&IFERROR(INDEX('Mapping pannes'!$E$2:$E$16,MATCH(M22,'Mapping pannes'!$A$2:$A$16,0))&" ","")&IFERROR(INDEX('Mapping pannes'!$E$2:$E$16,MATCH(N22,'Mapping pannes'!$A$2:$A$16,0))&" ","")&IFERROR(INDEX('Mapping pannes'!$E$2:$E$16,MATCH(O22,'Mapping pannes'!$A$2:$A$16,0))&" ",""))}
A23: 2603279 | B23: 5CD020D2D6 | C23: HP | D23: ELITEBOOK_X360_1030_G4-13.2-I7_8565U_1.80GHZ_16GB | E23: C | F23: CORE I7-8565U 1.80 GHZ | G23: 16GB | H23: NVME SSD 256GB | I23: I7-8565U | J23: 16 Go | K23: 256GB | L23: 89.58 | M23: BATTERIE_AUTONOMIE | P23: {=OR(IFERROR(INDEX('Mapping pannes'!$C$2:$C$16,MATCH(M23,'Mapping pannes'!$A$2:$A$16,0)),FALSE()),IFERROR(INDEX('Mapping pannes'!$C$2:$C$16,MATCH(N23,'Mapping pannes'!$A$2:$A$16,0)),FALSE()),IFERROR(INDEX('Mapping pannes'!$C$2:$C$16,MATCH(O23,'Mapping pannes'!$A$2:$A$16,0)),FALSE()))} -> FALSE | Q23: {=IFERROR(INDEX('Mapping pannes'!$D$2:$D$16,MATCH(M23,'Mapping pannes'!$A$2:$A$16,0)),0)+IFERROR(INDEX('Mapping pannes'!$D$2:$D$16,MATCH(N23,'Mapping pannes'!$A$2:$A$16,0)),0)+IFERROR(INDEX('Mapping pannes'!$D$2:$D$16,MATCH(O23,'Mapping pannes'!$A$2:$A$16,0)),0)} -> 40 | R23: =IF(NOT(ISNUMBER(L23)),"Non calculable",IF(P23,L23,MIN(L23,Q23))) -> 40 | S23: =IF(NOT(ISNUMBER(L23)),"Non calculable",MAX(0,L23-R23)) -> 49.58 | T23: =IFERROR(VLOOKUP(E23,'Mapping pannes'!$G$2:$H$6,2,FALSE()),"") -> 0.4 | U23: =IF(OR(NOT(ISNUMBER(L23)),T23=""),"Non calculable",L23*T23) -> 35.832 | V23: =IF(OR(NOT(ISNUMBER(L23)),T23=""),"Non calculable",MAX(0,L23-R23-U23)) -> 13.748 | W23: {=TRIM(IF(NOT(ISNUMBER(L23)),"Modele non cote. ","")&IF(T23="","Grade non reconnu pour decote esthetique. ","")&IFERROR(INDEX('Mapping pannes'!$E$2:$E$16,MATCH(M23,'Mapping pannes'!$A$2:$A$16,0))&" ","")&IFERROR(INDEX('Mapping pannes'!$E$2:$E$16,MATCH(N23,'Mapping pannes'!$A$2:$A$16,0))&" ","")&IFERROR(INDEX('Mapping pannes'!$E$2:$E$16,MATCH(O23,'Mapping pannes'!$A$2:$A$16,0))&" ",""))}
A24: 2603284 | B24: 5CD020D2CR | C24: HP | D24: ELITEBOOK_X360_1030_G4-13.2-I7_8565U_1.80GHZ_16GB | E24: B | F24: CORE I7-8565U 1.80 GHZ | G24: 16GB | H24: NVME SSD 256GB | I24: I7-8565U | J24: 16 Go | K24: 256GB | L24: 89.58 | P24: {=OR(IFERROR(INDEX('Mapping pannes'!$C$2:$C$16,MATCH(M24,'Mapping pannes'!$A$2:$A$16,0)),FALSE()),IFERROR(INDEX('Mapping pannes'!$C$2:$C$16,MATCH(N24,'Mapping pannes'!$A$2:$A$16,0)),FALSE()),IFERROR(INDEX('Mapping pannes'!$C$2:$C$16,MATCH(O24,'Mapping pannes'!$A$2:$A$16,0)),FALSE()))} -> FALSE | Q24: {=IFERROR(INDEX('Mapping pannes'!$D$2:$D$16,MATCH(M24,'Mapping pannes'!$A$2:$A$16,0)),0)+IFERROR(INDEX('Mapping pannes'!$D$2:$D$16,MATCH(N24,'Mapping pannes'!$A$2:$A$16,0)),0)+IFERROR(INDEX('Mapping pannes'!$D$2:$D$16,MATCH(O24,'Mapping pannes'!$A$2:$A$16,0)),0)} -> 0 | R24: =IF(NOT(ISNUMBER(L24)),"Non calculable",IF(P24,L24,MIN(L24,Q24))) -> 0 | S24: =IF(NOT(ISNUMBER(L24)),"Non calculable",MAX(0,L24-R24)) -> 89.58 | T24: =IFERROR(VLOOKUP(E24,'Mapping pannes'!$G$2:$H$6,2,FALSE()),"") -> 0 | U24: =IF(OR(NOT(ISNUMBER(L24)),T24=""),"Non calculable",L24*T24) -> 0 | V24: =IF(OR(NOT(ISNUMBER(L24)),T24=""),"Non calculable",MAX(0,L24-R24-U24)) -> 89.58 | W24: {=TRIM(IF(NOT(ISNUMBER(L24)),"Modele non cote. ","")&IF(T24="","Grade non reconnu pour decote esthetique. ","")&IFERROR(INDEX('Mapping pannes'!$E$2:$E$16,MATCH(M24,'Mapping pannes'!$A$2:$A$16,0))&" ","")&IFERROR(INDEX('Mapping pannes'!$E$2:$E$16,MATCH(N24,'Mapping pannes'!$A$2:$A$16,0))&" ","")&IFERROR(INDEX('Mapping pannes'!$E$2:$E$16,MATCH(O24,'Mapping pannes'!$A$2:$A$16,0))&" ",""))}
A25: 2602755 | B25: CND05002WS | C25: HP | D25: ELITEBOOK_X360_1030_G7_NOTEBOOK_PC-13.2-I7_10810U_1.10GHZ_16GB | E25: B | F25: CORE I7-10810U 1.10 GHZ | G25: 16GB | H25: NVME SSD 256GB | I25: I7-10810U | J25: 16 Go | K25: 256GB | L25: =IF(SUMPRODUCT(('cotation préalable'!$C$5:$C$15=I25)*('cotation préalable'!$D$5:$D$15=J25)*('cotation préalable'!$E$5:$E$15=K25))=0,"Non cote",SUMPRODUCT(('cotation préalable'!$C$5:$C$15=I25)*('cotation préalable'!$D$5:$D$15=J25)*('cotation préalable'!$E$5:$E$15=K25)*'cotation préalable'!$H$5:$H$15)/SUMPRODUCT(('cotation préalable'!$C$5:$C$15=I25)*('cotation préalable'!$D$5:$D$15=J25)*('cotation préalable'!$E$5:$E$15=K25))) -> 117.14816 | M25: HAUT_PARLEUR_HS | P25: {=OR(IFERROR(INDEX('Mapping pannes'!$C$2:$C$16,MATCH(M25,'Mapping pannes'!$A$2:$A$16,0)),FALSE()),IFERROR(INDEX('Mapping pannes'!$C$2:$C$16,MATCH(N25,'Mapping pannes'!$A$2:$A$16,0)),FALSE()),IFERROR(INDEX('Mapping pannes'!$C$2:$C$16,MATCH(O25,'Mapping pannes'!$A$2:$A$16,0)),FALSE()))} -> FALSE | Q25: {=IFERROR(INDEX('Mapping pannes'!$D$2:$D$16,MATCH(M25,'Mapping pannes'!$A$2:$A$16,0)),0)+IFERROR(INDEX('Mapping pannes'!$D$2:$D$16,MATCH(N25,'Mapping pannes'!$A$2:$A$16,0)),0)+IFERROR(INDEX('Mapping pannes'!$D$2:$D$16,MATCH(O25,'Mapping pannes'!$A$2:$A$16,0)),0)} -> 20 | R25: =IF(NOT(ISNUMBER(L25)),"Non calculable",IF(P25,L25,MIN(L25,Q25))) -> 20 | S25: =IF(NOT(ISNUMBER(L25)),"Non calculable",MAX(0,L25-R25)) -> 97.148158 | T25: =IFERROR(VLOOKUP(E25,'Mapping pannes'!$G$2:$H$6,2,FALSE()),"") -> 0 | U25: =IF(OR(NOT(ISNUMBER(L25)),T25=""),"Non calculable",L25*T25) -> 0 | V25: =IF(OR(NOT(ISNUMBER(L25)),T25=""),"Non calculable",MAX(0,L25-R25-U25)) -> 97.148158 | W25: {=TRIM(IF(NOT(ISNUMBER(L25)),"Modele non cote. ","")&IF(T25="","Grade non reconnu pour decote esthetique. ","")&IFERROR(INDEX('Mapping pannes'!$E$2:$E$16,MATCH(M25,'Mapping pannes'!$A$2:$A$16,0))&" ","")&IFERROR(INDEX('Mapping pannes'!$E$2:$E$16,MATCH(N25,'Mapping pannes'!$A$2:$A$16,0))&" ","")&IFERROR(INDEX('Mapping pannes'!$E$2:$E$16,MATCH(O25,'Mapping pannes'!$A$2:$A$16,0))&" ",""))}
A26: 2602757 | B26: CND1131601 | C26: HP | D26: ELITEBOOK_X360_1030_G7_NOTEBOOK_PC-13.2-I7_10810U_1.10GHZ_16GB | E26: B | F26: CORE I7-10810U 1.10 GHZ | G26: 16GB | H26: NVME SSD 256GB | I26: I7-10810U | J26: 16 Go | K26: 256GB | L26: =IF(SUMPRODUCT(('cotation préalable'!$C$5:$C$15=I26)*('cotation préalable'!$D$5:$D$15=J26)*('cotation préalable'!$E$5:$E$15=K26))=0,"Non cote",SUMPRODUCT(('cotation préalable'!$C$5:$C$15=I26)*('cotation préalable'!$D$5:$D$15=J26)*('cotation préalable'!$E$5:$E$15=K26)*'cotation préalable'!$H$5:$H$15)/SUMPRODUCT(('cotation préalable'!$C$5:$C$15=I26)*('cotation préalable'!$D$5:$D$15=J26)*('cotation préalable'!$E$5:$E$15=K26))) -> 117.14816 | M26: HAUT_PARLEUR_HS | P26: {=OR(IFERROR(INDEX('Mapping pannes'!$C$2:$C$16,MATCH(M26,'Mapping pannes'!$A$2:$A$16,0)),FALSE()),IFERROR(INDEX('Mapping pannes'!$C$2:$C$16,MATCH(N26,'Mapping pannes'!$A$2:$A$16,0)),FALSE()),IFERROR(INDEX('Mapping pannes'!$C$2:$C$16,MATCH(O26,'Mapping pannes'!$A$2:$A$16,0)),FALSE()))} -> FALSE | Q26: {=IFERROR(INDEX('Mapping pannes'!$D$2:$D$16,MATCH(M26,'Mapping pannes'!$A$2:$A$16,0)),0)+IFERROR(INDEX('Mapping pannes'!$D$2:$D$16,MATCH(N26,'Mapping pannes'!$A$2:$A$16,0)),0)+IFERROR(INDEX('Mapping pannes'!$D$2:$D$16,MATCH(O26,'Mapping pannes'!$A$2:$A$16,0)),0)} -> 20 | R26: =IF(NOT(ISNUMBER(L26)),"Non calculable",IF(P26,L26,MIN(L26,Q26))) -> 20 | S26: =IF(NOT(ISNUMBER(L26)),"Non calculable",MAX(0,L26-R26)) -> 97.148158 | T26: =IFERROR(VLOOKUP(E26,'Mapping pannes'!$G$2:$H$6,2,FALSE()),"") -> 0 | U26: =IF(OR(NOT(ISNUMBER(L26)),T26=""),"Non calculable",L26*T26) -> 0 | V26: =IF(OR(NOT(ISNUMBER(L26)),T26=""),"Non calculable",MAX(0,L26-R26-U26)) -> 97.148158 | W26: {=TRIM(IF(NOT(ISNUMBER(L26)),"Modele non cote. ","")&IF(T26="","Grade non reconnu pour decote esthetique. ","")&IFERROR(INDEX('Mapping pannes'!$E$2:$E$16,MATCH(M26,'Mapping pannes'!$A$2:$A$16,0))&" ","")&IFERROR(INDEX('Mapping pannes'!$E$2:$E$16,MATCH(N26,'Mapping pannes'!$A$2:$A$16,0))&" ","")&IFERROR(INDEX('Mapping pannes'!$E$2:$E$16,MATCH(O26,'Mapping pannes'!$A$2:$A$16,0))&" ",""))}
A27: 2603054 | B27: CND0514VGY | C27: HP | D27: ELITEBOOK_X360_1030_G7_NOTEBOOK_PC-13.2-I7_10810U_1.10GHZ_16GB | E27: B | F27: CORE I7-10810U 1.10 GHZ | G27: 16GB | H27: NVME SSD 256GB | I27: I7-10810U | J27: 16 Go | K27: 256GB | L27: =IF(SUMPRODUCT(('cotation préalable'!$C$5:$C$15=I27)*('cotation préalable'!$D$5:$D$15=J27)*('cotation préalable'!$E$5:$E$15=K27))=0,"Non cote",SUMPRODUCT(('cotation préalable'!$C$5:$C$15=I27)*('cotation préalable'!$D$5:$D$15=J27)*('cotation préalable'!$E$5:$E$15=K27)*'cotation préalable'!$H$5:$H$15)/SUMPRODUCT(('cotation préalable'!$C$5:$C$15=I27)*('cotation préalable'!$D$5:$D$15=J27)*('cotation préalable'!$E$5:$E$15=K27))) -> 117.14816 | M27: HAUT_PARLEUR_HS | P27: {=OR(IFERROR(INDEX('Mapping pannes'!$C$2:$C$16,MATCH(M27,'Mapping pannes'!$A$2:$A$16,0)),FALSE()),IFERROR(INDEX('Mapping pannes'!$C$2:$C$16,MATCH(N27,'Mapping pannes'!$A$2:$A$16,0)),FALSE()),IFERROR(INDEX('Mapping pannes'!$C$2:$C$16,MATCH(O27,'Mapping pannes'!$A$2:$A$16,0)),FALSE()))} -> FALSE | Q27: {=IFERROR(INDEX('Mapping pannes'!$D$2:$D$16,MATCH(M27,'Mapping pannes'!$A$2:$A$16,0)),0)+IFERROR(INDEX('Mapping pannes'!$D$2:$D$16,MATCH(N27,'Mapping pannes'!$A$2:$A$16,0)),0)+IFERROR(INDEX('Mapping pannes'!$D$2:$D$16,MATCH(O27,'Mapping pannes'!$A$2:$A$16,0)),0)} -> 20 | R27: =IF(NOT(ISNUMBER(L27)),"Non calculable",IF(P27,L27,MIN(L27,Q27))) -> 20 | S27: =IF(NOT(ISNUMBER(L27)),"Non calculable",MAX(0,L27-R27)) -> 97.148158 | T27: =IFERROR(VLOOKUP(E27,'Mapping pannes'!$G$2:$H$6,2,FALSE()),"") -> 0 | U27: =IF(OR(NOT(ISNUMBER(L27)),T27=""),"Non calculable",L27*T27) -> 0 | V27: =IF(OR(NOT(ISNUMBER(L27)),T27=""),"Non calculable",MAX(0,L27-R27-U27)) -> 97.148158 | W27: {=TRIM(IF(NOT(ISNUMBER(L27)),"Modele non cote. ","")&IF(T27="","Grade non reconnu pour decote esthetique. ","")&IFERROR(INDEX('Mapping pannes'!$E$2:$E$16,MATCH(M27,'Mapping pannes'!$A$2:$A$16,0))&" ","")&IFERROR(INDEX('Mapping pannes'!$E$2:$E$16,MATCH(N27,'Mapping pannes'!$A$2:$A$16,0))&" ","")&IFERROR(INDEX('Mapping pannes'!$E$2:$E$16,MATCH(O27,'Mapping pannes'!$A$2:$A$16,0))&" ",""))}
A28: 2603261 | B28: CND05002SQ | C28: HP | D28: ELITEBOOK_X360_1030_G7_NOTEBOOK_PC-13.2-I7_10810U_1.10GHZ_16GB | E28: B | F28: CORE I7-10810U 1.10 GHZ | G28: 16GB | H28: NVME SSD 256GB | I28: I7-10810U | J28: 16 Go | K28: 256GB | L28: =IF(SUMPRODUCT(('cotation préalable'!$C$5:$C$15=I28)*('cotation préalable'!$D$5:$D$15=J28)*('cotation préalable'!$E$5:$E$15=K28))=0,"Non cote",SUMPRODUCT(('cotation préalable'!$C$5:$C$15=I28)*('cotation préalable'!$D$5:$D$15=J28)*('cotation préalable'!$E$5:$E$15=K28)*'cotation préalable'!$H$5:$H$15)/SUMPRODUCT(('cotation préalable'!$C$5:$C$15=I28)*('cotation préalable'!$D$5:$D$15=J28)*('cotation préalable'!$E$5:$E$15=K28))) -> 117.14816 | M28: HAUT_PARLEUR_HS | P28: {=OR(IFERROR(INDEX('Mapping pannes'!$C$2:$C$16,MATCH(M28,'Mapping pannes'!$A$2:$A$16,0)),FALSE()),IFERROR(INDEX('Mapping pannes'!$C$2:$C$16,MATCH(N28,'Mapping pannes'!$A$2:$A$16,0)),FALSE()),IFERROR(INDEX('Mapping pannes'!$C$2:$C$16,MATCH(O28,'Mapping pannes'!$A$2:$A$16,0)),FALSE()))} -> FALSE | Q28: {=IFERROR(INDEX('Mapping pannes'!$D$2:$D$16,MATCH(M28,'Mapping pannes'!$A$2:$A$16,0)),0)+IFERROR(INDEX('Mapping pannes'!$D$2:$D$16,MATCH(N28,'Mapping pannes'!$A$2:$A$16,0)),0)+IFERROR(INDEX('Mapping pannes'!$D$2:$D$16,MATCH(O28,'Mapping pannes'!$A$2:$A$16,0)),0)} -> 20 | R28: =IF(NOT(ISNUMBER(L28)),"Non calculable",IF(P28,L28,MIN(L28,Q28))) -> 20 | S28: =IF(NOT(ISNUMBER(L28)),"Non calculable",MAX(0,L28-R28)) -> 97.148158 | T28: =IFERROR(VLOOKUP(E28,'Mapping pannes'!$G$2:$H$6,2,FALSE()),"") -> 0 | U28: =IF(OR(NOT(ISNUMBER(L28)),T28=""),"Non calculable",L28*T28) -> 0 | V28: =IF(OR(NOT(ISNUMBER(L28)),T28=""),"Non calculable",MAX(0,L28-R28-U28)) -> 97.148158 | W28: {=TRIM(IF(NOT(ISNUMBER(L28)),"Modele non cote. ","")&IF(T28="","Grade non reconnu pour decote esthetique. ","")&IFERROR(INDEX('Mapping pannes'!$E$2:$E$16,MATCH(M28,'Mapping pannes'!$A$2:$A$16,0))&" ","")&IFERROR(INDEX('Mapping pannes'!$E$2:$E$16,MATCH(N28,'Mapping pannes'!$A$2:$A$16,0))&" ","")&IFERROR(INDEX('Mapping pannes'!$E$2:$E$16,MATCH(O28,'Mapping pannes'!$A$2:$A$16,0))&" ",""))}
A29: 2603067 | B29: CND05002T7 | C29: HP | D29: ELITEBOOK_X360_1030_G7_NOTEBOOK_PC-13.2-I7_10810U_1.10GHZ_16GB | E29: C+ | F29: CORE I7-10810U 1.10 GHZ | G29: 16GB | H29: NVME SSD 256GB | I29: I7-10810U | J29: 16 Go | K29: 256GB | L29: =IF(SUMPRODUCT(('cotation préalable'!$C$5:$C$15=I29)*('cotation préalable'!$D$5:$D$15=J29)*('cotation préalable'!$E$5:$E$15=K29))=0,"Non cote",SUMPRODUCT(('cotation préalable'!$C$5:$C$15=I29)*('cotation préalable'!$D$5:$D$15=J29)*('cotation préalable'!$E$5:$E$15=K29)*'cotation préalable'!$H$5:$H$15)/SUMPRODUCT(('cotation préalable'!$C$5:$C$15=I29)*('cotation préalable'!$D$5:$D$15=J29)*('cotation préalable'!$E$5:$E$15=K29))) -> 117.14816 | M29: HAUT_PARLEUR_HS | P29: {=OR(IFERROR(INDEX('Mapping pannes'!$C$2:$C$16,MATCH(M29,'Mapping pannes'!$A$2:$A$16,0)),FALSE()),IFERROR(INDEX('Mapping pannes'!$C$2:$C$16,MATCH(N29,'Mapping pannes'!$A$2:$A$16,0)),FALSE()),IFERROR(INDEX('Mapping pannes'!$C$2:$C$16,MATCH(O29,'Mapping pannes'!$A$2:$A$16,0)),FALSE()))} -> FALSE | Q29: {=IFERROR(INDEX('Mapping pannes'!$D$2:$D$16,MATCH(M29,'Mapping pannes'!$A$2:$A$16,0)),0)+IFERROR(INDEX('Mapping pannes'!$D$2:$D$16,MATCH(N29,'Mapping pannes'!$A$2:$A$16,0)),0)+IFERROR(INDEX('Mapping pannes'!$D$2:$D$16,MATCH(O29,'Mapping pannes'!$A$2:$A$16,0)),0)} -> 20 | R29: =IF(NOT(ISNUMBER(L29)),"Non calculable",IF(P29,L29,MIN(L29,Q29))) -> 20 | S29: =IF(NOT(ISNUMBER(L29)),"Non calculable",MAX(0,L29-R29)) -> 97.148158 | T29: =IFERROR(VLOOKUP(E29,'Mapping pannes'!$G$2:$H$6,2,FALSE()),"") -> 0.2 | U29: =IF(OR(NOT(ISNUMBER(L29)),T29=""),"Non calculable",L29*T29) -> 23.429632 | V29: =IF(OR(NOT(ISNUMBER(L29)),T29=""),"Non calculable",MAX(0,L29-R29-U29)) -> 73.718526 | W29: {=TRIM(IF(NOT(ISNUMBER(L29)),"Modele non cote. ","")&IF(T29="","Grade non reconnu pour decote esthetique. ","")&IFERROR(INDEX('Mapping pannes'!$E$2:$E$16,MATCH(M29,'Mapping pannes'!$A$2:$A$16,0))&" ","")&IFERROR(INDEX('Mapping pannes'!$E$2:$E$16,MATCH(N29,'Mapping pannes'!$A$2:$A$16,0))&" ","")&IFERROR(INDEX('Mapping pannes'!$E$2:$E$16,MATCH(O29,'Mapping pannes'!$A$2:$A$16,0))&" ",""))}
A30: 2603286 | B30: CND05002RC | C30: HP | D30: ELITEBOOK_X360_1030_G7_NOTEBOOK_PC-13.2-I7_10810U_1.10GHZ_16GB | E30: C+ | F30: CORE I7-10810U 1.10 GHZ | G30: 16GB | H30: NVME SSD 256GB | I30: I7-10810U | J30: 16 Go | K30: 256GB | L30: =IF(SUMPRODUCT(('cotation préalable'!$C$5:$C$15=I30)*('cotation préalable'!$D$5:$D$15=J30)*('cotation préalable'!$E$5:$E$15=K30))=0,"Non cote",SUMPRODUCT(('cotation préalable'!$C$5:$C$15=I30)*('cotation préalable'!$D$5:$D$15=J30)*('cotation préalable'!$E$5:$E$15=K30)*'cotation préalable'!$H$5:$H$15)/SUMPRODUCT(('cotation préalable'!$C$5:$C$15=I30)*('cotation préalable'!$D$5:$D$15=J30)*('cotation préalable'!$E$5:$E$15=K30))) -> 117.14816 | M30: HAUT_PARLEUR_HS | P30: {=OR(IFERROR(INDEX('Mapping pannes'!$C$2:$C$16,MATCH(M30,'Mapping pannes'!$A$2:$A$16,0)),FALSE()),IFERROR(INDEX('Mapping pannes'!$C$2:$C$16,MATCH(N30,'Mapping pannes'!$A$2:$A$16,0)),FALSE()),IFERROR(INDEX('Mapping pannes'!$C$2:$C$16,MATCH(O30,'Mapping pannes'!$A$2:$A$16,0)),FALSE()))} -> FALSE | Q30: {=IFERROR(INDEX('Mapping pannes'!$D$2:$D$16,MATCH(M30,'Mapping pannes'!$A$2:$A$16,0)),0)+IFERROR(INDEX('Mapping pannes'!$D$2:$D$16,MATCH(N30,'Mapping pannes'!$A$2:$A$16,0)),0)+IFERROR(INDEX('Mapping pannes'!$D$2:$D$16,MATCH(O30,'Mapping pannes'!$A$2:$A$16,0)),0)} -> 20 | R30: =IF(NOT(ISNUMBER(L30)),"Non calculable",IF(P30,L30,MIN(L30,Q30))) -> 20 | S30: =IF(NOT(ISNUMBER(L30)),"Non calculable",MAX(0,L30-R30)) -> 97.148158 | T30: =IFERROR(VLOOKUP(E30,'Mapping pannes'!$G$2:$H$6,2,FALSE()),"") -> 0.2 | U30: =IF(OR(NOT(ISNUMBER(L30)),T30=""),"Non calculable",L30*T30) -> 23.429632 | V30: =IF(OR(NOT(ISNUMBER(L30)),T30=""),"Non calculable",MAX(0,L30-R30-U30)) -> 73.718526 | W30: {=TRIM(IF(NOT(ISNUMBER(L30)),"Modele non cote. ","")&IF(T30="","Grade non reconnu pour decote esthetique. ","")&IFERROR(INDEX('Mapping pannes'!$E$2:$E$16,MATCH(M30,'Mapping pannes'!$A$2:$A$16,0))&" ","")&IFERROR(INDEX('Mapping pannes'!$E$2:$E$16,MATCH(N30,'Mapping pannes'!$A$2:$A$16,0))&" ","")&IFERROR(INDEX('Mapping pannes'!$E$2:$E$16,MATCH(O30,'Mapping pannes'!$A$2:$A$16,0))&" ",""))}
A31: 2603064 | B31: CND05002R9 | C31: HP | D31: ELITEBOOK_X360_1030_G7_NOTEBOOK_PC-13.2-I7_10810U_1.10GHZ_16GB | E31: B | F31: CORE I7-10810U 1.10 GHZ | G31: 16GB | H31: NVME SSD 256GB | I31: I7-10810U | J31: 16 Go | K31: 256GB | L31: =IF(SUMPRODUCT(('cotation préalable'!$C$5:$C$15=I31)*('cotation préalable'!$D$5:$D$15=J31)*('cotation préalable'!$E$5:$E$15=K31))=0,"Non cote",SUMPRODUCT(('cotation préalable'!$C$5:$C$15=I31)*('cotation préalable'!$D$5:$D$15=J31)*('cotation préalable'!$E$5:$E$15=K31)*'cotation préalable'!$H$5:$H$15)/SUMPRODUCT(('cotation préalable'!$C$5:$C$15=I31)*('cotation préalable'!$D$5:$D$15=J31)*('cotation préalable'!$E$5:$E$15=K31))) -> 117.14816 | M31: HAUT_PARLEUR_HS | N31: PATIN_MANQUANT | P31: {=OR(IFERROR(INDEX('Mapping pannes'!$C$2:$C$16,MATCH(M31,'Mapping pannes'!$A$2:$A$16,0)),FALSE()),IFERROR(INDEX('Mapping pannes'!$C$2:$C$16,MATCH(N31,'Mapping pannes'!$A$2:$A$16,0)),FALSE()),IFERROR(INDEX('Mapping pannes'!$C$2:$C$16,MATCH(O31,'Mapping pannes'!$A$2:$A$16,0)),FALSE()))} -> FALSE | Q31: {=IFERROR(INDEX('Mapping pannes'!$D$2:$D$16,MATCH(M31,'Mapping pannes'!$A$2:$A$16,0)),0)+IFERROR(INDEX('Mapping pannes'!$D$2:$D$16,MATCH(N31,'Mapping pannes'!$A$2:$A$16,0)),0)+IFERROR(INDEX('Mapping pannes'!$D$2:$D$16,MATCH(O31,'Mapping pannes'!$A$2:$A$16,0)),0)} -> 35 | R31: =IF(NOT(ISNUMBER(L31)),"Non calculable",IF(P31,L31,MIN(L31,Q31))) -> 35 | S31: =IF(NOT(ISNUMBER(L31)),"Non calculable",MAX(0,L31-R31)) -> 82.148158 | T31: =IFERROR(VLOOKUP(E31,'Mapping pannes'!$G$2:$H$6,2,FALSE()),"") -> 0 | U31: =IF(OR(NOT(ISNUMBER(L31)),T31=""),"Non calculable",L31*T31) -> 0 | V31: =IF(OR(NOT(ISNUMBER(L31)),T31=""),"Non calculable",MAX(0,L31-R31-U31)) -> 82.148158 | W31: {=TRIM(IF(NOT(ISNUMBER(L31)),"Modele non cote. ","")&IF(T31="","Grade non reconnu pour decote esthetique. ","")&IFERROR(INDEX('Mapping pannes'!$E$2:$E$16,MATCH(M31,'Mapping pannes'!$A$2:$A$16,0))&" ","")&IFERROR(INDEX('Mapping pannes'!$E$2:$E$16,MATCH(N31,'Mapping pannes'!$A$2:$A$16,0))&" ","")&IFERROR(INDEX('Mapping pannes'!$E$2:$E$16,MATCH(O31,'Mapping pannes'!$A$2:$A$16,0))&" ",""))}
A32: 2603267 | B32: CND05002SL | C32: HP | D32: ELITEBOOK_X360_1030_G7_NOTEBOOK_PC-13.2-I7_10810U_1.10GHZ_16GB | E32: B | F32: CORE I7-10810U 1.10 GHZ | G32: 16GB | H32: NVME SSD 256GB | I32: I7-10810U | J32: 16 Go | K32: 256GB | L32: =IF(SUMPRODUCT(('cotation préalable'!$C$5:$C$15=I32)*('cotation préalable'!$D$5:$D$15=J32)*('cotation préalable'!$E$5:$E$15=K32))=0,"Non cote",SUMPRODUCT(('cotation préalable'!$C$5:$C$15=I32)*('cotation préalable'!$D$5:$D$15=J32)*('cotation préalable'!$E$5:$E$15=K32)*'cotation préalable'!$H$5:$H$15)/SUMPRODUCT(('cotation préalable'!$C$5:$C$15=I32)*('cotation préalable'!$D$5:$D$15=J32)*('cotation préalable'!$E$5:$E$15=K32))) -> 117.14816 | M32: HAUT_PARLEUR_HS | N32: PATIN_MANQUANT | P32: {=OR(IFERROR(INDEX('Mapping pannes'!$C$2:$C$16,MATCH(M32,'Mapping pannes'!$A$2:$A$16,0)),FALSE()),IFERROR(INDEX('Mapping pannes'!$C$2:$C$16,MATCH(N32,'Mapping pannes'!$A$2:$A$16,0)),FALSE()),IFERROR(INDEX('Mapping pannes'!$C$2:$C$16,MATCH(O32,'Mapping pannes'!$A$2:$A$16,0)),FALSE()))} -> FALSE | Q32: {=IFERROR(INDEX('Mapping pannes'!$D$2:$D$16,MATCH(M32,'Mapping pannes'!$A$2:$A$16,0)),0)+IFERROR(INDEX('Mapping pannes'!$D$2:$D$16,MATCH(N32,'Mapping pannes'!$A$2:$A$16,0)),0)+IFERROR(INDEX('Mapping pannes'!$D$2:$D$16,MATCH(O32,'Mapping pannes'!$A$2:$A$16,0)),0)} -> 35 | R32: =IF(NOT(ISNUMBER(L32)),"Non calculable",IF(P32,L32,MIN(L32,Q32))) -> 35 | S32: =IF(NOT(ISNUMBER(L32)),"Non calculable",MAX(0,L32-R32)) -> 82.148158 | T32: =IFERROR(VLOOKUP(E32,'Mapping pannes'!$G$2:$H$6,2,FALSE()),"") -> 0 | U32: =IF(OR(NOT(ISNUMBER(L32)),T32=""),"Non calculable",L32*T32) -> 0 | V32: =IF(OR(NOT(ISNUMBER(L32)),T32=""),"Non calculable",MAX(0,L32-R32-U32)) -> 82.148158 | W32: {=TRIM(IF(NOT(ISNUMBER(L32)),"Modele non cote. ","")&IF(T32="","Grade non reconnu pour decote esthetique. ","")&IFERROR(INDEX('Mapping pannes'!$E$2:$E$16,MATCH(M32,'Mapping pannes'!$A$2:$A$16,0))&" ","")&IFERROR(INDEX('Mapping pannes'!$E$2:$E$16,MATCH(N32,'Mapping pannes'!$A$2:$A$16,0))&" ","")&IFERROR(INDEX('Mapping pannes'!$E$2:$E$16,MATCH(O32,'Mapping pannes'!$A$2:$A$16,0))&" ",""))}
A33: 2603219 | B33: CND05002PT | C33: HP | D33: ELITEBOOK_X360_1030_G7_NOTEBOOK_PC-13.2-I7_10810U_1.10GHZ_16GB | E33: C+ | F33: CORE I7-10810U 1.10 GHZ | G33: 16GB | H33: NVME SSD 256GB | I33: I7-10810U | J33: 16 Go | K33: 256GB | L33: =IF(SUMPRODUCT(('cotation préalable'!$C$5:$C$15=I33)*('cotation préalable'!$D$5:$D$15=J33)*('cotation préalable'!$E$5:$E$15=K33))=0,"Non cote",SUMPRODUCT(('cotation préalable'!$C$5:$C$15=I33)*('cotation préalable'!$D$5:$D$15=J33)*('cotation préalable'!$E$5:$E$15=K33)*'cotation préalable'!$H$5:$H$15)/SUMPRODUCT(('cotation préalable'!$C$5:$C$15=I33)*('cotation préalable'!$D$5:$D$15=J33)*('cotation préalable'!$E$5:$E$15=K33))) -> 117.14816 | M33: HAUT_PARLEUR_HS | N33: PATIN_MANQUANT | P33: {=OR(IFERROR(INDEX('Mapping pannes'!$C$2:$C$16,MATCH(M33,'Mapping pannes'!$A$2:$A$16,0)),FALSE()),IFERROR(INDEX('Mapping pannes'!$C$2:$C$16,MATCH(N33,'Mapping pannes'!$A$2:$A$16,0)),FALSE()),IFERROR(INDEX('Mapping pannes'!$C$2:$C$16,MATCH(O33,'Mapping pannes'!$A$2:$A$16,0)),FALSE()))} -> FALSE | Q33: {=IFERROR(INDEX('Mapping pannes'!$D$2:$D$16,MATCH(M33,'Mapping pannes'!$A$2:$A$16,0)),0)+IFERROR(INDEX('Mapping pannes'!$D$2:$D$16,MATCH(N33,'Mapping pannes'!$A$2:$A$16,0)),0)+IFERROR(INDEX('Mapping pannes'!$D$2:$D$16,MATCH(O33,'Mapping pannes'!$A$2:$A$16,0)),0)} -> 35 | R33: =IF(NOT(ISNUMBER(L33)),"Non calculable",IF(P33,L33,MIN(L33,Q33))) -> 35 | S33: =IF(NOT(ISNUMBER(L33)),"Non calculable",MAX(0,L33-R33)) -> 82.148158 | T33: =IFERROR(VLOOKUP(E33,'Mapping pannes'!$G$2:$H$6,2,FALSE()),"") -> 0.2 | U33: =IF(OR(NOT(ISNUMBER(L33)),T33=""),"Non calculable",L33*T33) -> 23.429632 | V33: =IF(OR(NOT(ISNUMBER(L33)),T33=""),"Non calculable",MAX(0,L33-R33-U33)) -> 58.718526 | W33: {=TRIM(IF(NOT(ISNUMBER(L33)),"Modele non cote. ","")&IF(T33="","Grade non reconnu pour decote esthetique. ","")&IFERROR(INDEX('Mapping pannes'!$E$2:$E$16,MATCH(M33,'Mapping pannes'!$A$2:$A$16,0))&" ","")&IFERROR(INDEX('Mapping pannes'!$E$2:$E$16,MATCH(N33,'Mapping pannes'!$A$2:$A$16,0))&" ","")&IFERROR(INDEX('Mapping pannes'!$E$2:$E$16,MATCH(O33,'Mapping pannes'!$A$2:$A$16,0))&" ",""))}
A34: 2603250 | B34: CND0514VH2 | C34: HP | D34: ELITEBOOK_X360_1030_G7_NOTEBOOK_PC-13.2-I7_10810U_1.10GHZ_16GB | E34: B | F34: CORE I7-10810U 1.10 GHZ | G34: 16GB | H34: NVME SSD 256GB | I34: I7-10810U | J34: 16 Go | K34: 256GB | L34: =IF(SUMPRODUCT(('cotation préalable'!$C$5:$C$15=I34)*('cotation préalable'!$D$5:$D$15=J34)*('cotation préalable'!$E$5:$E$15=K34))=0,"Non cote",SUMPRODUCT(('cotation préalable'!$C$5:$C$15=I34)*('cotation préalable'!$D$5:$D$15=J34)*('cotation préalable'!$E$5:$E$15=K34)*'cotation préalable'!$H$5:$H$15)/SUMPRODUCT(('cotation préalable'!$C$5:$C$15=I34)*('cotation préalable'!$D$5:$D$15=J34)*('cotation préalable'!$E$5:$E$15=K34))) -> 117.14816 | M34: HAUT_PARLEUR_HS | N34: PATIN_MANQUANT | O34: WEBCAM_HS | P34: {=OR(IFERROR(INDEX('Mapping pannes'!$C$2:$C$16,MATCH(M34,'Mapping pannes'!$A$2:$A$16,0)),FALSE()),IFERROR(INDEX('Mapping pannes'!$C$2:$C$16,MATCH(N34,'Mapping pannes'!$A$2:$A$16,0)),FALSE()),IFERROR(INDEX('Mapping pannes'!$C$2:$C$16,MATCH(O34,'Mapping pannes'!$A$2:$A$16,0)),FALSE()))} -> FALSE | Q34: {=IFERROR(INDEX('Mapping pannes'!$D$2:$D$16,MATCH(M34,'Mapping pannes'!$A$2:$A$16,0)),0)+IFERROR(INDEX('Mapping pannes'!$D$2:$D$16,MATCH(N34,'Mapping pannes'!$A$2:$A$16,0)),0)+IFERROR(INDEX('Mapping pannes'!$D$2:$D$16,MATCH(O34,'Mapping pannes'!$A$2:$A$16,0)),0)} -> 85 | R34: =IF(NOT(ISNUMBER(L34)),"Non calculable",IF(P34,L34,MIN(L34,Q34))) -> 85 | S34: =IF(NOT(ISNUMBER(L34)),"Non calculable",MAX(0,L34-R34)) -> 32.148158 | T34: =IFERROR(VLOOKUP(E34,'Mapping pannes'!$G$2:$H$6,2,FALSE()),"") -> 0 | U34: =IF(OR(NOT(ISNUMBER(L34)),T34=""),"Non calculable",L34*T34) -> 0 | V34: =IF(OR(NOT(ISNUMBER(L34)),T34=""),"Non calculable",MAX(0,L34-R34-U34)) -> 32.148158 | W34: {=TRIM(IF(NOT(ISNUMBER(L34)),"Modele non cote. ","")&IF(T34="","Grade non reconnu pour decote esthetique. ","")&IFERROR(INDEX('Mapping pannes'!$E$2:$E$16,MATCH(M34,'Mapping pannes'!$A$2:$A$16,0))&" ","")&IFERROR(INDEX('Mapping pannes'!$E$2:$E$16,MATCH(N34,'Mapping pannes'!$A$2:$A$16,0))&" ","")&IFERROR(INDEX('Mapping pannes'!$E$2:$E$16,MATCH(O34,'Mapping pannes'!$A$2:$A$16,0))&" ",""))}
A35: 2602780 | B35: CND05002TB | C35: HP | D35: ELITEBOOK_X360_1030_G7_NOTEBOOK_PC-13.2-I7_10810U_1.10GHZ_16GB | E35: B | F35: CORE I7-10810U 1.10 GHZ | G35: 16GB | H35: NVME SSD 256GB | I35: I7-10810U | J35: 16 Go | K35: 256GB | L35: =IF(SUMPRODUCT(('cotation préalable'!$C$5:$C$15=I35)*('cotation préalable'!$D$5:$D$15=J35)*('cotation préalable'!$E$5:$E$15=K35))=0,"Non cote",SUMPRODUCT(('cotation préalable'!$C$5:$C$15=I35)*('cotation préalable'!$D$5:$D$15=J35)*('cotation préalable'!$E$5:$E$15=K35)*'cotation préalable'!$H$5:$H$15)/SUMPRODUCT(('cotation préalable'!$C$5:$C$15=I35)*('cotation préalable'!$D$5:$D$15=J35)*('cotation préalable'!$E$5:$E$15=K35))) -> 117.14816 | M35: HAUT_PARLEUR_HS | N35: TOUCHPAD_HS | P35: {=OR(IFERROR(INDEX('Mapping pannes'!$C$2:$C$16,MATCH(M35,'Mapping pannes'!$A$2:$A$16,0)),FALSE()),IFERROR(INDEX('Mapping pannes'!$C$2:$C$16,MATCH(N35,'Mapping pannes'!$A$2:$A$16,0)),FALSE()),IFERROR(INDEX('Mapping pannes'!$C$2:$C$16,MATCH(O35,'Mapping pannes'!$A$2:$A$16,0)),FALSE()))} -> FALSE | Q35: {=IFERROR(INDEX('Mapping pannes'!$D$2:$D$16,MATCH(M35,'Mapping pannes'!$A$2:$A$16,0)),0)+IFERROR(INDEX('Mapping pannes'!$D$2:$D$16,MATCH(N35,'Mapping pannes'!$A$2:$A$16,0)),0)+IFERROR(INDEX('Mapping pannes'!$D$2:$D$16,MATCH(O35,'Mapping pannes'!$A$2:$A$16,0)),0)} -> 50 | R35: =IF(NOT(ISNUMBER(L35)),"Non calculable",IF(P35,L35,MIN(L35,Q35))) -> 50 | S35: =IF(NOT(ISNUMBER(L35)),"Non calculable",MAX(0,L35-R35)) -> 67.148158 | T35: =IFERROR(VLOOKUP(E35,'Mapping pannes'!$G$2:$H$6,2,FALSE()),"") -> 0 | U35: =IF(OR(NOT(ISNUMBER(L35)),T35=""),"Non calculable",L35*T35) -> 0 | V35: =IF(OR(NOT(ISNUMBER(L35)),T35=""),"Non calculable",MAX(0,L35-R35-U35)) -> 67.148158 | W35: {=TRIM(IF(NOT(ISNUMBER(L35)),"Modele non cote. ","")&IF(T35="","Grade non reconnu pour decote esthetique. ","")&IFERROR(INDEX('Mapping pannes'!$E$2:$E$16,MATCH(M35,'Mapping pannes'!$A$2:$A$16,0))&" ","")&IFERROR(INDEX('Mapping pannes'!$E$2:$E$16,MATCH(N35,'Mapping pannes'!$A$2:$A$16,0))&" ","")&IFERROR(INDEX('Mapping pannes'!$E$2:$E$16,MATCH(O35,'Mapping pannes'!$A$2:$A$16,0))&" ",""))}
A36: 2602719 | B36: CND05002WB | C36: HP | D36: ELITEBOOK_X360_1030_G7_NOTEBOOK_PC-13.2-I7_10810U_1.10GHZ_16GB | E36: B | F36: CORE I7-10810U 1.10 GHZ | G36: 16GB | H36: NVME SSD 256GB | I36: I7-10810U | J36: 16 Go | K36: 256GB | L36: =IF(SUMPRODUCT(('cotation préalable'!$C$5:$C$15=I36)*('cotation préalable'!$D$5:$D$15=J36)*('cotation préalable'!$E$5:$E$15=K36))=0,"Non cote",SUMPRODUCT(('cotation préalable'!$C$5:$C$15=I36)*('cotation préalable'!$D$5:$D$15=J36)*('cotation préalable'!$E$5:$E$15=K36)*'cotation préalable'!$H$5:$H$15)/SUMPRODUCT(('cotation préalable'!$C$5:$C$15=I36)*('cotation préalable'!$D$5:$D$15=J36)*('cotation préalable'!$E$5:$E$15=K36))) -> 117.14816 | M36: HAUT_PARLEUR_HS | N36: WEBCAM_HS | P36: {=OR(IFERROR(INDEX('Mapping pannes'!$C$2:$C$16,MATCH(M36,'Mapping pannes'!$A$2:$A$16,0)),FALSE()),IFERROR(INDEX('Mapping pannes'!$C$2:$C$16,MATCH(N36,'Mapping pannes'!$A$2:$A$16,0)),FALSE()),IFERROR(INDEX('Mapping pannes'!$C$2:$C$16,MATCH(O36,'Mapping pannes'!$A$2:$A$16,0)),FALSE()))} -> FALSE | Q36: {=IFERROR(INDEX('Mapping pannes'!$D$2:$D$16,MATCH(M36,'Mapping pannes'!$A$2:$A$16,0)),0)+IFERROR(INDEX('Mapping pannes'!$D$2:$D$16,MATCH(N36,'Mapping pannes'!$A$2:$A$16,0)),0)+IFERROR(INDEX('Mapping pannes'!$D$2:$D$16,MATCH(O36,'Mapping pannes'!$A$2:$A$16,0)),0)} -> 70 | R36: =IF(NOT(ISNUMBER(L36)),"Non calculable",IF(P36,L36,MIN(L36,Q36))) -> 70 | S36: =IF(NOT(ISNUMBER(L36)),"Non calculable",MAX(0,L36-R36)) -> 47.148158 | T36: =IFERROR(VLOOKUP(E36,'Mapping pannes'!$G$2:$H$6,2,FALSE()),"") -> 0 | U36: =IF(OR(NOT(ISNUMBER(L36)),T36=""),"Non calculable",L36*T36) -> 0 | V36: =IF(OR(NOT(ISNUMBER(L36)),T36=""),"Non calculable",MAX(0,L36-R36-U36)) -> 47.148158 | W36: {=TRIM(IF(NOT(ISNUMBER(L36)),"Modele non cote. ","")&IF(T36="","Grade non reconnu pour decote esthetique. ","")&IFERROR(INDEX('Mapping pannes'!$E$2:$E$16,MATCH(M36,'Mapping pannes'!$A$2:$A$16,0))&" ","")&IFERROR(INDEX('Mapping pannes'!$E$2:$E$16,MATCH(N36,'Mapping pannes'!$A$2:$A$16,0))&" ","")&IFERROR(INDEX('Mapping pannes'!$E$2:$E$16,MATCH(O36,'Mapping pannes'!$A$2:$A$16,0))&" ",""))}
A37: 2602722 | B37: CND05002VR | C37: HP | D37: ELITEBOOK_X360_1030_G7_NOTEBOOK_PC-13.2-I7_10810U_1.10GHZ_16GB | E37: C+ | F37: CORE I7-10810U 1.10 GHZ | G37: 16GB | H37: NVME SSD 256GB | I37: I7-10810U | J37: 16 Go | K37: 256GB | L37: =IF(SUMPRODUCT(('cotation préalable'!$C$5:$C$15=I37)*('cotation préalable'!$D$5:$D$15=J37)*('cotation préalable'!$E$5:$E$15=K37))=0,"Non cote",SUMPRODUCT(('cotation préalable'!$C$5:$C$15=I37)*('cotation préalable'!$D$5:$D$15=J37)*('cotation préalable'!$E$5:$E$15=K37)*'cotation préalable'!$H$5:$H$15)/SUMPRODUCT(('cotation préalable'!$C$5:$C$15=I37)*('cotation préalable'!$D$5:$D$15=J37)*('cotation préalable'!$E$5:$E$15=K37))) -> 117.14816 | P37: {=OR(IFERROR(INDEX('Mapping pannes'!$C$2:$C$16,MATCH(M37,'Mapping pannes'!$A$2:$A$16,0)),FALSE()),IFERROR(INDEX('Mapping pannes'!$C$2:$C$16,MATCH(N37,'Mapping pannes'!$A$2:$A$16,0)),FALSE()),IFERROR(INDEX('Mapping pannes'!$C$2:$C$16,MATCH(O37,'Mapping pannes'!$A$2:$A$16,0)),FALSE()))} -> FALSE | Q37: {=IFERROR(INDEX('Mapping pannes'!$D$2:$D$16,MATCH(M37,'Mapping pannes'!$A$2:$A$16,0)),0)+IFERROR(INDEX('Mapping pannes'!$D$2:$D$16,MATCH(N37,'Mapping pannes'!$A$2:$A$16,0)),0)+IFERROR(INDEX('Mapping pannes'!$D$2:$D$16,MATCH(O37,'Mapping pannes'!$A$2:$A$16,0)),0)} -> 0 | R37: =IF(NOT(ISNUMBER(L37)),"Non calculable",IF(P37,L37,MIN(L37,Q37))) -> 0 | S37: =IF(NOT(ISNUMBER(L37)),"Non calculable",MAX(0,L37-R37)) -> 117.14816 | T37: =IFERROR(VLOOKUP(E37,'Mapping pannes'!$G$2:$H$6,2,FALSE()),"") -> 0.2 | U37: =IF(OR(NOT(ISNUMBER(L37)),T37=""),"Non calculable",L37*T37) -> 23.429632 | V37: =IF(OR(NOT(ISNUMBER(L37)),T37=""),"Non calculable",MAX(0,L37-R37-U37)) -> 93.718526 | W37: {=TRIM(IF(NOT(ISNUMBER(L37)),"Modele non cote. ","")&IF(T37="","Grade non reconnu pour decote esthetique. ","")&IFERROR(INDEX('Mapping pannes'!$E$2:$E$16,MATCH(M37,'Mapping pannes'!$A$2:$A$16,0))&" ","")&IFERROR(INDEX('Mapping pannes'!$E$2:$E$16,MATCH(N37,'Mapping pannes'!$A$2:$A$16,0))&" ","")&IFERROR(INDEX('Mapping pannes'!$E$2:$E$16,MATCH(O37,'Mapping pannes'!$A$2:$A$16,0))&" ",""))}
A38: 2603296 | B38: CND05002RN | C38: HP | D38: ELITEBOOK_X360_1030_G7-13.2-I7_10810U_1.10GHZ_16GB | E38: B | F38: CORE I7-10810U 1.10 GHZ | G38: 16GB | H38: NVME SSD 256GB | I38: I7-10810U | J38: 16 Go | K38: 256GB | L38: =IF(SUMPRODUCT(('cotation préalable'!$C$5:$C$15=I38)*('cotation préalable'!$D$5:$D$15=J38)*('cotation préalable'!$E$5:$E$15=K38))=0,"Non cote",SUMPRODUCT(('cotation préalable'!$C$5:$C$15=I38)*('cotation préalable'!$D$5:$D$15=J38)*('cotation préalable'!$E$5:$E$15=K38)*'cotation préalable'!$H$5:$H$15)/SUMPRODUCT(('cotation préalable'!$C$5:$C$15=I38)*('cotation préalable'!$D$5:$D$15=J38)*('cotation préalable'!$E$5:$E$15=K38))) -> 117.14816 | M38: HAUT_PARLEUR_HS | P38: {=OR(IFERROR(INDEX('Mapping pannes'!$C$2:$C$16,MATCH(M38,'Mapping pannes'!$A$2:$A$16,0)),FALSE()),IFERROR(INDEX('Mapping pannes'!$C$2:$C$16,MATCH(N38,'Mapping pannes'!$A$2:$A$16,0)),FALSE()),IFERROR(INDEX('Mapping pannes'!$C$2:$C$16,MATCH(O38,'Mapping pannes'!$A$2:$A$16,0)),FALSE()))} -> FALSE | Q38: {=IFERROR(INDEX('Mapping pannes'!$D$2:$D$16,MATCH(M38,'Mapping pannes'!$A$2:$A$16,0)),0)+IFERROR(INDEX('Mapping pannes'!$D$2:$D$16,MATCH(N38,'Mapping pannes'!$A$2:$A$16,0)),0)+IFERROR(INDEX('Mapping pannes'!$D$2:$D$16,MATCH(O38,'Mapping pannes'!$A$2:$A$16,0)),0)} -> 20 | R38: =IF(NOT(ISNUMBER(L38)),"Non calculable",IF(P38,L38,MIN(L38,Q38))) -> 20 | S38: =IF(NOT(ISNUMBER(L38)),"Non calculable",MAX(0,L38-R38)) -> 97.148158 | T38: =IFERROR(VLOOKUP(E38,'Mapping pannes'!$G$2:$H$6,2,FALSE()),"") -> 0 | U38: =IF(OR(NOT(ISNUMBER(L38)),T38=""),"Non calculable",L38*T38) -> 0 | V38: =IF(OR(NOT(ISNUMBER(L38)),T38=""),"Non calculable",MAX(0,L38-R38-U38)) -> 97.148158 | W38: {=TRIM(IF(NOT(ISNUMBER(L38)),"Modele non cote. ","")&IF(T38="","Grade non reconnu pour decote esthetique. ","")&IFERROR(INDEX('Mapping pannes'!$E$2:$E$16,MATCH(M38,'Mapping pannes'!$A$2:$A$16,0))&" ","")&IFERROR(INDEX('Mapping pannes'!$E$2:$E$16,MATCH(N38,'Mapping pannes'!$A$2:$A$16,0))&" ","")&IFERROR(INDEX('Mapping pannes'!$E$2:$E$16,MATCH(O38,'Mapping pannes'!$A$2:$A$16,0))&" ",""))}
A39: 2602756 | B39: CND2241VRB | C39: HP | D39: ELITEBOOK_X360_1030_G8 | E39: B | G39: NON_DEFINI | L39: 35 | M39: NE_S_ALLUME_PAS | P39: {=OR(IFERROR(INDEX('Mapping pannes'!$C$2:$C$16,MATCH(M39,'Mapping pannes'!$A$2:$A$16,0)),FALSE()),IFERROR(INDEX('Mapping pannes'!$C$2:$C$16,MATCH(N39,'Mapping pannes'!$A$2:$A$16,0)),FALSE()),IFERROR(INDEX('Mapping pannes'!$C$2:$C$16,MATCH(O39,'Mapping pannes'!$A$2:$A$16,0)),FALSE()))} -> TRUE | Q39: {=IFERROR(INDEX('Mapping pannes'!$D$2:$D$16,MATCH(M39,'Mapping pannes'!$A$2:$A$16,0)),0)+IFERROR(INDEX('Mapping pannes'!$D$2:$D$16,MATCH(N39,'Mapping pannes'!$A$2:$A$16,0)),0)+IFERROR(INDEX('Mapping pannes'!$D$2:$D$16,MATCH(O39,'Mapping pannes'!$A$2:$A$16,0)),0)} -> 0 | R39: =IF(NOT(ISNUMBER(L39)),"Non calculable",IF(P39,L39,MIN(L39,Q39))) -> 35 | S39: =IF(NOT(ISNUMBER(L39)),"Non calculable",MAX(0,L39-R39)) -> 0 | T39: =IFERROR(VLOOKUP(E39,'Mapping pannes'!$G$2:$H$6,2,FALSE()),"") -> 0 | U39: =IF(OR(NOT(ISNUMBER(L39)),T39=""),"Non calculable",L39*T39) -> 0 | V39: 35 | W39: {=TRIM(IF(NOT(ISNUMBER(L39)),"Modele non cote. ","")&IF(T39="","Grade non reconnu pour decote esthetique. ","")&IFERROR(INDEX('Mapping pannes'!$E$2:$E$16,MATCH(M39,'Mapping pannes'!$A$2:$A$16,0))&" ","")&IFERROR(INDEX('Mapping pannes'!$E$2:$E$16,MATCH(N39,'Mapping pannes'!$A$2:$A$16,0))&" ","")&IFERROR(INDEX('Mapping pannes'!$E$2:$E$16,MATCH(O39,'Mapping pannes'!$A$2:$A$16,0))&" ",""))}
A40: 2603288 | B40: CND2241W4S | C40: HP | D40: ELITEBOOK_X360_1030_G8 | E40: B | G40: NON_DEFINI | L40: 35 | M40: NE_S_ALLUME_PAS | N40: PATIN_MANQUANT | P40: {=OR(IFERROR(INDEX('Mapping pannes'!$C$2:$C$16,MATCH(M40,'Mapping pannes'!$A$2:$A$16,0)),FALSE()),IFERROR(INDEX('Mapping pannes'!$C$2:$C$16,MATCH(N40,'Mapping pannes'!$A$2:$A$16,0)),FALSE()),IFERROR(INDEX('Mapping pannes'!$C$2:$C$16,MATCH(O40,'Mapping pannes'!$A$2:$A$16,0)),FALSE()))} -> TRUE | Q40: {=IFERROR(INDEX('Mapping pannes'!$D$2:$D$16,MATCH(M40,'Mapping pannes'!$A$2:$A$16,0)),0)+IFERROR(INDEX('Mapping pannes'!$D$2:$D$16,MATCH(N40,'Mapping pannes'!$A$2:$A$16,0)),0)+IFERROR(INDEX('Mapping pannes'!$D$2:$D$16,MATCH(O40,'Mapping pannes'!$A$2:$A$16,0)),0)} -> 15 | R40: =IF(NOT(ISNUMBER(L40)),"Non calculable",IF(P40,L40,MIN(L40,Q40))) -> 35 | S40: =IF(NOT(ISNUMBER(L40)),"Non calculable",MAX(0,L40-R40)) -> 0 | T40: =IFERROR(VLOOKUP(E40,'Mapping pannes'!$G$2:$H$6,2,FALSE()),"") -> 0 | U40: =IF(OR(NOT(ISNUMBER(L40)),T40=""),"Non calculable",L40*T40) -> 0 | V40: 35 | W40: {=TRIM(IF(NOT(ISNUMBER(L40)),"Modele non cote. ","")&IF(T40="","Grade non reconnu pour decote esthetique. ","")&IFERROR(INDEX('Mapping pannes'!$E$2:$E$16,MATCH(M40,'Mapping pannes'!$A$2:$A$16,0))&" ","")&IFERROR(INDEX('Mapping pannes'!$E$2:$E$16,MATCH(N40,'Mapping pannes'!$A$2:$A$16,0))&" ","")&IFERROR(INDEX('Mapping pannes'!$E$2:$E$16,MATCH(O40,'Mapping pannes'!$A$2:$A$16,0))&" ",""))}
A41: 2603059 | B41: CND2241W47 | C41: HP | D41: ELITEBOOK_X360_1030_G8_NOTEBOOK_PC-13.2-I7_1185G7_3.00GHZ_16GB | E41: B | F41: CORE I7-1185G7 3.00 GHZ | G41: 16GB | H41: NVME SSD 512GB | I41: I7-1185G7 | J41: 16 Go | K41: 512GB | L41: =IF(SUMPRODUCT(('cotation préalable'!$C$5:$C$15=I41)*('cotation préalable'!$D$5:$D$15=J41)*('cotation préalable'!$E$5:$E$15=K41))=0,"Non cote",SUMPRODUCT(('cotation préalable'!$C$5:$C$15=I41)*('cotation préalable'!$D$5:$D$15=J41)*('cotation préalable'!$E$5:$E$15=K41)*'cotation préalable'!$H$5:$H$15)/SUMPRODUCT(('cotation préalable'!$C$5:$C$15=I41)*('cotation préalable'!$D$5:$D$15=J41)*('cotation préalable'!$E$5:$E$15=K41))) -> 158.49457 | M41: PATIN_MANQUANT | N41: TOUCHPAD_HS | P41: {=OR(IFERROR(INDEX('Mapping pannes'!$C$2:$C$16,MATCH(M41,'Mapping pannes'!$A$2:$A$16,0)),FALSE()),IFERROR(INDEX('Mapping pannes'!$C$2:$C$16,MATCH(N41,'Mapping pannes'!$A$2:$A$16,0)),FALSE()),IFERROR(INDEX('Mapping pannes'!$C$2:$C$16,MATCH(O41,'Mapping pannes'!$A$2:$A$16,0)),FALSE()))} -> FALSE | Q41: {=IFERROR(INDEX('Mapping pannes'!$D$2:$D$16,MATCH(M41,'Mapping pannes'!$A$2:$A$16,0)),0)+IFERROR(INDEX('Mapping pannes'!$D$2:$D$16,MATCH(N41,'Mapping pannes'!$A$2:$A$16,0)),0)+IFERROR(INDEX('Mapping pannes'!$D$2:$D$16,MATCH(O41,'Mapping pannes'!$A$2:$A$16,0)),0)} -> 45 | R41: =IF(NOT(ISNUMBER(L41)),"Non calculable",IF(P41,L41,MIN(L41,Q41))) -> 45 | S41: =IF(NOT(ISNUMBER(L41)),"Non calculable",MAX(0,L41-R41)) -> 113.49457 | T41: =IFERROR(VLOOKUP(E41,'Mapping pannes'!$G$2:$H$6,2,FALSE()),"") -> 0 | U41: =IF(OR(NOT(ISNUMBER(L41)),T41=""),"Non calculable",L41*T41) -> 0 | V41: =IF(OR(NOT(ISNUMBER(L41)),T41=""),"Non calculable",MAX(0,L41-R41-U41)) -> 113.49457 | W41: {=TRIM(IF(NOT(ISNUMBER(L41)),"Modele non cote. ","")&IF(T41="","Grade non reconnu pour decote esthetique. ","")&IFERROR(INDEX('Mapping pannes'!$E$2:$E$16,MATCH(M41,'Mapping pannes'!$A$2:$A$16,0))&" ","")&IFERROR(INDEX('Mapping pannes'!$E$2:$E$16,MATCH(N41,'Mapping pannes'!$A$2:$A$16,0))&" ","")&IFERROR(INDEX('Mapping pannes'!$E$2:$E$16,MATCH(O41,'Mapping pannes'!$A$2:$A$16,0))&" ",""))}
A42: 2602782 | B42: CND2241W71 | C42: HP | D42: ELITEBOOK_X360_1030_G8_NOTEBOOK_PC-13.2-I7_1185G7_3.00GHZ_16GB | E42: C+ | F42: CORE I7-1185G7 3.00 GHZ | G42: 16GB | H42: NVME SSD 512GB | I42: I7-1185G7 | J42: 16 Go | K42: 512GB | L42: =IF(SUMPRODUCT(('cotation préalable'!$C$5:$C$15=I42)*('cotation préalable'!$D$5:$D$15=J42)*('cotation préalable'!$E$5:$E$15=K42))=0,"Non cote",SUMPRODUCT(('cotation préalable'!$C$5:$C$15=I42)*('cotation préalable'!$D$5:$D$15=J42)*('cotation préalable'!$E$5:$E$15=K42)*'cotation préalable'!$H$5:$H$15)/SUMPRODUCT(('cotation préalable'!$C$5:$C$15=I42)*('cotation préalable'!$D$5:$D$15=J42)*('cotation préalable'!$E$5:$E$15=K42))) -> 158.49457 | M42: BATTERIE_AUTONOMIE | P42: {=OR(IFERROR(INDEX('Mapping pannes'!$C$2:$C$16,MATCH(M42,'Mapping pannes'!$A$2:$A$16,0)),FALSE()),IFERROR(INDEX('Mapping pannes'!$C$2:$C$16,MATCH(N42,'Mapping pannes'!$A$2:$A$16,0)),FALSE()),IFERROR(INDEX('Mapping pannes'!$C$2:$C$16,MATCH(O42,'Mapping pannes'!$A$2:$A$16,0)),FALSE()))} -> FALSE | Q42: {=IFERROR(INDEX('Mapping pannes'!$D$2:$D$16,MATCH(M42,'Mapping pannes'!$A$2:$A$16,0)),0)+IFERROR(INDEX('Mapping pannes'!$D$2:$D$16,MATCH(N42,'Mapping pannes'!$A$2:$A$16,0)),0)+IFERROR(INDEX('Mapping pannes'!$D$2:$D$16,MATCH(O42,'Mapping pannes'!$A$2:$A$16,0)),0)} -> 40 | R42: =IF(NOT(ISNUMBER(L42)),"Non calculable",IF(P42,L42,MIN(L42,Q42))) -> 40 | S42: =IF(NOT(ISNUMBER(L42)),"Non calculable",MAX(0,L42-R42)) -> 118.49457 | T42: =IFERROR(VLOOKUP(E42,'Mapping pannes'!$G$2:$H$6,2,FALSE()),"") -> 0.2 | U42: =IF(OR(NOT(ISNUMBER(L42)),T42=""),"Non calculable",L42*T42) -> 31.698913 | V42: =IF(OR(NOT(ISNUMBER(L42)),T42=""),"Non calculable",MAX(0,L42-R42-U42)) -> 86.795653 | W42: {=TRIM(IF(NOT(ISNUMBER(L42)),"Modele non cote. ","")&IF(T42="","Grade non reconnu pour decote esthetique. ","")&IFERROR(INDEX('Mapping pannes'!$E$2:$E$16,MATCH(M42,'Mapping pannes'!$A$2:$A$16,0))&" ","")&IFERROR(INDEX('Mapping pannes'!$E$2:$E$16,MATCH(N42,'Mapping pannes'!$A$2:$A$16,0))&" ","")&IFERROR(INDEX('Mapping pannes'!$E$2:$E$16,MATCH(O42,'Mapping pannes'!$A$2:$A$16,0))&" ",""))}
A43: 2603062 | B43: CND2241VZL | C43: HP | D43: ELITEBOOK_X360_1030_G8_NOTEBOOK_PC-13.2-I7_1185G7_3.00GHZ_16GB | E43: B | F43: CORE I7-1185G7 3.00 GHZ | G43: 16GB | H43: NVME SSD 512GB | I43: I7-1185G7 | J43: 16 Go | K43: 512GB | L43: =IF(SUMPRODUCT(('cotation préalable'!$C$5:$C$15=I43)*('cotation préalable'!$D$5:$D$15=J43)*('cotation préalable'!$E$5:$E$15=K43))=0,"Non cote",SUMPRODUCT(('cotation préalable'!$C$5:$C$15=I43)*('cotation préalable'!$D$5:$D$15=J43)*('cotation préalable'!$E$5:$E$15=K43)*'cotation préalable'!$H$5:$H$15)/SUMPRODUCT(('cotation préalable'!$C$5:$C$15=I43)*('cotation préalable'!$D$5:$D$15=J43)*('cotation préalable'!$E$5:$E$15=K43))) -> 158.49457 | M43: BATTERIE_AUTONOMIE | N43: PATIN_MANQUANT | P43: {=OR(IFERROR(INDEX('Mapping pannes'!$C$2:$C$16,MATCH(M43,'Mapping pannes'!$A$2:$A$16,0)),FALSE()),IFERROR(INDEX('Mapping pannes'!$C$2:$C$16,MATCH(N43,'Mapping pannes'!$A$2:$A$16,0)),FALSE()),IFERROR(INDEX('Mapping pannes'!$C$2:$C$16,MATCH(O43,'Mapping pannes'!$A$2:$A$16,0)),FALSE()))} -> FALSE | Q43: {=IFERROR(INDEX('Mapping pannes'!$D$2:$D$16,MATCH(M43,'Mapping pannes'!$A$2:$A$16,0)),0)+IFERROR(INDEX('Mapping pannes'!$D$2:$D$16,MATCH(N43,'Mapping pannes'!$A$2:$A$16,0)),0)+IFERROR(INDEX('Mapping pannes'!$D$2:$D$16,MATCH(O43,'Mapping pannes'!$A$2:$A$16,0)),0)} -> 55 | R43: =IF(NOT(ISNUMBER(L43)),"Non calculable",IF(P43,L43,MIN(L43,Q43))) -> 55 | S43: =IF(NOT(ISNUMBER(L43)),"Non calculable",MAX(0,L43-R43)) -> 103.49457 | T43: =IFERROR(VLOOKUP(E43,'Mapping pannes'!$G$2:$H$6,2,FALSE()),"") -> 0 | U43: =IF(OR(NOT(ISNUMBER(L43)),T43=""),"Non calculable",L43*T43) -> 0 | V43: =IF(OR(NOT(ISNUMBER(L43)),T43=""),"Non calculable",MAX(0,L43-R43-U43)) -> 103.49457 | W43: {=TRIM(IF(NOT(ISNUMBER(L43)),"Modele non cote. ","")&IF(T43="","Grade non reconnu pour decote esthetique. ","")&IFERROR(INDEX('Mapping pannes'!$E$2:$E$16,MATCH(M43,'Mapping pannes'!$A$2:$A$16,0))&" ","")&IFERROR(INDEX('Mapping pannes'!$E$2:$E$16,MATCH(N43,'Mapping pannes'!$A$2:$A$16,0))&" ","")&IFERROR(INDEX('Mapping pannes'!$E$2:$E$16,MATCH(O43,'Mapping pannes'!$A$2:$A$16,0))&" ",""))}
A44: 2603220 | B44: CND2241VVJ | C44: HP | D44: ELITEBOOK_X360_1030_G8_NOTEBOOK_PC-13.2-I7_1185G7_3.00GHZ_16GB | E44: B | F44: CORE I7-1185G7 3.00 GHZ | G44: 16GB | H44: NVME SSD 512GB | I44: I7-1185G7 | J44: 16 Go | K44: 512GB | L44: =IF(SUMPRODUCT(('cotation préalable'!$C$5:$C$15=I44)*('cotation préalable'!$D$5:$D$15=J44)*('cotation préalable'!$E$5:$E$15=K44))=0,"Non cote",SUMPRODUCT(('cotation préalable'!$C$5:$C$15=I44)*('cotation préalable'!$D$5:$D$15=J44)*('cotation préalable'!$E$5:$E$15=K44)*'cotation préalable'!$H$5:$H$15)/SUMPRODUCT(('cotation préalable'!$C$5:$C$15=I44)*('cotation préalable'!$D$5:$D$15=J44)*('cotation préalable'!$E$5:$E$15=K44))) -> 158.49457 | M44: CLAVIER_DEFAUT | N44: TOUCHPAD_HS | P44: {=OR(IFERROR(INDEX('Mapping pannes'!$C$2:$C$16,MATCH(M44,'Mapping pannes'!$A$2:$A$16,0)),FALSE()),IFERROR(INDEX('Mapping pannes'!$C$2:$C$16,MATCH(N44,'Mapping pannes'!$A$2:$A$16,0)),FALSE()),IFERROR(INDEX('Mapping pannes'!$C$2:$C$16,MATCH(O44,'Mapping pannes'!$A$2:$A$16,0)),FALSE()))} -> FALSE | Q44: {=IFERROR(INDEX('Mapping pannes'!$D$2:$D$16,MATCH(M44,'Mapping pannes'!$A$2:$A$16,0)),0)+IFERROR(INDEX('Mapping pannes'!$D$2:$D$16,MATCH(N44,'Mapping pannes'!$A$2:$A$16,0)),0)+IFERROR(INDEX('Mapping pannes'!$D$2:$D$16,MATCH(O44,'Mapping pannes'!$A$2:$A$16,0)),0)} -> 60 | R44: =IF(NOT(ISNUMBER(L44)),"Non calculable",IF(P44,L44,MIN(L44,Q44))) -> 60 | S44: =IF(NOT(ISNUMBER(L44)),"Non calculable",MAX(0,L44-R44)) -> 98.494567 | T44: =IFERROR(VLOOKUP(E44,'Mapping pannes'!$G$2:$H$6,2,FALSE()),"") -> 0 | U44: =IF(OR(NOT(ISNUMBER(L44)),T44=""),"Non calculable",L44*T44) -> 0 | V44: =IF(OR(NOT(ISNUMBER(L44)),T44=""),"Non calculable",MAX(0,L44-R44-U44)) -> 98.494567
A45: 2603273 | B45: CND2241W56 | C45: HP | D45: ELITEBOOK_X360_1030_G8_NOTEBOOK_PC-13.2-I7_1185G7_3.00GHZ_16GB | E45: B | F45: CORE I7-1185G7 3.00 GHZ | G45: 16GB | H45: NVME SSD 512GB | I45: I7-1185G7 | J45: 16 Go | K45: 512GB | L45: =IF(SUMPRODUCT(('cotation préalable'!$C$5:$C$15=I45)*('cotation préalable'!$D$5:$D$15=J45)*('cotation préalable'!$E$5:$E$15=K45))=0,"Non cote",SUMPRODUCT(('cotation préalable'!$C$5:$C$15=I45)*('cotation préalable'!$D$5:$D$15=J45)*('cotation préalable'!$E$5:$E$15=K45)*'cotation préalable'!$H$5:$H$15)/SUMPRODUCT(('cotation préalable'!$C$5:$C$15=I45)*('cotation préalable'!$D$5:$D$15=J45)*('cotation préalable'!$E$5:$E$15=K45))) -> 158.49457 | M45: CONNECTEUR_USB_HS | N45: PATIN_MANQUANT | P45: {=OR(IFERROR(INDEX('Mapping pannes'!$C$2:$C$16,MATCH(M45,'Mapping pannes'!$A$2:$A$16,0)),FALSE()),IFERROR(INDEX('Mapping pannes'!$C$2:$C$16,MATCH(N45,'Mapping pannes'!$A$2:$A$16,0)),FALSE()),IFERROR(INDEX('Mapping pannes'!$C$2:$C$16,MATCH(O45,'Mapping pannes'!$A$2:$A$16,0)),FALSE()))} -> FALSE | Q45: {=IFERROR(INDEX('Mapping pannes'!$D$2:$D$16,MATCH(M45,'Mapping pannes'!$A$2:$A$16,0)),0)+IFERROR(INDEX('Mapping pannes'!$D$2:$D$16,MATCH(N45,'Mapping pannes'!$A$2:$A$16,0)),0)+IFERROR(INDEX('Mapping pannes'!$D$2:$D$16,MATCH(O45,'Mapping pannes'!$A$2:$A$16,0)),0)} -> 65 | R45: =IF(NOT(ISNUMBER(L45)),"Non calculable",IF(P45,L45,MIN(L45,Q45))) -> 65 | S45: =IF(NOT(ISNUMBER(L45)),"Non calculable",MAX(0,L45-R45)) -> 93.494567 | T45: =IFERROR(VLOOKUP(E45,'Mapping pannes'!$G$2:$H$6,2,FALSE()),"") -> 0 | U45: =IF(OR(NOT(ISNUMBER(L45)),T45=""),"Non calculable",L45*T45) -> 0 | V45: =IF(OR(NOT(ISNUMBER(L45)),T45=""),"Non calculable",MAX(0,L45-R45-U45)) -> 93.494567 | W45: {=TRIM(IF(NOT(ISNUMBER(L45)),"Modele non cote. ","")&IF(T45="","Grade non reconnu pour decote esthetique. ","")&IFERROR(INDEX('Mapping pannes'!$E$2:$E$16,MATCH(M45,'Mapping pannes'!$A$2:$A$16,0))&" ","")&IFERROR(INDEX('Mapping pannes'!$E$2:$E$16,MATCH(N45,'Mapping pannes'!$A$2:$A$16,0))&" ","")&IFERROR(INDEX('Mapping pannes'!$E$2:$E$16,MATCH(O45,'Mapping pannes'!$A$2:$A$16,0))&" ",""))}
A46: 2602783 | B46: CND2241W6Q | C46: HP | D46: ELITEBOOK_X360_1030_G8_NOTEBOOK_PC-13.2-I7_1185G7_3.00GHZ_16GB | E46: B | F46: CORE I7-1185G7 3.00 GHZ | G46: 16GB | H46: NVME SSD 512GB | I46: I7-1185G7 | J46: 16 Go | K46: 512GB | L46: =IF(SUMPRODUCT(('cotation préalable'!$C$5:$C$15=I46)*('cotation préalable'!$D$5:$D$15=J46)*('cotation préalable'!$E$5:$E$15=K46))=0,"Non cote",SUMPRODUCT(('cotation préalable'!$C$5:$C$15=I46)*('cotation préalable'!$D$5:$D$15=J46)*('cotation préalable'!$E$5:$E$15=K46)*'cotation préalable'!$H$5:$H$15)/SUMPRODUCT(('cotation préalable'!$C$5:$C$15=I46)*('cotation préalable'!$D$5:$D$15=J46)*('cotation préalable'!$E$5:$E$15=K46))) -> 158.49457 | M46: CONNECTEUR_USB_HS | N46: PATIN_MANQUANT | O46: TOUCHPAD_HS | P46: {=OR(IFERROR(INDEX('Mapping pannes'!$C$2:$C$16,MATCH(M46,'Mapping pannes'!$A$2:$A$16,0)),FALSE()),IFERROR(INDEX('Mapping pannes'!$C$2:$C$16,MATCH(N46,'Mapping pannes'!$A$2:$A$16,0)),FALSE()),IFERROR(INDEX('Mapping pannes'!$C$2:$C$16,MATCH(O46,'Mapping pannes'!$A$2:$A$16,0)),FALSE()))} -> FALSE | Q46: {=IFERROR(INDEX('Mapping pannes'!$D$2:$D$16,MATCH(M46,'Mapping pannes'!$A$2:$A$16,0)),0)+IFERROR(INDEX('Mapping pannes'!$D$2:$D$16,MATCH(N46,'Mapping pannes'!$A$2:$A$16,0)),0)+IFERROR(INDEX('Mapping pannes'!$D$2:$D$16,MATCH(O46,'Mapping pannes'!$A$2:$A$16,0)),0)} -> 95 | R46: =IF(NOT(ISNUMBER(L46)),"Non calculable",IF(P46,L46,MIN(L46,Q46))) -> 95 | S46: =IF(NOT(ISNUMBER(L46)),"Non calculable",MAX(0,L46-R46)) -> 63.494567 | T46: =IFERROR(VLOOKUP(E46,'Mapping pannes'!$G$2:$H$6,2,FALSE()),"") -> 0 | U46: =IF(OR(NOT(ISNUMBER(L46)),T46=""),"Non calculable",L46*T46) -> 0 | V46: =IF(OR(NOT(ISNUMBER(L46)),T46=""),"Non calculable",MAX(0,L46-R46-U46)) -> 63.494567 | W46: {=TRIM(IF(NOT(ISNUMBER(L46)),"Modele non cote. ","")&IF(T46="","Grade non reconnu pour decote esthetique. ","")&IFERROR(INDEX('Mapping pannes'!$E$2:$E$16,MATCH(M46,'Mapping pannes'!$A$2:$A$16,0))&" ","")&IFERROR(INDEX('Mapping pannes'!$E$2:$E$16,MATCH(N46,'Mapping pannes'!$A$2:$A$16,0))&" ","")&IFERROR(INDEX('Mapping pannes'!$E$2:$E$16,MATCH(O46,'Mapping pannes'!$A$2:$A$16,0))&" ",""))}
A47: 2603075 | B47: CND2241W49 | C47: HP | D47: ELITEBOOK_X360_1030_G8_NOTEBOOK_PC-13.2-I7_1185G7_3.00GHZ_16GB | E47: B | F47: CORE I7-1185G7 3.00 GHZ | G47: 16GB | H47: NVME SSD 512GB | I47: I7-1185G7 | J47: 16 Go | K47: 512GB | L47: =IF(SUMPRODUCT(('cotation préalable'!$C$5:$C$15=I47)*('cotation préalable'!$D$5:$D$15=J47)*('cotation préalable'!$E$5:$E$15=K47))=0,"Non cote",SUMPRODUCT(('cotation préalable'!$C$5:$C$15=I47)*('cotation préalable'!$D$5:$D$15=J47)*('cotation préalable'!$E$5:$E$15=K47)*'cotation préalable'!$H$5:$H$15)/SUMPRODUCT(('cotation préalable'!$C$5:$C$15=I47)*('cotation préalable'!$D$5:$D$15=J47)*('cotation préalable'!$E$5:$E$15=K47))) -> 158.49457 | M47: DISQUE_DUR_HS | P47: {=OR(IFERROR(INDEX('Mapping pannes'!$C$2:$C$16,MATCH(M47,'Mapping pannes'!$A$2:$A$16,0)),FALSE()),IFERROR(INDEX('Mapping pannes'!$C$2:$C$16,MATCH(N47,'Mapping pannes'!$A$2:$A$16,0)),FALSE()),IFERROR(INDEX('Mapping pannes'!$C$2:$C$16,MATCH(O47,'Mapping pannes'!$A$2:$A$16,0)),FALSE()))} -> FALSE | Q47: {=IFERROR(INDEX('Mapping pannes'!$D$2:$D$16,MATCH(M47,'Mapping pannes'!$A$2:$A$16,0)),0)+IFERROR(INDEX('Mapping pannes'!$D$2:$D$16,MATCH(N47,'Mapping pannes'!$A$2:$A$16,0)),0)+IFERROR(INDEX('Mapping pannes'!$D$2:$D$16,MATCH(O47,'Mapping pannes'!$A$2:$A$16,0)),0)} -> 50 | R47: =IF(NOT(ISNUMBER(L47)),"Non calculable",IF(P47,L47,MIN(L47,Q47))) -> 50 | S47: =IF(NOT(ISNUMBER(L47)),"Non calculable",MAX(0,L47-R47)) -> 108.49457 | T47: =IFERROR(VLOOKUP(E47,'Mapping pannes'!$G$2:$H$6,2,FALSE()),"") -> 0 | U47: =IF(OR(NOT(ISNUMBER(L47)),T47=""),"Non calculable",L47*T47) -> 0 | V47: =IF(OR(NOT(ISNUMBER(L47)),T47=""),"Non calculable",MAX(0,L47-R47-U47)) -> 108.49457 | W47: {=TRIM(IF(NOT(ISNUMBER(L47)),"Modele non cote. ","")&IF(T47="","Grade non reconnu pour decote esthetique. ","")&IFERROR(INDEX('Mapping pannes'!$E$2:$E$16,MATCH(M47,'Mapping pannes'!$A$2:$A$16,0))&" ","")&IFERROR(INDEX('Mapping pannes'!$E$2:$E$16,MATCH(N47,'Mapping pannes'!$A$2:$A$16,0))&" ","")&IFERROR(INDEX('Mapping pannes'!$E$2:$E$16,MATCH(O47,'Mapping pannes'!$A$2:$A$16,0))&" ",""))}
A48: 2602717 | B48: CND2241W38 | C48: HP | D48: ELITEBOOK_X360_1030_G8_NOTEBOOK_PC-13.2-I7_1185G7_3.00GHZ_16GB | E48: C+ | F48: CORE I7-1185G7 3.00 GHZ | G48: 16GB | H48: NVME SSD 512GB | I48: I7-1185G7 | J48: 16 Go | K48: 512GB | L48: =IF(SUMPRODUCT(('cotation préalable'!$C$5:$C$15=I48)*('cotation préalable'!$D$5:$D$15=J48)*('cotation préalable'!$E$5:$E$15=K48))=0,"Non cote",SUMPRODUCT(('cotation préalable'!$C$5:$C$15=I48)*('cotation préalable'!$D$5:$D$15=J48)*('cotation préalable'!$E$5:$E$15=K48)*'cotation préalable'!$H$5:$H$15)/SUMPRODUCT(('cotation préalable'!$C$5:$C$15=I48)*('cotation préalable'!$D$5:$D$15=J48)*('cotation préalable'!$E$5:$E$15=K48))) -> 158.49457 | M48: DISQUE_DUR_HS | P48: {=OR(IFERROR(INDEX('Mapping pannes'!$C$2:$C$16,MATCH(M48,'Mapping pannes'!$A$2:$A$16,0)),FALSE()),IFERROR(INDEX('Mapping pannes'!$C$2:$C$16,MATCH(N48,'Mapping pannes'!$A$2:$A$16,0)),FALSE()),IFERROR(INDEX('Mapping pannes'!$C$2:$C$16,MATCH(O48,'Mapping pannes'!$A$2:$A$16,0)),FALSE()))} -> FALSE | Q48: {=IFERROR(INDEX('Mapping pannes'!$D$2:$D$16,MATCH(M48,'Mapping pannes'!$A$2:$A$16,0)),0)+IFERROR(INDEX('Mapping pannes'!$D$2:$D$16,MATCH(N48,'Mapping pannes'!$A$2:$A$16,0)),0)+IFERROR(INDEX('Mapping pannes'!$D$2:$D$16,MATCH(O48,'Mapping pannes'!$A$2:$A$16,0)),0)} -> 50 | R48: =IF(NOT(ISNUMBER(L48)),"Non calculable",IF(P48,L48,MIN(L48,Q48))) -> 50 | S48: =IF(NOT(ISNUMBER(L48)),"Non calculable",MAX(0,L48-R48)) -> 108.49457 | T48: =IFERROR(VLOOKUP(E48,'Mapping pannes'!$G$2:$H$6,2,FALSE()),"") -> 0.2 | U48: =IF(OR(NOT(ISNUMBER(L48)),T48=""),"Non calculable",L48*T48) -> 31.698913 | V48: =IF(OR(NOT(ISNUMBER(L48)),T48=""),"Non calculable",MAX(0,L48-R48-U48)) -> 76.795653 | W48: {=TRIM(IF(NOT(ISNUMBER(L48)),"Modele non cote. ","")&IF(T48="","Grade non reconnu pour decote esthetique. ","")&IFERROR(INDEX('Mapping pannes'!$E$2:$E$16,MATCH(M48,'Mapping pannes'!$A$2:$A$16,0))&" ","")&IFERROR(INDEX('Mapping pannes'!$E$2:$E$16,MATCH(N48,'Mapping pannes'!$A$2:$A$16,0))&" ","")&IFERROR(INDEX('Mapping pannes'!$E$2:$E$16,MATCH(O48,'Mapping pannes'!$A$2:$A$16,0))&" ",""))}
A49: 2602699 | B49: CND2241W3Q | C49: HP | D49: ELITEBOOK_X360_1030_G8_NOTEBOOK_PC-13.2-I7_1185G7_3.00GHZ_16GB | E49: C+ | F49: CORE I7-1185G7 3.00 GHZ | G49: 16GB | H49: NVME SSD 512GB | I49: I7-1185G7 | J49: 16 Go | K49: 512GB | L49: =IF(SUMPRODUCT(('cotation préalable'!$C$5:$C$15=I49)*('cotation préalable'!$D$5:$D$15=J49)*('cotation préalable'!$E$5:$E$15=K49))=0,"Non cote",SUMPRODUCT(('cotation préalable'!$C$5:$C$15=I49)*('cotation préalable'!$D$5:$D$15=J49)*('cotation préalable'!$E$5:$E$15=K49)*'cotation préalable'!$H$5:$H$15)/SUMPRODUCT(('cotation préalable'!$C$5:$C$15=I49)*('cotation préalable'!$D$5:$D$15=J49)*('cotation préalable'!$E$5:$E$15=K49))) -> 158.49457 | M49: DISQUE_DUR_HS | N49: CLAVIER_DEFAUT | P49: {=OR(IFERROR(INDEX('Mapping pannes'!$C$2:$C$16,MATCH(M49,'Mapping pannes'!$A$2:$A$16,0)),FALSE()),IFERROR(INDEX('Mapping pannes'!$C$2:$C$16,MATCH(N49,'Mapping pannes'!$A$2:$A$16,0)),FALSE()),IFERROR(INDEX('Mapping pannes'!$C$2:$C$16,MATCH(O49,'Mapping pannes'!$A$2:$A$16,0)),FALSE()))} -> FALSE | Q49: {=IFERROR(INDEX('Mapping pannes'!$D$2:$D$16,MATCH(M49,'Mapping pannes'!$A$2:$A$16,0)),0)+IFERROR(INDEX('Mapping pannes'!$D$2:$D$16,MATCH(N49,'Mapping pannes'!$A$2:$A$16,0)),0)+IFERROR(INDEX('Mapping pannes'!$D$2:$D$16,MATCH(O49,'Mapping pannes'!$A$2:$A$16,0)),0)} -> 80 | R49: =IF(NOT(ISNUMBER(L49)),"Non calculable",IF(P49,L49,MIN(L49,Q49))) -> 80 | S49: =IF(NOT(ISNUMBER(L49)),"Non calculable",MAX(0,L49-R49)) -> 78.494567 | T49: =IFERROR(VLOOKUP(E49,'Mapping pannes'!$G$2:$H$6,2,FALSE()),"") -> 0.2 | U49: =IF(OR(NOT(ISNUMBER(L49)),T49=""),"Non calculable",L49*T49) -> 31.698913 | V49: =IF(OR(NOT(ISNUMBER(L49)),T49=""),"Non calculable",MAX(0,L49-R49-U49)) -> 46.795653
A50: 2602728 | B50: CND2241W5Z | C50: HP | D50: ELITEBOOK_X360_1030_G8_NOTEBOOK_PC-13.2-I7_1185G7_3.00GHZ_16GB | E50: B | F50: CORE I7-1185G7 3.00 GHZ | G50: 16GB | H50: NVME SSD 512GB | I50: I7-1185G7 | J50: 16 Go | K50: 512GB | L50: =IF(SUMPRODUCT(('cotation préalable'!$C$5:$C$15=I50)*('cotation préalable'!$D$5:$D$15=J50)*('cotation préalable'!$E$5:$E$15=K50))=0,"Non cote",SUMPRODUCT(('cotation préalable'!$C$5:$C$15=I50)*('cotation préalable'!$D$5:$D$15=J50)*('cotation préalable'!$E$5:$E$15=K50)*'cotation préalable'!$H$5:$H$15)/SUMPRODUCT(('cotation préalable'!$C$5:$C$15=I50)*('cotation préalable'!$D$5:$D$15=J50)*('cotation préalable'!$E$5:$E$15=K50))) -> 158.49457 | M50: DISQUE_DUR_HS | N50: PATIN_MANQUANT | O50: COQUE_ARRIERE_CASSE | P50: {=OR(IFERROR(INDEX('Mapping pannes'!$C$2:$C$16,MATCH(M50,'Mapping pannes'!$A$2:$A$16,0)),FALSE()),IFERROR(INDEX('Mapping pannes'!$C$2:$C$16,MATCH(N50,'Mapping pannes'!$A$2:$A$16,0)),FALSE()),IFERROR(INDEX('Mapping pannes'!$C$2:$C$16,MATCH(O50,'Mapping pannes'!$A$2:$A$16,0)),FALSE()))} -> TRUE | Q50: {=IFERROR(INDEX('Mapping pannes'!$D$2:$D$16,MATCH(M50,'Mapping pannes'!$A$2:$A$16,0)),0)+IFERROR(INDEX('Mapping pannes'!$D$2:$D$16,MATCH(N50,'Mapping pannes'!$A$2:$A$16,0)),0)+IFERROR(INDEX('Mapping pannes'!$D$2:$D$16,MATCH(O50,'Mapping pannes'!$A$2:$A$16,0)),0)} -> 65 | R50: =IF(NOT(ISNUMBER(L50)),"Non calculable",IF(P50,L50,MIN(L50,Q50))) -> 158.49457 | S50: =IF(NOT(ISNUMBER(L50)),"Non calculable",MAX(0,L50-R50)) -> 0 | T50: =IFERROR(VLOOKUP(E50,'Mapping pannes'!$G$2:$H$6,2,FALSE()),"") -> 0 | U50: =IF(OR(NOT(ISNUMBER(L50)),T50=""),"Non calculable",L50*T50) -> 0 | V50: 35
A51: 2603253 | B51: CND2241VY4 | C51: HP | D51: ELITEBOOK_X360_1030_G8_NOTEBOOK_PC-13.2-I7_1185G7_3.00GHZ_16GB | E51: B | F51: CORE I7-1185G7 3.00 GHZ | G51: 16GB | H51: NVME SSD 512GB | I51: I7-1185G7 | J51: 16 Go | K51: 512GB | L51: =IF(SUMPRODUCT(('cotation préalable'!$C$5:$C$15=I51)*('cotation préalable'!$D$5:$D$15=J51)*('cotation préalable'!$E$5:$E$15=K51))=0,"Non cote",SUMPRODUCT(('cotation préalable'!$C$5:$C$15=I51)*('cotation préalable'!$D$5:$D$15=J51)*('cotation préalable'!$E$5:$E$15=K51)*'cotation préalable'!$H$5:$H$15)/SUMPRODUCT(('cotation préalable'!$C$5:$C$15=I51)*('cotation préalable'!$D$5:$D$15=J51)*('cotation préalable'!$E$5:$E$15=K51))) -> 158.49457 | M51: ECRAN_HS | N51: CLAVIER_HS | P51: {=OR(IFERROR(INDEX('Mapping pannes'!$C$2:$C$16,MATCH(M51,'Mapping pannes'!$A$2:$A$16,0)),FALSE()),IFERROR(INDEX('Mapping pannes'!$C$2:$C$16,MATCH(N51,'Mapping pannes'!$A$2:$A$16,0)),FALSE()),IFERROR(INDEX('Mapping pannes'!$C$2:$C$16,MATCH(O51,'Mapping pannes'!$A$2:$A$16,0)),FALSE()))} -> TRUE | Q51: {=IFERROR(INDEX('Mapping pannes'!$D$2:$D$16,MATCH(M51,'Mapping pannes'!$A$2:$A$16,0)),0)+IFERROR(INDEX('Mapping pannes'!$D$2:$D$16,MATCH(N51,'Mapping pannes'!$A$2:$A$16,0)),0)+IFERROR(INDEX('Mapping pannes'!$D$2:$D$16,MATCH(O51,'Mapping pannes'!$A$2:$A$16,0)),0)} -> 30 | R51: =IF(NOT(ISNUMBER(L51)),"Non calculable",IF(P51,L51,MIN(L51,Q51))) -> 158.49457 | S51: =IF(NOT(ISNUMBER(L51)),"Non calculable",MAX(0,L51-R51)) -> 0 | T51: =IFERROR(VLOOKUP(E51,'Mapping pannes'!$G$2:$H$6,2,FALSE()),"") -> 0 | U51: =IF(OR(NOT(ISNUMBER(L51)),T51=""),"Non calculable",L51*T51) -> 0 | V51: 35 | W51: {=TRIM(IF(NOT(ISNUMBER(L51)),"Modele non cote. ","")&IF(T51="","Grade non reconnu pour decote esthetique. ","")&IFERROR(INDEX('Mapping pannes'!$E$2:$E$16,MATCH(M51,'Mapping pannes'!$A$2:$A$16,0))&" ","")&IFERROR(INDEX('Mapping pannes'!$E$2:$E$16,MATCH(N51,'Mapping pannes'!$A$2:$A$16,0))&" ","")&IFERROR(INDEX('Mapping pannes'!$E$2:$E$16,MATCH(O51,'Mapping pannes'!$A$2:$A$16,0))&" ",""))}
A52: 2602716 | B52: CND2241VQQ | C52: HP | D52: ELITEBOOK_X360_1030_G8_NOTEBOOK_PC-13.2-I7_1185G7_3.00GHZ_16GB | E52: B | F52: CORE I7-1185G7 3.00 GHZ | G52: 16GB | H52: NVME SSD 512GB | I52: I7-1185G7 | J52: 16 Go | K52: 512GB | L52: =IF(SUMPRODUCT(('cotation préalable'!$C$5:$C$15=I52)*('cotation préalable'!$D$5:$D$15=J52)*('cotation préalable'!$E$5:$E$15=K52))=0,"Non cote",SUMPRODUCT(('cotation préalable'!$C$5:$C$15=I52)*('cotation préalable'!$D$5:$D$15=J52)*('cotation préalable'!$E$5:$E$15=K52)*'cotation préalable'!$H$5:$H$15)/SUMPRODUCT(('cotation préalable'!$C$5:$C$15=I52)*('cotation préalable'!$D$5:$D$15=J52)*('cotation préalable'!$E$5:$E$15=K52))) -> 158.49457 | M52: HAUT_PARLEUR_HS | N52: PATIN_MANQUANT | O52: CLAVIER_DEFAUT | P52: {=OR(IFERROR(INDEX('Mapping pannes'!$C$2:$C$16,MATCH(M52,'Mapping pannes'!$A$2:$A$16,0)),FALSE()),IFERROR(INDEX('Mapping pannes'!$C$2:$C$16,MATCH(N52,'Mapping pannes'!$A$2:$A$16,0)),FALSE()),IFERROR(INDEX('Mapping pannes'!$C$2:$C$16,MATCH(O52,'Mapping pannes'!$A$2:$A$16,0)),FALSE()))} -> FALSE | Q52: {=IFERROR(INDEX('Mapping pannes'!$D$2:$D$16,MATCH(M52,'Mapping pannes'!$A$2:$A$16,0)),0)+IFERROR(INDEX('Mapping pannes'!$D$2:$D$16,MATCH(N52,'Mapping pannes'!$A$2:$A$16,0)),0)+IFERROR(INDEX('Mapping pannes'!$D$2:$D$16,MATCH(O52,'Mapping pannes'!$A$2:$A$16,0)),0)} -> 65 | R52: =IF(NOT(ISNUMBER(L52)),"Non calculable",IF(P52,L52,MIN(L52,Q52))) -> 65 | S52: =IF(NOT(ISNUMBER(L52)),"Non calculable",MAX(0,L52-R52)) -> 93.494567 | T52: =IFERROR(VLOOKUP(E52,'Mapping pannes'!$G$2:$H$6,2,FALSE()),"") -> 0 | U52: =IF(OR(NOT(ISNUMBER(L52)),T52=""),"Non calculable",L52*T52) -> 0 | V52: =IF(OR(NOT(ISNUMBER(L52)),T52=""),"Non calculable",MAX(0,L52-R52-U52)) -> 93.494567
A53: 2603236 | B53: CND2241W6V | C53: HP | D53: ELITEBOOK_X360_1030_G8_NOTEBOOK_PC-13.2-I7_1185G7_3.00GHZ_16GB | E53: C+ | F53: CORE I7-1185G7 3.00 GHZ | G53: 16GB | H53: NVME SSD 512GB | I53: I7-1185G7 | J53: 16 Go | K53: 512GB | L53: =IF(SUMPRODUCT(('cotation préalable'!$C$5:$C$15=I53)*('cotation préalable'!$D$5:$D$15=J53)*('cotation préalable'!$E$5:$E$15=K53))=0,"Non cote",SUMPRODUCT(('cotation préalable'!$C$5:$C$15=I53)*('cotation préalable'!$D$5:$D$15=J53)*('cotation préalable'!$E$5:$E$15=K53)*'cotation préalable'!$H$5:$H$15)/SUMPRODUCT(('cotation préalable'!$C$5:$C$15=I53)*('cotation préalable'!$D$5:$D$15=J53)*('cotation préalable'!$E$5:$E$15=K53))) -> 158.49457 | M53: MICRO_HS | P53: {=OR(IFERROR(INDEX('Mapping pannes'!$C$2:$C$16,MATCH(M53,'Mapping pannes'!$A$2:$A$16,0)),FALSE()),IFERROR(INDEX('Mapping pannes'!$C$2:$C$16,MATCH(N53,'Mapping pannes'!$A$2:$A$16,0)),FALSE()),IFERROR(INDEX('Mapping pannes'!$C$2:$C$16,MATCH(O53,'Mapping pannes'!$A$2:$A$16,0)),FALSE()))} -> FALSE | Q53: {=IFERROR(INDEX('Mapping pannes'!$D$2:$D$16,MATCH(M53,'Mapping pannes'!$A$2:$A$16,0)),0)+IFERROR(INDEX('Mapping pannes'!$D$2:$D$16,MATCH(N53,'Mapping pannes'!$A$2:$A$16,0)),0)+IFERROR(INDEX('Mapping pannes'!$D$2:$D$16,MATCH(O53,'Mapping pannes'!$A$2:$A$16,0)),0)} -> 20 | R53: =IF(NOT(ISNUMBER(L53)),"Non calculable",IF(P53,L53,MIN(L53,Q53))) -> 20 | S53: =IF(NOT(ISNUMBER(L53)),"Non calculable",MAX(0,L53-R53)) -> 138.49457 | T53: =IFERROR(VLOOKUP(E53,'Mapping pannes'!$G$2:$H$6,2,FALSE()),"") -> 0.2 | U53: =IF(OR(NOT(ISNUMBER(L53)),T53=""),"Non calculable",L53*T53) -> 31.698913 | V53: =IF(OR(NOT(ISNUMBER(L53)),T53=""),"Non calculable",MAX(0,L53-R53-U53)) -> 106.79565 | W53: {=TRIM(IF(NOT(ISNUMBER(L53)),"Modele non cote. ","")&IF(T53="","Grade non reconnu pour decote esthetique. ","")&IFERROR(INDEX('Mapping pannes'!$E$2:$E$16,MATCH(M53,'Mapping pannes'!$A$2:$A$16,0))&" ","")&IFERROR(INDEX('Mapping pannes'!$E$2:$E$16,MATCH(N53,'Mapping pannes'!$A$2:$A$16,0))&" ","")&IFERROR(INDEX('Mapping pannes'!$E$2:$E$16,MATCH(O53,'Mapping pannes'!$A$2:$A$16,0))&" ",""))}
A54: 2602726 | B54: CND2241X1L | C54: HP | D54: ELITEBOOK_X360_1030_G8_NOTEBOOK_PC-13.2-I7_1185G7_3.00GHZ_16GB | E54: B | F54: CORE I7-1185G7 3.00 GHZ | G54: 16GB | H54: NVME SSD 512GB | I54: I7-1185G7 | J54: 16 Go | K54: 512GB | L54: =IF(SUMPRODUCT(('cotation préalable'!$C$5:$C$15=I54)*('cotation préalable'!$D$5:$D$15=J54)*('cotation préalable'!$E$5:$E$15=K54))=0,"Non cote",SUMPRODUCT(('cotation préalable'!$C$5:$C$15=I54)*('cotation préalable'!$D$5:$D$15=J54)*('cotation préalable'!$E$5:$E$15=K54)*'cotation préalable'!$H$5:$H$15)/SUMPRODUCT(('cotation préalable'!$C$5:$C$15=I54)*('cotation préalable'!$D$5:$D$15=J54)*('cotation préalable'!$E$5:$E$15=K54))) -> 158.49457 | P54: {=OR(IFERROR(INDEX('Mapping pannes'!$C$2:$C$16,MATCH(M54,'Mapping pannes'!$A$2:$A$16,0)),FALSE()),IFERROR(INDEX('Mapping pannes'!$C$2:$C$16,MATCH(N54,'Mapping pannes'!$A$2:$A$16,0)),FALSE()),IFERROR(INDEX('Mapping pannes'!$C$2:$C$16,MATCH(O54,'Mapping pannes'!$A$2:$A$16,0)),FALSE()))} -> FALSE | Q54: {=IFERROR(INDEX('Mapping pannes'!$D$2:$D$16,MATCH(M54,'Mapping pannes'!$A$2:$A$16,0)),0)+IFERROR(INDEX('Mapping pannes'!$D$2:$D$16,MATCH(N54,'Mapping pannes'!$A$2:$A$16,0)),0)+IFERROR(INDEX('Mapping pannes'!$D$2:$D$16,MATCH(O54,'Mapping pannes'!$A$2:$A$16,0)),0)} -> 0 | R54: =IF(NOT(ISNUMBER(L54)),"Non calculable",IF(P54,L54,MIN(L54,Q54))) -> 0 | S54: =IF(NOT(ISNUMBER(L54)),"Non calculable",MAX(0,L54-R54)) -> 158.49457 | T54: =IFERROR(VLOOKUP(E54,'Mapping pannes'!$G$2:$H$6,2,FALSE()),"") -> 0 | U54: =IF(OR(NOT(ISNUMBER(L54)),T54=""),"Non calculable",L54*T54) -> 0 | V54: =IF(OR(NOT(ISNUMBER(L54)),T54=""),"Non calculable",MAX(0,L54-R54-U54)) -> 158.49457 | W54: {=TRIM(IF(NOT(ISNUMBER(L54)),"Modele non cote. ","")&IF(T54="","Grade non reconnu pour decote esthetique. ","")&IFERROR(INDEX('Mapping pannes'!$E$2:$E$16,MATCH(M54,'Mapping pannes'!$A$2:$A$16,0))&" ","")&IFERROR(INDEX('Mapping pannes'!$E$2:$E$16,MATCH(N54,'Mapping pannes'!$A$2:$A$16,0))&" ","")&IFERROR(INDEX('Mapping pannes'!$E$2:$E$16,MATCH(O54,'Mapping pannes'!$A$2:$A$16,0))&" ",""))}
A55: 2602759 | B55: CND2241W2S | C55: HP | D55: ELITEBOOK_X360_1030_G8_NOTEBOOK_PC-13.2-I7_1185G7_3.00GHZ_16GB | E55: B | F55: CORE I7-1185G7 3.00 GHZ | G55: 16GB | H55: NVME SSD 512GB | I55: I7-1185G7 | J55: 16 Go | K55: 512GB | L55: =IF(SUMPRODUCT(('cotation préalable'!$C$5:$C$15=I55)*('cotation préalable'!$D$5:$D$15=J55)*('cotation préalable'!$E$5:$E$15=K55))=0,"Non cote",SUMPRODUCT(('cotation préalable'!$C$5:$C$15=I55)*('cotation préalable'!$D$5:$D$15=J55)*('cotation préalable'!$E$5:$E$15=K55)*'cotation préalable'!$H$5:$H$15)/SUMPRODUCT(('cotation préalable'!$C$5:$C$15=I55)*('cotation préalable'!$D$5:$D$15=J55)*('cotation préalable'!$E$5:$E$15=K55))) -> 158.49457 | P55: {=OR(IFERROR(INDEX('Mapping pannes'!$C$2:$C$16,MATCH(M55,'Mapping pannes'!$A$2:$A$16,0)),FALSE()),IFERROR(INDEX('Mapping pannes'!$C$2:$C$16,MATCH(N55,'Mapping pannes'!$A$2:$A$16,0)),FALSE()),IFERROR(INDEX('Mapping pannes'!$C$2:$C$16,MATCH(O55,'Mapping pannes'!$A$2:$A$16,0)),FALSE()))} -> FALSE | Q55: {=IFERROR(INDEX('Mapping pannes'!$D$2:$D$16,MATCH(M55,'Mapping pannes'!$A$2:$A$16,0)),0)+IFERROR(INDEX('Mapping pannes'!$D$2:$D$16,MATCH(N55,'Mapping pannes'!$A$2:$A$16,0)),0)+IFERROR(INDEX('Mapping pannes'!$D$2:$D$16,MATCH(O55,'Mapping pannes'!$A$2:$A$16,0)),0)} -> 0 | R55: =IF(NOT(ISNUMBER(L55)),"Non calculable",IF(P55,L55,MIN(L55,Q55))) -> 0 | S55: =IF(NOT(ISNUMBER(L55)),"Non calculable",MAX(0,L55-R55)) -> 158.49457 | T55: =IFERROR(VLOOKUP(E55,'Mapping pannes'!$G$2:$H$6,2,FALSE()),"") -> 0 | U55: =IF(OR(NOT(ISNUMBER(L55)),T55=""),"Non calculable",L55*T55) -> 0 | V55: =IF(OR(NOT(ISNUMBER(L55)),T55=""),"Non calculable",MAX(0,L55-R55-U55)) -> 158.49457 | W55: {=TRIM(IF(NOT(ISNUMBER(L55)),"Modele non cote. ","")&IF(T55="","Grade non reconnu pour decote esthetique. ","")&IFERROR(INDEX('Mapping pannes'!$E$2:$E$16,MATCH(M55,'Mapping pannes'!$A$2:$A$16,0))&" ","")&IFERROR(INDEX('Mapping pannes'!$E$2:$E$16,MATCH(N55,'Mapping pannes'!$A$2:$A$16,0))&" ","")&IFERROR(INDEX('Mapping pannes'!$E$2:$E$16,MATCH(O55,'Mapping pannes'!$A$2:$A$16,0))&" ",""))}
A56: 2602777 | B56: CND2241VWB | C56: HP | D56: ELITEBOOK_X360_1030_G8_NOTEBOOK_PC-13.2-I7_1185G7_3.00GHZ_16GB | E56: B | F56: CORE I7-1185G7 3.00 GHZ | G56: 16GB | H56: NVME SSD 512GB | I56: I7-1185G7 | J56: 16 Go | K56: 512GB | L56: =IF(SUMPRODUCT(('cotation préalable'!$C$5:$C$15=I56)*('cotation préalable'!$D$5:$D$15=J56)*('cotation préalable'!$E$5:$E$15=K56))=0,"Non cote",SUMPRODUCT(('cotation préalable'!$C$5:$C$15=I56)*('cotation préalable'!$D$5:$D$15=J56)*('cotation préalable'!$E$5:$E$15=K56)*'cotation préalable'!$H$5:$H$15)/SUMPRODUCT(('cotation préalable'!$C$5:$C$15=I56)*('cotation préalable'!$D$5:$D$15=J56)*('cotation préalable'!$E$5:$E$15=K56))) -> 158.49457 | P56: {=OR(IFERROR(INDEX('Mapping pannes'!$C$2:$C$16,MATCH(M56,'Mapping pannes'!$A$2:$A$16,0)),FALSE()),IFERROR(INDEX('Mapping pannes'!$C$2:$C$16,MATCH(N56,'Mapping pannes'!$A$2:$A$16,0)),FALSE()),IFERROR(INDEX('Mapping pannes'!$C$2:$C$16,MATCH(O56,'Mapping pannes'!$A$2:$A$16,0)),FALSE()))} -> FALSE | Q56: {=IFERROR(INDEX('Mapping pannes'!$D$2:$D$16,MATCH(M56,'Mapping pannes'!$A$2:$A$16,0)),0)+IFERROR(INDEX('Mapping pannes'!$D$2:$D$16,MATCH(N56,'Mapping pannes'!$A$2:$A$16,0)),0)+IFERROR(INDEX('Mapping pannes'!$D$2:$D$16,MATCH(O56,'Mapping pannes'!$A$2:$A$16,0)),0)} -> 0 | R56: =IF(NOT(ISNUMBER(L56)),"Non calculable",IF(P56,L56,MIN(L56,Q56))) -> 0 | S56: =IF(NOT(ISNUMBER(L56)),"Non calculable",MAX(0,L56-R56)) -> 158.49457 | T56: =IFERROR(VLOOKUP(E56,'Mapping pannes'!$G$2:$H$6,2,FALSE()),"") -> 0 | U56: =IF(OR(NOT(ISNUMBER(L56)),T56=""),"Non calculable",L56*T56) -> 0 | V56: =IF(OR(NOT(ISNUMBER(L56)),T56=""),"Non calculable",MAX(0,L56-R56-U56)) -> 158.49457 | W56: {=TRIM(IF(NOT(ISNUMBER(L56)),"Modele non cote. ","")&IF(T56="","Grade non reconnu pour decote esthetique. ","")&IFERROR(INDEX('Mapping pannes'!$E$2:$E$16,MATCH(M56,'Mapping pannes'!$A$2:$A$16,0))&" ","")&IFERROR(INDEX('Mapping pannes'!$E$2:$E$16,MATCH(N56,'Mapping pannes'!$A$2:$A$16,0))&" ","")&IFERROR(INDEX('Mapping pannes'!$E$2:$E$16,MATCH(O56,'Mapping pannes'!$A$2:$A$16,0))&" ",""))}
A57: 2603044 | B57: CND2241VXJ | C57: HP | D57: ELITEBOOK_X360_1030_G8_NOTEBOOK_PC-13.2-I7_1185G7_3.00GHZ_16GB | E57: B | F57: CORE I7-1185G7 3.00 GHZ | G57: 16GB | H57: NVME SSD 512GB | I57: I7-1185G7 | J57: 16 Go | K57: 512GB | L57: =IF(SUMPRODUCT(('cotation préalable'!$C$5:$C$15=I57)*('cotation préalable'!$D$5:$D$15=J57)*('cotation préalable'!$E$5:$E$15=K57))=0,"Non cote",SUMPRODUCT(('cotation préalable'!$C$5:$C$15=I57)*('cotation préalable'!$D$5:$D$15=J57)*('cotation préalable'!$E$5:$E$15=K57)*'cotation préalable'!$H$5:$H$15)/SUMPRODUCT(('cotation préalable'!$C$5:$C$15=I57)*('cotation préalable'!$D$5:$D$15=J57)*('cotation préalable'!$E$5:$E$15=K57))) -> 158.49457 | P57: {=OR(IFERROR(INDEX('Mapping pannes'!$C$2:$C$16,MATCH(M57,'Mapping pannes'!$A$2:$A$16,0)),FALSE()),IFERROR(INDEX('Mapping pannes'!$C$2:$C$16,MATCH(N57,'Mapping pannes'!$A$2:$A$16,0)),FALSE()),IFERROR(INDEX('Mapping pannes'!$C$2:$C$16,MATCH(O57,'Mapping pannes'!$A$2:$A$16,0)),FALSE()))} -> FALSE | Q57: {=IFERROR(INDEX('Mapping pannes'!$D$2:$D$16,MATCH(M57,'Mapping pannes'!$A$2:$A$16,0)),0)+IFERROR(INDEX('Mapping pannes'!$D$2:$D$16,MATCH(N57,'Mapping pannes'!$A$2:$A$16,0)),0)+IFERROR(INDEX('Mapping pannes'!$D$2:$D$16,MATCH(O57,'Mapping pannes'!$A$2:$A$16,0)),0)} -> 0 | R57: =IF(NOT(ISNUMBER(L57)),"Non calculable",IF(P57,L57,MIN(L57,Q57))) -> 0 | S57: =IF(NOT(ISNUMBER(L57)),"Non calculable",MAX(0,L57-R57)) -> 158.49457 | T57: =IFERROR(VLOOKUP(E57,'Mapping pannes'!$G$2:$H$6,2,FALSE()),"") -> 0 | U57: =IF(OR(NOT(ISNUMBER(L57)),T57=""),"Non calculable",L57*T57) -> 0 | V57: =IF(OR(NOT(ISNUMBER(L57)),T57=""),"Non calculable",MAX(0,L57-R57-U57)) -> 158.49457 | W57: {=TRIM(IF(NOT(ISNUMBER(L57)),"Modele non cote. ","")&IF(T57="","Grade non reconnu pour decote esthetique. ","")&IFERROR(INDEX('Mapping pannes'!$E$2:$E$16,MATCH(M57,'Mapping pannes'!$A$2:$A$16,0))&" ","")&IFERROR(INDEX('Mapping pannes'!$E$2:$E$16,MATCH(N57,'Mapping pannes'!$A$2:$A$16,0))&" ","")&IFERROR(INDEX('Mapping pannes'!$E$2:$E$16,MATCH(O57,'Mapping pannes'!$A$2:$A$16,0))&" ",""))}
A58: 2603061 | B58: CND2241W73 | C58: HP | D58: ELITEBOOK_X360_1030_G8_NOTEBOOK_PC-13.2-I7_1185G7_3.00GHZ_16GB | E58: B | F58: CORE I7-1185G7 3.00 GHZ | G58: 16GB | H58: NVME SSD 512GB | I58: I7-1185G7 | J58: 16 Go | K58: 512GB | L58: =IF(SUMPRODUCT(('cotation préalable'!$C$5:$C$15=I58)*('cotation préalable'!$D$5:$D$15=J58)*('cotation préalable'!$E$5:$E$15=K58))=0,"Non cote",SUMPRODUCT(('cotation préalable'!$C$5:$C$15=I58)*('cotation préalable'!$D$5:$D$15=J58)*('cotation préalable'!$E$5:$E$15=K58)*'cotation préalable'!$H$5:$H$15)/SUMPRODUCT(('cotation préalable'!$C$5:$C$15=I58)*('cotation préalable'!$D$5:$D$15=J58)*('cotation préalable'!$E$5:$E$15=K58))) -> 158.49457 | P58: {=OR(IFERROR(INDEX('Mapping pannes'!$C$2:$C$16,MATCH(M58,'Mapping pannes'!$A$2:$A$16,0)),FALSE()),IFERROR(INDEX('Mapping pannes'!$C$2:$C$16,MATCH(N58,'Mapping pannes'!$A$2:$A$16,0)),FALSE()),IFERROR(INDEX('Mapping pannes'!$C$2:$C$16,MATCH(O58,'Mapping pannes'!$A$2:$A$16,0)),FALSE()))} -> FALSE | Q58: {=IFERROR(INDEX('Mapping pannes'!$D$2:$D$16,MATCH(M58,'Mapping pannes'!$A$2:$A$16,0)),0)+IFERROR(INDEX('Mapping pannes'!$D$2:$D$16,MATCH(N58,'Mapping pannes'!$A$2:$A$16,0)),0)+IFERROR(INDEX('Mapping pannes'!$D$2:$D$16,MATCH(O58,'Mapping pannes'!$A$2:$A$16,0)),0)} -> 0 | R58: =IF(NOT(ISNUMBER(L58)),"Non calculable",IF(P58,L58,MIN(L58,Q58))) -> 0 | S58: =IF(NOT(ISNUMBER(L58)),"Non calculable",MAX(0,L58-R58)) -> 158.49457 | T58: =IFERROR(VLOOKUP(E58,'Mapping pannes'!$G$2:$H$6,2,FALSE()),"") -> 0 | U58: =IF(OR(NOT(ISNUMBER(L58)),T58=""),"Non calculable",L58*T58) -> 0 | V58: =IF(OR(NOT(ISNUMBER(L58)),T58=""),"Non calculable",MAX(0,L58-R58-U58)) -> 158.49457 | W58: {=TRIM(IF(NOT(ISNUMBER(L58)),"Modele non cote. ","")&IF(T58="","Grade non reconnu pour decote esthetique. ","")&IFERROR(INDEX('Mapping pannes'!$E$2:$E$16,MATCH(M58,'Mapping pannes'!$A$2:$A$16,0))&" ","")&IFERROR(INDEX('Mapping pannes'!$E$2:$E$16,MATCH(N58,'Mapping pannes'!$A$2:$A$16,0))&" ","")&IFERROR(INDEX('Mapping pannes'!$E$2:$E$16,MATCH(O58,'Mapping pannes'!$A$2:$A$16,0))&" ",""))}
A59: 2603071 | B59: CND2241VXV | C59: HP | D59: ELITEBOOK_X360_1030_G8_NOTEBOOK_PC-13.2-I7_1185G7_3.00GHZ_16GB | E59: B | F59: CORE I7-1185G7 3.00 GHZ | G59: 16GB | H59: NVME SSD 512GB | I59: I7-1185G7 | J59: 16 Go | K59: 512GB | L59: =IF(SUMPRODUCT(('cotation préalable'!$C$5:$C$15=I59)*('cotation préalable'!$D$5:$D$15=J59)*('cotation préalable'!$E$5:$E$15=K59))=0,"Non cote",SUMPRODUCT(('cotation préalable'!$C$5:$C$15=I59)*('cotation préalable'!$D$5:$D$15=J59)*('cotation préalable'!$E$5:$E$15=K59)*'cotation préalable'!$H$5:$H$15)/SUMPRODUCT(('cotation préalable'!$C$5:$C$15=I59)*('cotation préalable'!$D$5:$D$15=J59)*('cotation préalable'!$E$5:$E$15=K59))) -> 158.49457 | P59: {=OR(IFERROR(INDEX('Mapping pannes'!$C$2:$C$16,MATCH(M59,'Mapping pannes'!$A$2:$A$16,0)),FALSE()),IFERROR(INDEX('Mapping pannes'!$C$2:$C$16,MATCH(N59,'Mapping pannes'!$A$2:$A$16,0)),FALSE()),IFERROR(INDEX('Mapping pannes'!$C$2:$C$16,MATCH(O59,'Mapping pannes'!$A$2:$A$16,0)),FALSE()))} -> FALSE | Q59: {=IFERROR(INDEX('Mapping pannes'!$D$2:$D$16,MATCH(M59,'Mapping pannes'!$A$2:$A$16,0)),0)+IFERROR(INDEX('Mapping pannes'!$D$2:$D$16,MATCH(N59,'Mapping pannes'!$A$2:$A$16,0)),0)+IFERROR(INDEX('Mapping pannes'!$D$2:$D$16,MATCH(O59,'Mapping pannes'!$A$2:$A$16,0)),0)} -> 0 | R59: =IF(NOT(ISNUMBER(L59)),"Non calculable",IF(P59,L59,MIN(L59,Q59))) -> 0 | S59: =IF(NOT(ISNUMBER(L59)),"Non calculable",MAX(0,L59-R59)) -> 158.49457 | T59: =IFERROR(VLOOKUP(E59,'Mapping pannes'!$G$2:$H$6,2,FALSE()),"") -> 0 | U59: =IF(OR(NOT(ISNUMBER(L59)),T59=""),"Non calculable",L59*T59) -> 0 | V59: =IF(OR(NOT(ISNUMBER(L59)),T59=""),"Non calculable",MAX(0,L59-R59-U59)) -> 158.49457 | W59: {=TRIM(IF(NOT(ISNUMBER(L59)),"Modele non cote. ","")&IF(T59="","Grade non reconnu pour decote esthetique. ","")&IFERROR(INDEX('Mapping pannes'!$E$2:$E$16,MATCH(M59,'Mapping pannes'!$A$2:$A$16,0))&" ","")&IFERROR(INDEX('Mapping pannes'!$E$2:$E$16,MATCH(N59,'Mapping pannes'!$A$2:$A$16,0))&" ","")&IFERROR(INDEX('Mapping pannes'!$E$2:$E$16,MATCH(O59,'Mapping pannes'!$A$2:$A$16,0))&" ",""))}
A60: 2603072 | B60: CND2241W0B | C60: HP | D60: ELITEBOOK_X360_1030_G8_NOTEBOOK_PC-13.2-I7_1185G7_3.00GHZ_16GB | E60: B | F60: CORE I7-1185G7 3.00 GHZ | G60: 16GB | H60: NVME SSD 512GB | I60: I7-1185G7 | J60: 16 Go | K60: 512GB | L60: =IF(SUMPRODUCT(('cotation préalable'!$C$5:$C$15=I60)*('cotation préalable'!$D$5:$D$15=J60)*('cotation préalable'!$E$5:$E$15=K60))=0,"Non cote",SUMPRODUCT(('cotation préalable'!$C$5:$C$15=I60)*('cotation préalable'!$D$5:$D$15=J60)*('cotation préalable'!$E$5:$E$15=K60)*'cotation préalable'!$H$5:$H$15)/SUMPRODUCT(('cotation préalable'!$C$5:$C$15=I60)*('cotation préalable'!$D$5:$D$15=J60)*('cotation préalable'!$E$5:$E$15=K60))) -> 158.49457 | P60: {=OR(IFERROR(INDEX('Mapping pannes'!$C$2:$C$16,MATCH(M60,'Mapping pannes'!$A$2:$A$16,0)),FALSE()),IFERROR(INDEX('Mapping pannes'!$C$2:$C$16,MATCH(N60,'Mapping pannes'!$A$2:$A$16,0)),FALSE()),IFERROR(INDEX('Mapping pannes'!$C$2:$C$16,MATCH(O60,'Mapping pannes'!$A$2:$A$16,0)),FALSE()))} -> FALSE | Q60: {=IFERROR(INDEX('Mapping pannes'!$D$2:$D$16,MATCH(M60,'Mapping pannes'!$A$2:$A$16,0)),0)+IFERROR(INDEX('Mapping pannes'!$D$2:$D$16,MATCH(N60,'Mapping pannes'!$A$2:$A$16,0)),0)+IFERROR(INDEX('Mapping pannes'!$D$2:$D$16,MATCH(O60,'Mapping pannes'!$A$2:$A$16,0)),0)} -> 0 | R60: =IF(NOT(ISNUMBER(L60)),"Non calculable",IF(P60,L60,MIN(L60,Q60))) -> 0 | S60: =IF(NOT(ISNUMBER(L60)),"Non calculable",MAX(0,L60-R60)) -> 158.49457 | T60: =IFERROR(VLOOKUP(E60,'Mapping pannes'!$G$2:$H$6,2,FALSE()),"") -> 0 | U60: =IF(OR(NOT(ISNUMBER(L60)),T60=""),"Non calculable",L60*T60) -> 0 | V60: =IF(OR(NOT(ISNUMBER(L60)),T60=""),"Non calculable",MAX(0,L60-R60-U60)) -> 158.49457 | W60: {=TRIM(IF(NOT(ISNUMBER(L60)),"Modele non cote. ","")&IF(T60="","Grade non reconnu pour decote esthetique. ","")&IFERROR(INDEX('Mapping pannes'!$E$2:$E$16,MATCH(M60,'Mapping pannes'!$A$2:$A$16,0))&" ","")&IFERROR(INDEX('Mapping pannes'!$E$2:$E$16,MATCH(N60,'Mapping pannes'!$A$2:$A$16,0))&" ","")&IFERROR(INDEX('Mapping pannes'!$E$2:$E$16,MATCH(O60,'Mapping pannes'!$A$2:$A$16,0))&" ",""))}
A61: 2603258 | B61: CND2241W0K | C61: HP | D61: ELITEBOOK_X360_1030_G8_NOTEBOOK_PC-13.2-I7_1185G7_3.00GHZ_16GB | E61: B | F61: CORE I7-1185G7 3.00 GHZ | G61: 16GB | H61: NVME SSD 512GB | I61: I7-1185G7 | J61: 16 Go | K61: 512GB | L61: =IF(SUMPRODUCT(('cotation préalable'!$C$5:$C$15=I61)*('cotation préalable'!$D$5:$D$15=J61)*('cotation préalable'!$E$5:$E$15=K61))=0,"Non cote",SUMPRODUCT(('cotation préalable'!$C$5:$C$15=I61)*('cotation préalable'!$D$5:$D$15=J61)*('cotation préalable'!$E$5:$E$15=K61)*'cotation préalable'!$H$5:$H$15)/SUMPRODUCT(('cotation préalable'!$C$5:$C$15=I61)*('cotation préalable'!$D$5:$D$15=J61)*('cotation préalable'!$E$5:$E$15=K61))) -> 158.49457 | P61: {=OR(IFERROR(INDEX('Mapping pannes'!$C$2:$C$16,MATCH(M61,'Mapping pannes'!$A$2:$A$16,0)),FALSE()),IFERROR(INDEX('Mapping pannes'!$C$2:$C$16,MATCH(N61,'Mapping pannes'!$A$2:$A$16,0)),FALSE()),IFERROR(INDEX('Mapping pannes'!$C$2:$C$16,MATCH(O61,'Mapping pannes'!$A$2:$A$16,0)),FALSE()))} -> FALSE | Q61: {=IFERROR(INDEX('Mapping pannes'!$D$2:$D$16,MATCH(M61,'Mapping pannes'!$A$2:$A$16,0)),0)+IFERROR(INDEX('Mapping pannes'!$D$2:$D$16,MATCH(N61,'Mapping pannes'!$A$2:$A$16,0)),0)+IFERROR(INDEX('Mapping pannes'!$D$2:$D$16,MATCH(O61,'Mapping pannes'!$A$2:$A$16,0)),0)} -> 0 | R61: =IF(NOT(ISNUMBER(L61)),"Non calculable",IF(P61,L61,MIN(L61,Q61))) -> 0 | S61: =IF(NOT(ISNUMBER(L61)),"Non calculable",MAX(0,L61-R61)) -> 158.49457 | T61: =IFERROR(VLOOKUP(E61,'Mapping pannes'!$G$2:$H$6,2,FALSE()),"") -> 0 | U61: =IF(OR(NOT(ISNUMBER(L61)),T61=""),"Non calculable",L61*T61) -> 0 | V61: =IF(OR(NOT(ISNUMBER(L61)),T61=""),"Non calculable",MAX(0,L61-R61-U61)) -> 158.49457 | W61: {=TRIM(IF(NOT(ISNUMBER(L61)),"Modele non cote. ","")&IF(T61="","Grade non reconnu pour decote esthetique. ","")&IFERROR(INDEX('Mapping pannes'!$E$2:$E$16,MATCH(M61,'Mapping pannes'!$A$2:$A$16,0))&" ","")&IFERROR(INDEX('Mapping pannes'!$E$2:$E$16,MATCH(N61,'Mapping pannes'!$A$2:$A$16,0))&" ","")&IFERROR(INDEX('Mapping pannes'!$E$2:$E$16,MATCH(O61,'Mapping pannes'!$A$2:$A$16,0))&" ",""))}
A62: 2603280 | B62: CND2241VYD | C62: HP | D62: ELITEBOOK_X360_1030_G8_NOTEBOOK_PC-13.2-I7_1185G7_3.00GHZ_16GB | E62: B | F62: CORE I7-1185G7 3.00 GHZ | G62: 16GB | H62: NVME SSD 512GB | I62: I7-1185G7 | J62: 16 Go | K62: 512GB | L62: =IF(SUMPRODUCT(('cotation préalable'!$C$5:$C$15=I62)*('cotation préalable'!$D$5:$D$15=J62)*('cotation préalable'!$E$5:$E$15=K62))=0,"Non cote",SUMPRODUCT(('cotation préalable'!$C$5:$C$15=I62)*('cotation préalable'!$D$5:$D$15=J62)*('cotation préalable'!$E$5:$E$15=K62)*'cotation préalable'!$H$5:$H$15)/SUMPRODUCT(('cotation préalable'!$C$5:$C$15=I62)*('cotation préalable'!$D$5:$D$15=J62)*('cotation préalable'!$E$5:$E$15=K62))) -> 158.49457 | P62: {=OR(IFERROR(INDEX('Mapping pannes'!$C$2:$C$16,MATCH(M62,'Mapping pannes'!$A$2:$A$16,0)),FALSE()),IFERROR(INDEX('Mapping pannes'!$C$2:$C$16,MATCH(N62,'Mapping pannes'!$A$2:$A$16,0)),FALSE()),IFERROR(INDEX('Mapping pannes'!$C$2:$C$16,MATCH(O62,'Mapping pannes'!$A$2:$A$16,0)),FALSE()))} -> FALSE | Q62: {=IFERROR(INDEX('Mapping pannes'!$D$2:$D$16,MATCH(M62,'Mapping pannes'!$A$2:$A$16,0)),0)+IFERROR(INDEX('Mapping pannes'!$D$2:$D$16,MATCH(N62,'Mapping pannes'!$A$2:$A$16,0)),0)+IFERROR(INDEX('Mapping pannes'!$D$2:$D$16,MATCH(O62,'Mapping pannes'!$A$2:$A$16,0)),0)} -> 0 | R62: =IF(NOT(ISNUMBER(L62)),"Non calculable",IF(P62,L62,MIN(L62,Q62))) -> 0 | S62: =IF(NOT(ISNUMBER(L62)),"Non calculable",MAX(0,L62-R62)) -> 158.49457 | T62: =IFERROR(VLOOKUP(E62,'Mapping pannes'!$G$2:$H$6,2,FALSE()),"") -> 0 | U62: =IF(OR(NOT(ISNUMBER(L62)),T62=""),"Non calculable",L62*T62) -> 0 | V62: =IF(OR(NOT(ISNUMBER(L62)),T62=""),"Non calculable",MAX(0,L62-R62-U62)) -> 158.49457 | W62: {=TRIM(IF(NOT(ISNUMBER(L62)),"Modele non cote. ","")&IF(T62="","Grade non reconnu pour decote esthetique. ","")&IFERROR(INDEX('Mapping pannes'!$E$2:$E$16,MATCH(M62,'Mapping pannes'!$A$2:$A$16,0))&" ","")&IFERROR(INDEX('Mapping pannes'!$E$2:$E$16,MATCH(N62,'Mapping pannes'!$A$2:$A$16,0))&" ","")&IFERROR(INDEX('Mapping pannes'!$E$2:$E$16,MATCH(O62,'Mapping pannes'!$A$2:$A$16,0))&" ",""))}
A63: 2603299 | B63: CND2241VY5 | C63: HP | D63: ELITEBOOK_X360_1030_G8_NOTEBOOK_PC-13.2-I7_1185G7_3.00GHZ_16GB | E63: C+ | F63: CORE I7-1185G7 3.00 GHZ | G63: 16GB | H63: NVME SSD 512GB | I63: I7-1185G7 | J63: 16 Go | K63: 512GB | L63: =IF(SUMPRODUCT(('cotation préalable'!$C$5:$C$15=I63)*('cotation préalable'!$D$5:$D$15=J63)*('cotation préalable'!$E$5:$E$15=K63))=0,"Non cote",SUMPRODUCT(('cotation préalable'!$C$5:$C$15=I63)*('cotation préalable'!$D$5:$D$15=J63)*('cotation préalable'!$E$5:$E$15=K63)*'cotation préalable'!$H$5:$H$15)/SUMPRODUCT(('cotation préalable'!$C$5:$C$15=I63)*('cotation préalable'!$D$5:$D$15=J63)*('cotation préalable'!$E$5:$E$15=K63))) -> 158.49457 | P63: {=OR(IFERROR(INDEX('Mapping pannes'!$C$2:$C$16,MATCH(M63,'Mapping pannes'!$A$2:$A$16,0)),FALSE()),IFERROR(INDEX('Mapping pannes'!$C$2:$C$16,MATCH(N63,'Mapping pannes'!$A$2:$A$16,0)),FALSE()),IFERROR(INDEX('Mapping pannes'!$C$2:$C$16,MATCH(O63,'Mapping pannes'!$A$2:$A$16,0)),FALSE()))} -> FALSE | Q63: {=IFERROR(INDEX('Mapping pannes'!$D$2:$D$16,MATCH(M63,'Mapping pannes'!$A$2:$A$16,0)),0)+IFERROR(INDEX('Mapping pannes'!$D$2:$D$16,MATCH(N63,'Mapping pannes'!$A$2:$A$16,0)),0)+IFERROR(INDEX('Mapping pannes'!$D$2:$D$16,MATCH(O63,'Mapping pannes'!$A$2:$A$16,0)),0)} -> 0 | R63: =IF(NOT(ISNUMBER(L63)),"Non calculable",IF(P63,L63,MIN(L63,Q63))) -> 0 | S63: =IF(NOT(ISNUMBER(L63)),"Non calculable",MAX(0,L63-R63)) -> 158.49457 | T63: =IFERROR(VLOOKUP(E63,'Mapping pannes'!$G$2:$H$6,2,FALSE()),"") -> 0.2 | U63: =IF(OR(NOT(ISNUMBER(L63)),T63=""),"Non calculable",L63*T63) -> 31.698913 | V63: =IF(OR(NOT(ISNUMBER(L63)),T63=""),"Non calculable",MAX(0,L63-R63-U63)) -> 126.79565 | W63: {=TRIM(IF(NOT(ISNUMBER(L63)),"Modele non cote. ","")&IF(T63="","Grade non reconnu pour decote esthetique. ","")&IFERROR(INDEX('Mapping pannes'!$E$2:$E$16,MATCH(M63,'Mapping pannes'!$A$2:$A$16,0))&" ","")&IFERROR(INDEX('Mapping pannes'!$E$2:$E$16,MATCH(N63,'Mapping pannes'!$A$2:$A$16,0))&" ","")&IFERROR(INDEX('Mapping pannes'!$E$2:$E$16,MATCH(O63,'Mapping pannes'!$A$2:$A$16,0))&" ",""))}
A64: 2602705 | B64: CND2241W54 | C64: HP | D64: ELITEBOOK_X360_1030_G8_NOTEBOOK_PC-13.2-I7_1185G7_3.00GHZ_16GB | E64: B | F64: CORE I7-1185G7 3.00 GHZ | G64: 16GB | H64: NVME SSD 512GB | I64: I7-1185G7 | J64: 16 Go | K64: 512GB | L64: =IF(SUMPRODUCT(('cotation préalable'!$C$5:$C$15=I64)*('cotation préalable'!$D$5:$D$15=J64)*('cotation préalable'!$E$5:$E$15=K64))=0,"Non cote",SUMPRODUCT(('cotation préalable'!$C$5:$C$15=I64)*('cotation préalable'!$D$5:$D$15=J64)*('cotation préalable'!$E$5:$E$15=K64)*'cotation préalable'!$H$5:$H$15)/SUMPRODUCT(('cotation préalable'!$C$5:$C$15=I64)*('cotation préalable'!$D$5:$D$15=J64)*('cotation préalable'!$E$5:$E$15=K64))) -> 158.49457 | M64: PATIN_MANQUANT | P64: {=OR(IFERROR(INDEX('Mapping pannes'!$C$2:$C$16,MATCH(M64,'Mapping pannes'!$A$2:$A$16,0)),FALSE()),IFERROR(INDEX('Mapping pannes'!$C$2:$C$16,MATCH(N64,'Mapping pannes'!$A$2:$A$16,0)),FALSE()),IFERROR(INDEX('Mapping pannes'!$C$2:$C$16,MATCH(O64,'Mapping pannes'!$A$2:$A$16,0)),FALSE()))} -> FALSE | Q64: {=IFERROR(INDEX('Mapping pannes'!$D$2:$D$16,MATCH(M64,'Mapping pannes'!$A$2:$A$16,0)),0)+IFERROR(INDEX('Mapping pannes'!$D$2:$D$16,MATCH(N64,'Mapping pannes'!$A$2:$A$16,0)),0)+IFERROR(INDEX('Mapping pannes'!$D$2:$D$16,MATCH(O64,'Mapping pannes'!$A$2:$A$16,0)),0)} -> 15 | R64: =IF(NOT(ISNUMBER(L64)),"Non calculable",IF(P64,L64,MIN(L64,Q64))) -> 15 | S64: =IF(NOT(ISNUMBER(L64)),"Non calculable",MAX(0,L64-R64)) -> 143.49457 | T64: =IFERROR(VLOOKUP(E64,'Mapping pannes'!$G$2:$H$6,2,FALSE()),"") -> 0 | U64: =IF(OR(NOT(ISNUMBER(L64)),T64=""),"Non calculable",L64*T64) -> 0 | V64: =IF(OR(NOT(ISNUMBER(L64)),T64=""),"Non calculable",MAX(0,L64-R64-U64)) -> 143.49457 | W64: {=TRIM(IF(NOT(ISNUMBER(L64)),"Modele non cote. ","")&IF(T64="","Grade non reconnu pour decote esthetique. ","")&IFERROR(INDEX('Mapping pannes'!$E$2:$E$16,MATCH(M64,'Mapping pannes'!$A$2:$A$16,0))&" ","")&IFERROR(INDEX('Mapping pannes'!$E$2:$E$16,MATCH(N64,'Mapping pannes'!$A$2:$A$16,0))&" ","")&IFERROR(INDEX('Mapping pannes'!$E$2:$E$16,MATCH(O64,'Mapping pannes'!$A$2:$A$16,0))&" ",""))}
A65: 2602714 | B65: CND2241W2W | C65: HP | D65: ELITEBOOK_X360_1030_G8_NOTEBOOK_PC-13.2-I7_1185G7_3.00GHZ_16GB | E65: B | F65: CORE I7-1185G7 3.00 GHZ | G65: 16GB | H65: NVME SSD 512GB | I65: I7-1185G7 | J65: 16 Go | K65: 512GB | L65: =IF(SUMPRODUCT(('cotation préalable'!$C$5:$C$15=I65)*('cotation préalable'!$D$5:$D$15=J65)*('cotation préalable'!$E$5:$E$15=K65))=0,"Non cote",SUMPRODUCT(('cotation préalable'!$C$5:$C$15=I65)*('cotation préalable'!$D$5:$D$15=J65)*('cotation préalable'!$E$5:$E$15=K65)*'cotation préalable'!$H$5:$H$15)/SUMPRODUCT(('cotation préalable'!$C$5:$C$15=I65)*('cotation préalable'!$D$5:$D$15=J65)*('cotation préalable'!$E$5:$E$15=K65))) -> 158.49457 | M65: PATIN_MANQUANT | P65: {=OR(IFERROR(INDEX('Mapping pannes'!$C$2:$C$16,MATCH(M65,'Mapping pannes'!$A$2:$A$16,0)),FALSE()),IFERROR(INDEX('Mapping pannes'!$C$2:$C$16,MATCH(N65,'Mapping pannes'!$A$2:$A$16,0)),FALSE()),IFERROR(INDEX('Mapping pannes'!$C$2:$C$16,MATCH(O65,'Mapping pannes'!$A$2:$A$16,0)),FALSE()))} -> FALSE | Q65: {=IFERROR(INDEX('Mapping pannes'!$D$2:$D$16,MATCH(M65,'Mapping pannes'!$A$2:$A$16,0)),0)+IFERROR(INDEX('Mapping pannes'!$D$2:$D$16,MATCH(N65,'Mapping pannes'!$A$2:$A$16,0)),0)+IFERROR(INDEX('Mapping pannes'!$D$2:$D$16,MATCH(O65,'Mapping pannes'!$A$2:$A$16,0)),0)} -> 15 | R65: =IF(NOT(ISNUMBER(L65)),"Non calculable",IF(P65,L65,MIN(L65,Q65))) -> 15 | S65: =IF(NOT(ISNUMBER(L65)),"Non calculable",MAX(0,L65-R65)) -> 143.49457 | T65: =IFERROR(VLOOKUP(E65,'Mapping pannes'!$G$2:$H$6,2,FALSE()),"") -> 0 | U65: =IF(OR(NOT(ISNUMBER(L65)),T65=""),"Non calculable",L65*T65) -> 0 | V65: =IF(OR(NOT(ISNUMBER(L65)),T65=""),"Non calculable",MAX(0,L65-R65-U65)) -> 143.49457 | W65: {=TRIM(IF(NOT(ISNUMBER(L65)),"Modele non cote. ","")&IF(T65="","Grade non reconnu pour decote esthetique. ","")&IFERROR(INDEX('Mapping pannes'!$E$2:$E$16,MATCH(M65,'Mapping pannes'!$A$2:$A$16,0))&" ","")&IFERROR(INDEX('Mapping pannes'!$E$2:$E$16,MATCH(N65,'Mapping pannes'!$A$2:$A$16,0))&" ","")&IFERROR(INDEX('Mapping pannes'!$E$2:$E$16,MATCH(O65,'Mapping pannes'!$A$2:$A$16,0))&" ",""))}
A66: 2602715 | B66: CND2241W3Z | C66: HP | D66: ELITEBOOK_X360_1030_G8_NOTEBOOK_PC-13.2-I7_1185G7_3.00GHZ_16GB | E66: B | F66: CORE I7-1185G7 3.00 GHZ | G66: 16GB | H66: NVME SSD 512GB | I66: I7-1185G7 | J66: 16 Go | K66: 512GB | L66: =IF(SUMPRODUCT(('cotation préalable'!$C$5:$C$15=I66)*('cotation préalable'!$D$5:$D$15=J66)*('cotation préalable'!$E$5:$E$15=K66))=0,"Non cote",SUMPRODUCT(('cotation préalable'!$C$5:$C$15=I66)*('cotation préalable'!$D$5:$D$15=J66)*('cotation préalable'!$E$5:$E$15=K66)*'cotation préalable'!$H$5:$H$15)/SUMPRODUCT(('cotation préalable'!$C$5:$C$15=I66)*('cotation préalable'!$D$5:$D$15=J66)*('cotation préalable'!$E$5:$E$15=K66))) -> 158.49457 | M66: PATIN_MANQUANT | P66: {=OR(IFERROR(INDEX('Mapping pannes'!$C$2:$C$16,MATCH(M66,'Mapping pannes'!$A$2:$A$16,0)),FALSE()),IFERROR(INDEX('Mapping pannes'!$C$2:$C$16,MATCH(N66,'Mapping pannes'!$A$2:$A$16,0)),FALSE()),IFERROR(INDEX('Mapping pannes'!$C$2:$C$16,MATCH(O66,'Mapping pannes'!$A$2:$A$16,0)),FALSE()))} -> FALSE | Q66: {=IFERROR(INDEX('Mapping pannes'!$D$2:$D$16,MATCH(M66,'Mapping pannes'!$A$2:$A$16,0)),0)+IFERROR(INDEX('Mapping pannes'!$D$2:$D$16,MATCH(N66,'Mapping pannes'!$A$2:$A$16,0)),0)+IFERROR(INDEX('Mapping pannes'!$D$2:$D$16,MATCH(O66,'Mapping pannes'!$A$2:$A$16,0)),0)} -> 15 | R66: =IF(NOT(ISNUMBER(L66)),"Non calculable",IF(P66,L66,MIN(L66,Q66))) -> 15 | S66: =IF(NOT(ISNUMBER(L66)),"Non calculable",MAX(0,L66-R66)) -> 143.49457 | T66: =IFERROR(VLOOKUP(E66,'Mapping pannes'!$G$2:$H$6,2,FALSE()),"") -> 0 | U66: =IF(OR(NOT(ISNUMBER(L66)),T66=""),"Non calculable",L66*T66) -> 0 | V66: =IF(OR(NOT(ISNUMBER(L66)),T66=""),"Non calculable",MAX(0,L66-R66-U66)) -> 143.49457 | W66: {=TRIM(IF(NOT(ISNUMBER(L66)),"Modele non cote. ","")&IF(T66="","Grade non reconnu pour decote esthetique. ","")&IFERROR(INDEX('Mapping pannes'!$E$2:$E$16,MATCH(M66,'Mapping pannes'!$A$2:$A$16,0))&" ","")&IFERROR(INDEX('Mapping pannes'!$E$2:$E$16,MATCH(N66,'Mapping pannes'!$A$2:$A$16,0))&" ","")&IFERROR(INDEX('Mapping pannes'!$E$2:$E$16,MATCH(O66,'Mapping pannes'!$A$2:$A$16,0))&" ",""))}
A67: 2602724 | B67: CND2241W3S | C67: HP | D67: ELITEBOOK_X360_1030_G8_NOTEBOOK_PC-13.2-I7_1185G7_3.00GHZ_16GB | E67: B | F67: CORE I7-1185G7 3.00 GHZ | G67: 16GB | H67: NVME SSD 512GB | I67: I7-1185G7 | J67: 16 Go | K67: 512GB | L67: =IF(SUMPRODUCT(('cotation préalable'!$C$5:$C$15=I67)*('cotation préalable'!$D$5:$D$15=J67)*('cotation préalable'!$E$5:$E$15=K67))=0,"Non cote",SUMPRODUCT(('cotation préalable'!$C$5:$C$15=I67)*('cotation préalable'!$D$5:$D$15=J67)*('cotation préalable'!$E$5:$E$15=K67)*'cotation préalable'!$H$5:$H$15)/SUMPRODUCT(('cotation préalable'!$C$5:$C$15=I67)*('cotation préalable'!$D$5:$D$15=J67)*('cotation préalable'!$E$5:$E$15=K67))) -> 158.49457 | M67: PATIN_MANQUANT | P67: {=OR(IFERROR(INDEX('Mapping pannes'!$C$2:$C$16,MATCH(M67,'Mapping pannes'!$A$2:$A$16,0)),FALSE()),IFERROR(INDEX('Mapping pannes'!$C$2:$C$16,MATCH(N67,'Mapping pannes'!$A$2:$A$16,0)),FALSE()),IFERROR(INDEX('Mapping pannes'!$C$2:$C$16,MATCH(O67,'Mapping pannes'!$A$2:$A$16,0)),FALSE()))} -> FALSE | Q67: {=IFERROR(INDEX('Mapping pannes'!$D$2:$D$16,MATCH(M67,'Mapping pannes'!$A$2:$A$16,0)),0)+IFERROR(INDEX('Mapping pannes'!$D$2:$D$16,MATCH(N67,'Mapping pannes'!$A$2:$A$16,0)),0)+IFERROR(INDEX('Mapping pannes'!$D$2:$D$16,MATCH(O67,'Mapping pannes'!$A$2:$A$16,0)),0)} -> 15 | R67: =IF(NOT(ISNUMBER(L67)),"Non calculable",IF(P67,L67,MIN(L67,Q67))) -> 15 | S67: =IF(NOT(ISNUMBER(L67)),"Non calculable",MAX(0,L67-R67)) -> 143.49457 | T67: =IFERROR(VLOOKUP(E67,'Mapping pannes'!$G$2:$H$6,2,FALSE()),"") -> 0 | U67: =IF(OR(NOT(ISNUMBER(L67)),T67=""),"Non calculable",L67*T67) -> 0 | V67: =IF(OR(NOT(ISNUMBER(L67)),T67=""),"Non calculable",MAX(0,L67-R67-U67)) -> 143.49457 | W67: {=TRIM(IF(NOT(ISNUMBER(L67)),"Modele non cote. ","")&IF(T67="","Grade non reconnu pour decote esthetique. ","")&IFERROR(INDEX('Mapping pannes'!$E$2:$E$16,MATCH(M67,'Mapping pannes'!$A$2:$A$16,0))&" ","")&IFERROR(INDEX('Mapping pannes'!$E$2:$E$16,MATCH(N67,'Mapping pannes'!$A$2:$A$16,0))&" ","")&IFERROR(INDEX('Mapping pannes'!$E$2:$E$16,MATCH(O67,'Mapping pannes'!$A$2:$A$16,0))&" ",""))}
A68: 2602788 | B68: CND2241VW6 | C68: HP | D68: ELITEBOOK_X360_1030_G8_NOTEBOOK_PC-13.2-I7_1185G7_3.00GHZ_16GB | E68: B | F68: CORE I7-1185G7 3.00 GHZ | G68: 16GB | H68: NVME SSD 512GB | I68: I7-1185G7 | J68: 16 Go | K68: 512GB | L68: =IF(SUMPRODUCT(('cotation préalable'!$C$5:$C$15=I68)*('cotation préalable'!$D$5:$D$15=J68)*('cotation préalable'!$E$5:$E$15=K68))=0,"Non cote",SUMPRODUCT(('cotation préalable'!$C$5:$C$15=I68)*('cotation préalable'!$D$5:$D$15=J68)*('cotation préalable'!$E$5:$E$15=K68)*'cotation préalable'!$H$5:$H$15)/SUMPRODUCT(('cotation préalable'!$C$5:$C$15=I68)*('cotation préalable'!$D$5:$D$15=J68)*('cotation préalable'!$E$5:$E$15=K68))) -> 158.49457 | M68: PATIN_MANQUANT | P68: {=OR(IFERROR(INDEX('Mapping pannes'!$C$2:$C$16,MATCH(M68,'Mapping pannes'!$A$2:$A$16,0)),FALSE()),IFERROR(INDEX('Mapping pannes'!$C$2:$C$16,MATCH(N68,'Mapping pannes'!$A$2:$A$16,0)),FALSE()),IFERROR(INDEX('Mapping pannes'!$C$2:$C$16,MATCH(O68,'Mapping pannes'!$A$2:$A$16,0)),FALSE()))} -> FALSE | Q68: {=IFERROR(INDEX('Mapping pannes'!$D$2:$D$16,MATCH(M68,'Mapping pannes'!$A$2:$A$16,0)),0)+IFERROR(INDEX('Mapping pannes'!$D$2:$D$16,MATCH(N68,'Mapping pannes'!$A$2:$A$16,0)),0)+IFERROR(INDEX('Mapping pannes'!$D$2:$D$16,MATCH(O68,'Mapping pannes'!$A$2:$A$16,0)),0)} -> 15 | R68: =IF(NOT(ISNUMBER(L68)),"Non calculable",IF(P68,L68,MIN(L68,Q68))) -> 15 | S68: =IF(NOT(ISNUMBER(L68)),"Non calculable",MAX(0,L68-R68)) -> 143.49457 | T68: =IFERROR(VLOOKUP(E68,'Mapping pannes'!$G$2:$H$6,2,FALSE()),"") -> 0 | U68: =IF(OR(NOT(ISNUMBER(L68)),T68=""),"Non calculable",L68*T68) -> 0 | V68: =IF(OR(NOT(ISNUMBER(L68)),T68=""),"Non calculable",MAX(0,L68-R68-U68)) -> 143.49457 | W68: {=TRIM(IF(NOT(ISNUMBER(L68)),"Modele non cote. ","")&IF(T68="","Grade non reconnu pour decote esthetique. ","")&IFERROR(INDEX('Mapping pannes'!$E$2:$E$16,MATCH(M68,'Mapping pannes'!$A$2:$A$16,0))&" ","")&IFERROR(INDEX('Mapping pannes'!$E$2:$E$16,MATCH(N68,'Mapping pannes'!$A$2:$A$16,0))&" ","")&IFERROR(INDEX('Mapping pannes'!$E$2:$E$16,MATCH(O68,'Mapping pannes'!$A$2:$A$16,0))&" ",""))}
A69: 2602833 | B69: CND2241W36 | C69: HP | D69: ELITEBOOK_X360_1030_G8_NOTEBOOK_PC-13.2-I7_1185G7_3.00GHZ_16GB | E69: B | F69: CORE I7-1185G7 3.00 GHZ | G69: 16GB | H69: NVME SSD 512GB | I69: I7-1185G7 | J69: 16 Go | K69: 512GB | L69: =IF(SUMPRODUCT(('cotation préalable'!$C$5:$C$15=I69)*('cotation préalable'!$D$5:$D$15=J69)*('cotation préalable'!$E$5:$E$15=K69))=0,"Non cote",SUMPRODUCT(('cotation préalable'!$C$5:$C$15=I69)*('cotation préalable'!$D$5:$D$15=J69)*('cotation préalable'!$E$5:$E$15=K69)*'cotation préalable'!$H$5:$H$15)/SUMPRODUCT(('cotation préalable'!$C$5:$C$15=I69)*('cotation préalable'!$D$5:$D$15=J69)*('cotation préalable'!$E$5:$E$15=K69))) -> 158.49457 | M69: PATIN_MANQUANT | P69: {=OR(IFERROR(INDEX('Mapping pannes'!$C$2:$C$16,MATCH(M69,'Mapping pannes'!$A$2:$A$16,0)),FALSE()),IFERROR(INDEX('Mapping pannes'!$C$2:$C$16,MATCH(N69,'Mapping pannes'!$A$2:$A$16,0)),FALSE()),IFERROR(INDEX('Mapping pannes'!$C$2:$C$16,MATCH(O69,'Mapping pannes'!$A$2:$A$16,0)),FALSE()))} -> FALSE | Q69: {=IFERROR(INDEX('Mapping pannes'!$D$2:$D$16,MATCH(M69,'Mapping pannes'!$A$2:$A$16,0)),0)+IFERROR(INDEX('Mapping pannes'!$D$2:$D$16,MATCH(N69,'Mapping pannes'!$A$2:$A$16,0)),0)+IFERROR(INDEX('Mapping pannes'!$D$2:$D$16,MATCH(O69,'Mapping pannes'!$A$2:$A$16,0)),0)} -> 15 | R69: =IF(NOT(ISNUMBER(L69)),"Non calculable",IF(P69,L69,MIN(L69,Q69))) -> 15 | S69: =IF(NOT(ISNUMBER(L69)),"Non calculable",MAX(0,L69-R69)) -> 143.49457 | T69: =IFERROR(VLOOKUP(E69,'Mapping pannes'!$G$2:$H$6,2,FALSE()),"") -> 0 | U69: =IF(OR(NOT(ISNUMBER(L69)),T69=""),"Non calculable",L69*T69) -> 0 | V69: =IF(OR(NOT(ISNUMBER(L69)),T69=""),"Non calculable",MAX(0,L69-R69-U69)) -> 143.49457 | W69: {=TRIM(IF(NOT(ISNUMBER(L69)),"Modele non cote. ","")&IF(T69="","Grade non reconnu pour decote esthetique. ","")&IFERROR(INDEX('Mapping pannes'!$E$2:$E$16,MATCH(M69,'Mapping pannes'!$A$2:$A$16,0))&" ","")&IFERROR(INDEX('Mapping pannes'!$E$2:$E$16,MATCH(N69,'Mapping pannes'!$A$2:$A$16,0))&" ","")&IFERROR(INDEX('Mapping pannes'!$E$2:$E$16,MATCH(O69,'Mapping pannes'!$A$2:$A$16,0))&" ",""))}
A70: 2603043 | B70: CND2241W10 | C70: HP | D70: ELITEBOOK_X360_1030_G8_NOTEBOOK_PC-13.2-I7_1185G7_3.00GHZ_16GB | E70: B | F70: CORE I7-1185G7 3.00 GHZ | G70: 16GB | H70: NVME SSD 512GB | I70: I7-1185G7 | J70: 16 Go | K70: 512GB | L70: =IF(SUMPRODUCT(('cotation préalable'!$C$5:$C$15=I70)*('cotation préalable'!$D$5:$D$15=J70)*('cotation préalable'!$E$5:$E$15=K70))=0,"Non cote",SUMPRODUCT(('cotation préalable'!$C$5:$C$15=I70)*('cotation préalable'!$D$5:$D$15=J70)*('cotation préalable'!$E$5:$E$15=K70)*'cotation préalable'!$H$5:$H$15)/SUMPRODUCT(('cotation préalable'!$C$5:$C$15=I70)*('cotation préalable'!$D$5:$D$15=J70)*('cotation préalable'!$E$5:$E$15=K70))) -> 158.49457 | M70: PATIN_MANQUANT | P70: {=OR(IFERROR(INDEX('Mapping pannes'!$C$2:$C$16,MATCH(M70,'Mapping pannes'!$A$2:$A$16,0)),FALSE()),IFERROR(INDEX('Mapping pannes'!$C$2:$C$16,MATCH(N70,'Mapping pannes'!$A$2:$A$16,0)),FALSE()),IFERROR(INDEX('Mapping pannes'!$C$2:$C$16,MATCH(O70,'Mapping pannes'!$A$2:$A$16,0)),FALSE()))} -> FALSE | Q70: {=IFERROR(INDEX('Mapping pannes'!$D$2:$D$16,MATCH(M70,'Mapping pannes'!$A$2:$A$16,0)),0)+IFERROR(INDEX('Mapping pannes'!$D$2:$D$16,MATCH(N70,'Mapping pannes'!$A$2:$A$16,0)),0)+IFERROR(INDEX('Mapping pannes'!$D$2:$D$16,MATCH(O70,'Mapping pannes'!$A$2:$A$16,0)),0)} -> 15 | R70: =IF(NOT(ISNUMBER(L70)),"Non calculable",IF(P70,L70,MIN(L70,Q70))) -> 15 | S70: =IF(NOT(ISNUMBER(L70)),"Non calculable",MAX(0,L70-R70)) -> 143.49457 | T70: =IFERROR(VLOOKUP(E70,'Mapping pannes'!$G$2:$H$6,2,FALSE()),"") -> 0 | U70: =IF(OR(NOT(ISNUMBER(L70)),T70=""),"Non calculable",L70*T70) -> 0 | V70: =IF(OR(NOT(ISNUMBER(L70)),T70=""),"Non calculable",MAX(0,L70-R70-U70)) -> 143.49457 | W70: {=TRIM(IF(NOT(ISNUMBER(L70)),"Modele non cote. ","")&IF(T70="","Grade non reconnu pour decote esthetique. ","")&IFERROR(INDEX('Mapping pannes'!$E$2:$E$16,MATCH(M70,'Mapping pannes'!$A$2:$A$16,0))&" ","")&IFERROR(INDEX('Mapping pannes'!$E$2:$E$16,MATCH(N70,'Mapping pannes'!$A$2:$A$16,0))&" ","")&IFERROR(INDEX('Mapping pannes'!$E$2:$E$16,MATCH(O70,'Mapping pannes'!$A$2:$A$16,0))&" ",""))}
A71: 2603257 | B71: CND2241W4K | C71: HP | D71: ELITEBOOK_X360_1030_G8_NOTEBOOK_PC-13.2-I7_1185G7_3.00GHZ_16GB | E71: B | F71: CORE I7-1185G7 3.00 GHZ | G71: 16GB | H71: NVME SSD 512GB | I71: I7-1185G7 | J71: 16 Go | K71: 512GB | L71: =IF(SUMPRODUCT(('cotation préalable'!$C$5:$C$15=I71)*('cotation préalable'!$D$5:$D$15=J71)*('cotation préalable'!$E$5:$E$15=K71))=0,"Non cote",SUMPRODUCT(('cotation préalable'!$C$5:$C$15=I71)*('cotation préalable'!$D$5:$D$15=J71)*('cotation préalable'!$E$5:$E$15=K71)*'cotation préalable'!$H$5:$H$15)/SUMPRODUCT(('cotation préalable'!$C$5:$C$15=I71)*('cotation préalable'!$D$5:$D$15=J71)*('cotation préalable'!$E$5:$E$15=K71))) -> 158.49457 | M71: PATIN_MANQUANT | P71: {=OR(IFERROR(INDEX('Mapping pannes'!$C$2:$C$16,MATCH(M71,'Mapping pannes'!$A$2:$A$16,0)),FALSE()),IFERROR(INDEX('Mapping pannes'!$C$2:$C$16,MATCH(N71,'Mapping pannes'!$A$2:$A$16,0)),FALSE()),IFERROR(INDEX('Mapping pannes'!$C$2:$C$16,MATCH(O71,'Mapping pannes'!$A$2:$A$16,0)),FALSE()))} -> FALSE | Q71: {=IFERROR(INDEX('Mapping pannes'!$D$2:$D$16,MATCH(M71,'Mapping pannes'!$A$2:$A$16,0)),0)+IFERROR(INDEX('Mapping pannes'!$D$2:$D$16,MATCH(N71,'Mapping pannes'!$A$2:$A$16,0)),0)+IFERROR(INDEX('Mapping pannes'!$D$2:$D$16,MATCH(O71,'Mapping pannes'!$A$2:$A$16,0)),0)} -> 15 | R71: =IF(NOT(ISNUMBER(L71)),"Non calculable",IF(P71,L71,MIN(L71,Q71))) -> 15 | S71: =IF(NOT(ISNUMBER(L71)),"Non calculable",MAX(0,L71-R71)) -> 143.49457 | T71: =IFERROR(VLOOKUP(E71,'Mapping pannes'!$G$2:$H$6,2,FALSE()),"") -> 0 | U71: =IF(OR(NOT(ISNUMBER(L71)),T71=""),"Non calculable",L71*T71) -> 0 | V71: =IF(OR(NOT(ISNUMBER(L71)),T71=""),"Non calculable",MAX(0,L71-R71-U71)) -> 143.49457 | W71: {=TRIM(IF(NOT(ISNUMBER(L71)),"Modele non cote. ","")&IF(T71="","Grade non reconnu pour decote esthetique. ","")&IFERROR(INDEX('Mapping pannes'!$E$2:$E$16,MATCH(M71,'Mapping pannes'!$A$2:$A$16,0))&" ","")&IFERROR(INDEX('Mapping pannes'!$E$2:$E$16,MATCH(N71,'Mapping pannes'!$A$2:$A$16,0))&" ","")&IFERROR(INDEX('Mapping pannes'!$E$2:$E$16,MATCH(O71,'Mapping pannes'!$A$2:$A$16,0))&" ",""))}
A72: 2603269 | B72: CND2241W3G | C72: HP | D72: ELITEBOOK_X360_1030_G8_NOTEBOOK_PC-13.2-I7_1185G7_3.00GHZ_16GB | E72: B | F72: CORE I7-1185G7 3.00 GHZ | G72: 16GB | H72: NVME SSD 512GB | I72: I7-1185G7 | J72: 16 Go | K72: 512GB | L72: =IF(SUMPRODUCT(('cotation préalable'!$C$5:$C$15=I72)*('cotation préalable'!$D$5:$D$15=J72)*('cotation préalable'!$E$5:$E$15=K72))=0,"Non cote",SUMPRODUCT(('cotation préalable'!$C$5:$C$15=I72)*('cotation préalable'!$D$5:$D$15=J72)*('cotation préalable'!$E$5:$E$15=K72)*'cotation préalable'!$H$5:$H$15)/SUMPRODUCT(('cotation préalable'!$C$5:$C$15=I72)*('cotation préalable'!$D$5:$D$15=J72)*('cotation préalable'!$E$5:$E$15=K72))) -> 158.49457 | M72: PATIN_MANQUANT | P72: {=OR(IFERROR(INDEX('Mapping pannes'!$C$2:$C$16,MATCH(M72,'Mapping pannes'!$A$2:$A$16,0)),FALSE()),IFERROR(INDEX('Mapping pannes'!$C$2:$C$16,MATCH(N72,'Mapping pannes'!$A$2:$A$16,0)),FALSE()),IFERROR(INDEX('Mapping pannes'!$C$2:$C$16,MATCH(O72,'Mapping pannes'!$A$2:$A$16,0)),FALSE()))} -> FALSE | Q72: {=IFERROR(INDEX('Mapping pannes'!$D$2:$D$16,MATCH(M72,'Mapping pannes'!$A$2:$A$16,0)),0)+IFERROR(INDEX('Mapping pannes'!$D$2:$D$16,MATCH(N72,'Mapping pannes'!$A$2:$A$16,0)),0)+IFERROR(INDEX('Mapping pannes'!$D$2:$D$16,MATCH(O72,'Mapping pannes'!$A$2:$A$16,0)),0)} -> 15 | R72: =IF(NOT(ISNUMBER(L72)),"Non calculable",IF(P72,L72,MIN(L72,Q72))) -> 15 | S72: =IF(NOT(ISNUMBER(L72)),"Non calculable",MAX(0,L72-R72)) -> 143.49457 | T72: =IFERROR(VLOOKUP(E72,'Mapping pannes'!$G$2:$H$6,2,FALSE()),"") -> 0 | U72: =IF(OR(NOT(ISNUMBER(L72)),T72=""),"Non calculable",L72*T72) -> 0 | V72: =IF(OR(NOT(ISNUMBER(L72)),T72=""),"Non calculable",MAX(0,L72-R72-U72)) -> 143.49457 | W72: {=TRIM(IF(NOT(ISNUMBER(L72)),"Modele non cote. ","")&IF(T72="","Grade non reconnu pour decote esthetique. ","")&IFERROR(INDEX('Mapping pannes'!$E$2:$E$16,MATCH(M72,'Mapping pannes'!$A$2:$A$16,0))&" ","")&IFERROR(INDEX('Mapping pannes'!$E$2:$E$16,MATCH(N72,'Mapping pannes'!$A$2:$A$16,0))&" ","")&IFERROR(INDEX('Mapping pannes'!$E$2:$E$16,MATCH(O72,'Mapping pannes'!$A$2:$A$16,0))&" ",""))}
A73: 2603271 | B73: CND2241W6T | C73: HP | D73: ELITEBOOK_X360_1030_G8_NOTEBOOK_PC-13.2-I7_1185G7_3.00GHZ_16GB | E73: B | F73: CORE I7-1185G7 3.00 GHZ | G73: 16GB | H73: NVME SSD 512GB | I73: I7-1185G7 | J73: 16 Go | K73: 512GB | L73: =IF(SUMPRODUCT(('cotation préalable'!$C$5:$C$15=I73)*('cotation préalable'!$D$5:$D$15=J73)*('cotation préalable'!$E$5:$E$15=K73))=0,"Non cote",SUMPRODUCT(('cotation préalable'!$C$5:$C$15=I73)*('cotation préalable'!$D$5:$D$15=J73)*('cotation préalable'!$E$5:$E$15=K73)*'cotation préalable'!$H$5:$H$15)/SUMPRODUCT(('cotation préalable'!$C$5:$C$15=I73)*('cotation préalable'!$D$5:$D$15=J73)*('cotation préalable'!$E$5:$E$15=K73))) -> 158.49457 | M73: PATIN_MANQUANT | P73: {=OR(IFERROR(INDEX('Mapping pannes'!$C$2:$C$16,MATCH(M73,'Mapping pannes'!$A$2:$A$16,0)),FALSE()),IFERROR(INDEX('Mapping pannes'!$C$2:$C$16,MATCH(N73,'Mapping pannes'!$A$2:$A$16,0)),FALSE()),IFERROR(INDEX('Mapping pannes'!$C$2:$C$16,MATCH(O73,'Mapping pannes'!$A$2:$A$16,0)),FALSE()))} -> FALSE | Q73: {=IFERROR(INDEX('Mapping pannes'!$D$2:$D$16,MATCH(M73,'Mapping pannes'!$A$2:$A$16,0)),0)+IFERROR(INDEX('Mapping pannes'!$D$2:$D$16,MATCH(N73,'Mapping pannes'!$A$2:$A$16,0)),0)+IFERROR(INDEX('Mapping pannes'!$D$2:$D$16,MATCH(O73,'Mapping pannes'!$A$2:$A$16,0)),0)} -> 15 | R73: =IF(NOT(ISNUMBER(L73)),"Non calculable",IF(P73,L73,MIN(L73,Q73))) -> 15 | S73: =IF(NOT(ISNUMBER(L73)),"Non calculable",MAX(0,L73-R73)) -> 143.49457 | T73: =IFERROR(VLOOKUP(E73,'Mapping pannes'!$G$2:$H$6,2,FALSE()),"") -> 0 | U73: =IF(OR(NOT(ISNUMBER(L73)),T73=""),"Non calculable",L73*T73) -> 0 | V73: =IF(OR(NOT(ISNUMBER(L73)),T73=""),"Non calculable",MAX(0,L73-R73-U73)) -> 143.49457 | W73: {=TRIM(IF(NOT(ISNUMBER(L73)),"Modele non cote. ","")&IF(T73="","Grade non reconnu pour decote esthetique. ","")&IFERROR(INDEX('Mapping pannes'!$E$2:$E$16,MATCH(M73,'Mapping pannes'!$A$2:$A$16,0))&" ","")&IFERROR(INDEX('Mapping pannes'!$E$2:$E$16,MATCH(N73,'Mapping pannes'!$A$2:$A$16,0))&" ","")&IFERROR(INDEX('Mapping pannes'!$E$2:$E$16,MATCH(O73,'Mapping pannes'!$A$2:$A$16,0))&" ",""))}
A74: 2603274 | B74: CND2241W42 | C74: HP | D74: ELITEBOOK_X360_1030_G8_NOTEBOOK_PC-13.2-I7_1185G7_3.00GHZ_16GB | E74: B | F74: CORE I7-1185G7 3.00 GHZ | G74: 16GB | H74: NVME SSD 512GB | I74: I7-1185G7 | J74: 16 Go | K74: 512GB | L74: =IF(SUMPRODUCT(('cotation préalable'!$C$5:$C$15=I74)*('cotation préalable'!$D$5:$D$15=J74)*('cotation préalable'!$E$5:$E$15=K74))=0,"Non cote",SUMPRODUCT(('cotation préalable'!$C$5:$C$15=I74)*('cotation préalable'!$D$5:$D$15=J74)*('cotation préalable'!$E$5:$E$15=K74)*'cotation préalable'!$H$5:$H$15)/SUMPRODUCT(('cotation préalable'!$C$5:$C$15=I74)*('cotation préalable'!$D$5:$D$15=J74)*('cotation préalable'!$E$5:$E$15=K74))) -> 158.49457 | M74: PATIN_MANQUANT | P74: {=OR(IFERROR(INDEX('Mapping pannes'!$C$2:$C$16,MATCH(M74,'Mapping pannes'!$A$2:$A$16,0)),FALSE()),IFERROR(INDEX('Mapping pannes'!$C$2:$C$16,MATCH(N74,'Mapping pannes'!$A$2:$A$16,0)),FALSE()),IFERROR(INDEX('Mapping pannes'!$C$2:$C$16,MATCH(O74,'Mapping pannes'!$A$2:$A$16,0)),FALSE()))} -> FALSE | Q74: {=IFERROR(INDEX('Mapping pannes'!$D$2:$D$16,MATCH(M74,'Mapping pannes'!$A$2:$A$16,0)),0)+IFERROR(INDEX('Mapping pannes'!$D$2:$D$16,MATCH(N74,'Mapping pannes'!$A$2:$A$16,0)),0)+IFERROR(INDEX('Mapping pannes'!$D$2:$D$16,MATCH(O74,'Mapping pannes'!$A$2:$A$16,0)),0)} -> 15 | R74: =IF(NOT(ISNUMBER(L74)),"Non calculable",IF(P74,L74,MIN(L74,Q74))) -> 15 | S74: =IF(NOT(ISNUMBER(L74)),"Non calculable",MAX(0,L74-R74)) -> 143.49457 | T74: =IFERROR(VLOOKUP(E74,'Mapping pannes'!$G$2:$H$6,2,FALSE()),"") -> 0 | U74: =IF(OR(NOT(ISNUMBER(L74)),T74=""),"Non calculable",L74*T74) -> 0 | V74: =IF(OR(NOT(ISNUMBER(L74)),T74=""),"Non calculable",MAX(0,L74-R74-U74)) -> 143.49457 | W74: {=TRIM(IF(NOT(ISNUMBER(L74)),"Modele non cote. ","")&IF(T74="","Grade non reconnu pour decote esthetique. ","")&IFERROR(INDEX('Mapping pannes'!$E$2:$E$16,MATCH(M74,'Mapping pannes'!$A$2:$A$16,0))&" ","")&IFERROR(INDEX('Mapping pannes'!$E$2:$E$16,MATCH(N74,'Mapping pannes'!$A$2:$A$16,0))&" ","")&IFERROR(INDEX('Mapping pannes'!$E$2:$E$16,MATCH(O74,'Mapping pannes'!$A$2:$A$16,0))&" ",""))}
A75: 2603294 | B75: CND2241VY9 | C75: HP | D75: ELITEBOOK_X360_1030_G8_NOTEBOOK_PC-13.2-I7_1185G7_3.00GHZ_16GB | E75: B | F75: CORE I7-1185G7 3.00 GHZ | G75: 16GB | H75: NVME SSD 512GB | I75: I7-1185G7 | J75: 16 Go | K75: 512GB | L75: =IF(SUMPRODUCT(('cotation préalable'!$C$5:$C$15=I75)*('cotation préalable'!$D$5:$D$15=J75)*('cotation préalable'!$E$5:$E$15=K75))=0,"Non cote",SUMPRODUCT(('cotation préalable'!$C$5:$C$15=I75)*('cotation préalable'!$D$5:$D$15=J75)*('cotation préalable'!$E$5:$E$15=K75)*'cotation préalable'!$H$5:$H$15)/SUMPRODUCT(('cotation préalable'!$C$5:$C$15=I75)*('cotation préalable'!$D$5:$D$15=J75)*('cotation préalable'!$E$5:$E$15=K75))) -> 158.49457 | M75: PATIN_MANQUANT | P75: {=OR(IFERROR(INDEX('Mapping pannes'!$C$2:$C$16,MATCH(M75,'Mapping pannes'!$A$2:$A$16,0)),FALSE()),IFERROR(INDEX('Mapping pannes'!$C$2:$C$16,MATCH(N75,'Mapping pannes'!$A$2:$A$16,0)),FALSE()),IFERROR(INDEX('Mapping pannes'!$C$2:$C$16,MATCH(O75,'Mapping pannes'!$A$2:$A$16,0)),FALSE()))} -> FALSE | Q75: {=IFERROR(INDEX('Mapping pannes'!$D$2:$D$16,MATCH(M75,'Mapping pannes'!$A$2:$A$16,0)),0)+IFERROR(INDEX('Mapping pannes'!$D$2:$D$16,MATCH(N75,'Mapping pannes'!$A$2:$A$16,0)),0)+IFERROR(INDEX('Mapping pannes'!$D$2:$D$16,MATCH(O75,'Mapping pannes'!$A$2:$A$16,0)),0)} -> 15 | R75: =IF(NOT(ISNUMBER(L75)),"Non calculable",IF(P75,L75,MIN(L75,Q75))) -> 15 | S75: =IF(NOT(ISNUMBER(L75)),"Non calculable",MAX(0,L75-R75)) -> 143.49457 | T75: =IFERROR(VLOOKUP(E75,'Mapping pannes'!$G$2:$H$6,2,FALSE()),"") -> 0 | U75: =IF(OR(NOT(ISNUMBER(L75)),T75=""),"Non calculable",L75*T75) -> 0 | V75: =IF(OR(NOT(ISNUMBER(L75)),T75=""),"Non calculable",MAX(0,L75-R75-U75)) -> 143.49457 | W75: {=TRIM(IF(NOT(ISNUMBER(L75)),"Modele non cote. ","")&IF(T75="","Grade non reconnu pour decote esthetique. ","")&IFERROR(INDEX('Mapping pannes'!$E$2:$E$16,MATCH(M75,'Mapping pannes'!$A$2:$A$16,0))&" ","")&IFERROR(INDEX('Mapping pannes'!$E$2:$E$16,MATCH(N75,'Mapping pannes'!$A$2:$A$16,0))&" ","")&IFERROR(INDEX('Mapping pannes'!$E$2:$E$16,MATCH(O75,'Mapping pannes'!$A$2:$A$16,0))&" ",""))}
... A78: 2603076 | B78: CND2241VZZ | C78: HP | D78: ELITEBOOK_X360_1030_G8_NOTEBOOK_PC-13.2-I7_1185G7_3.00GHZ_16GB | E78: C+ | F78: CORE I7-1185G7 3.00 GHZ | G78: 16GB | H78: NVME SSD 512GB | I78: I7-1185G7 | J78: 16 Go | K78: 512GB | L78: =IF(SUMPRODUCT(('cotation préalable'!$C$5:$C$15=I78)*('cotation préalable'!$D$5:$D$15=J78)*('cotation préalable'!$E$5:$E$15=K78))=0,"Non cote",SUMPRODUCT(('cotation préalable'!$C$5:$C$15=I78)*('cotation préalable'!$D$5:$D$15=J78)*('cotation préalable'!$E$5:$E$15=K78)*'cotation préalable'!$H$5:$H$15)/SUMPRODUCT(('cotation préalable'!$C$5:$C$15=I78)*('cotation préalable'!$D$5:$D$15=J78)*('cotation préalable'!$E$5:$E$15=K78))) -> 158.49457 | M78: PATIN_MANQUANT | P78: {=OR(IFERROR(INDEX('Mapping pannes'!$C$2:$C$16,MATCH(M78,'Mapping pannes'!$A$2:$A$16,0)),FALSE()),IFERROR(INDEX('Mapping pannes'!$C$2:$C$16,MATCH(N78,'Mapping pannes'!$A$2:$A$16,0)),FALSE()),IFERROR(INDEX('Mapping pannes'!$C$2:$C$16,MATCH(O78,'Mapping pannes'!$A$2:$A$16,0)),FALSE()))} -> FALSE | Q78: {=IFERROR(INDEX('Mapping pannes'!$D$2:$D$16,MATCH(M78,'Mapping pannes'!$A$2:$A$16,0)),0)+IFERROR(INDEX('Mapping pannes'!$D$2:$D$16,MATCH(N78,'Mapping pannes'!$A$2:$A$16,0)),0)+IFERROR(INDEX('Mapping pannes'!$D$2:$D$16,MATCH(O78,'Mapping pannes'!$A$2:$A$16,0)),0)} -> 15 | R78: =IF(NOT(ISNUMBER(L78)),"Non calculable",IF(P78,L78,MIN(L78,Q78))) -> 15 | S78: =IF(NOT(ISNUMBER(L78)),"Non calculable",MAX(0,L78-R78)) -> 143.49457 | T78: =IFERROR(VLOOKUP(E78,'Mapping pannes'!$G$2:$H$6,2,FALSE()),"") -> 0.2 | U78: =IF(OR(NOT(ISNUMBER(L78)),T78=""),"Non calculable",L78*T78) -> 31.698913 | V78: =IF(OR(NOT(ISNUMBER(L78)),T78=""),"Non calculable",MAX(0,L78-R78-U78)) -> 111.79565 | W78: {=TRIM(IF(NOT(ISNUMBER(L78)),"Modele non cote. ","")&IF(T78="","Grade non reconnu pour decote esthetique. ","")&IFERROR(INDEX('Mapping pannes'!$E$2:$E$16,MATCH(M78,'Mapping pannes'!$A$2:$A$16,0))&" ","")&IFERROR(INDEX('Mapping pannes'!$E$2:$E$16,MATCH(N78,'Mapping pannes'!$A$2:$A$16,0))&" ","")&IFERROR(INDEX('Mapping pannes'!$E$2:$E$16,MATCH(O78,'Mapping pannes'!$A$2:$A$16,0))&" ",""))}
A79: 2602710 | B79: CND2241W6X | C79: HP | D79: ELITEBOOK_X360_1030_G8_NOTEBOOK_PC-13.2-I7_1185G7_3.00GHZ_16GB | E79: B | F79: CORE I7-1185G7 3.00 GHZ | G79: 16GB | H79: NVME SSD 512GB | I79: I7-1185G7 | J79: 16 Go | K79: 512GB | L79: =IF(SUMPRODUCT(('cotation préalable'!$C$5:$C$15=I79)*('cotation préalable'!$D$5:$D$15=J79)*('cotation préalable'!$E$5:$E$15=K79))=0,"Non cote",SUMPRODUCT(('cotation préalable'!$C$5:$C$15=I79)*('cotation préalable'!$D$5:$D$15=J79)*('cotation préalable'!$E$5:$E$15=K79)*'cotation préalable'!$H$5:$H$15)/SUMPRODUCT(('cotation préalable'!$C$5:$C$15=I79)*('cotation préalable'!$D$5:$D$15=J79)*('cotation préalable'!$E$5:$E$15=K79))) -> 158.49457 | M79: PATIN_MANQUANT | N79: CLAVIER_DEFAUT | P79: {=OR(IFERROR(INDEX('Mapping pannes'!$C$2:$C$16,MATCH(M79,'Mapping pannes'!$A$2:$A$16,0)),FALSE()),IFERROR(INDEX('Mapping pannes'!$C$2:$C$16,MATCH(N79,'Mapping pannes'!$A$2:$A$16,0)),FALSE()),IFERROR(INDEX('Mapping pannes'!$C$2:$C$16,MATCH(O79,'Mapping pannes'!$A$2:$A$16,0)),FALSE()))} -> FALSE | Q79: {=IFERROR(INDEX('Mapping pannes'!$D$2:$D$16,MATCH(M79,'Mapping pannes'!$A$2:$A$16,0)),0)+IFERROR(INDEX('Mapping pannes'!$D$2:$D$16,MATCH(N79,'Mapping pannes'!$A$2:$A$16,0)),0)+IFERROR(INDEX('Mapping pannes'!$D$2:$D$16,MATCH(O79,'Mapping pannes'!$A$2:$A$16,0)),0)} -> 45 | R79: =IF(NOT(ISNUMBER(L79)),"Non calculable",IF(P79,L79,MIN(L79,Q79))) -> 45 | S79: =IF(NOT(ISNUMBER(L79)),"Non calculable",MAX(0,L79-R79)) -> 113.49457 | T79: =IFERROR(VLOOKUP(E79,'Mapping pannes'!$G$2:$H$6,2,FALSE()),"") -> 0 | U79: =IF(OR(NOT(ISNUMBER(L79)),T79=""),"Non calculable",L79*T79) -> 0 | V79: =IF(OR(NOT(ISNUMBER(L79)),T79=""),"Non calculable",MAX(0,L79-R79-U79)) -> 113.49457
A80: 2603051 | B80: CND2241W5M | C80: HP | D80: ELITEBOOK_X360_1030_G8_NOTEBOOK_PC-13.2-I7_1185G7_3.00GHZ_16GB | E80: C | F80: CORE I7-1185G7 3.00 GHZ | G80: 16GB | H80: NVME SSD 512GB | I80: I7-1185G7 | J80: 16 Go | K80: 512GB | L80: =IF(SUMPRODUCT(('cotation préalable'!$C$5:$C$15=I80)*('cotation préalable'!$D$5:$D$15=J80)*('cotation préalable'!$E$5:$E$15=K80))=0,"Non cote",SUMPRODUCT(('cotation préalable'!$C$5:$C$15=I80)*('cotation préalable'!$D$5:$D$15=J80)*('cotation préalable'!$E$5:$E$15=K80)*'cotation préalable'!$H$5:$H$15)/SUMPRODUCT(('cotation préalable'!$C$5:$C$15=I80)*('cotation préalable'!$D$5:$D$15=J80)*('cotation préalable'!$E$5:$E$15=K80))) -> 158.49457 | M80: PATIN_MANQUANT | N80: CLAVIER_DEFAUT | P80: {=OR(IFERROR(INDEX('Mapping pannes'!$C$2:$C$16,MATCH(M80,'Mapping pannes'!$A$2:$A$16,0)),FALSE()),IFERROR(INDEX('Mapping pannes'!$C$2:$C$16,MATCH(N80,'Mapping pannes'!$A$2:$A$16,0)),FALSE()),IFERROR(INDEX('Mapping pannes'!$C$2:$C$16,MATCH(O80,'Mapping pannes'!$A$2:$A$16,0)),FALSE()))} -> FALSE | Q80: {=IFERROR(INDEX('Mapping pannes'!$D$2:$D$16,MATCH(M80,'Mapping pannes'!$A$2:$A$16,0)),0)+IFERROR(INDEX('Mapping pannes'!$D$2:$D$16,MATCH(N80,'Mapping pannes'!$A$2:$A$16,0)),0)+IFERROR(INDEX('Mapping pannes'!$D$2:$D$16,MATCH(O80,'Mapping pannes'!$A$2:$A$16,0)),0)} -> 45 | R80: =IF(NOT(ISNUMBER(L80)),"Non calculable",IF(P80,L80,MIN(L80,Q80))) -> 45 | S80: =IF(NOT(ISNUMBER(L80)),"Non calculable",MAX(0,L80-R80)) -> 113.49457 | T80: =IFERROR(VLOOKUP(E80,'Mapping pannes'!$G$2:$H$6,2,FALSE()),"") -> 0.4 | U80: =IF(OR(NOT(ISNUMBER(L80)),T80=""),"Non calculable",L80*T80) -> 63.397827 | V80: =IF(OR(NOT(ISNUMBER(L80)),T80=""),"Non calculable",MAX(0,L80-R80-U80)) -> 50.09674
A81: 2603055 | B81: CND2241W2X | C81: HP | D81: ELITEBOOK_X360_1030_G8_NOTEBOOK_PC-13.2-I7_1185G7_3.00GHZ_16GB | E81: B | F81: CORE I7-1185G7 3.00 GHZ | G81: 16GB | H81: NVME SSD 512GB | I81: I7-1185G7 | J81: 16 Go | K81: 512GB | L81: =IF(SUMPRODUCT(('cotation préalable'!$C$5:$C$15=I81)*('cotation préalable'!$D$5:$D$15=J81)*('cotation préalable'!$E$5:$E$15=K81))=0,"Non cote",SUMPRODUCT(('cotation préalable'!$C$5:$C$15=I81)*('cotation préalable'!$D$5:$D$15=J81)*('cotation préalable'!$E$5:$E$15=K81)*'cotation préalable'!$H$5:$H$15)/SUMPRODUCT(('cotation préalable'!$C$5:$C$15=I81)*('cotation préalable'!$D$5:$D$15=J81)*('cotation préalable'!$E$5:$E$15=K81))) -> 158.49457 | M81: PATIN_MANQUANT | N81: TOUCHPAD_HS | P81: {=OR(IFERROR(INDEX('Mapping pannes'!$C$2:$C$16,MATCH(M81,'Mapping pannes'!$A$2:$A$16,0)),FALSE()),IFERROR(INDEX('Mapping pannes'!$C$2:$C$16,MATCH(N81,'Mapping pannes'!$A$2:$A$16,0)),FALSE()),IFERROR(INDEX('Mapping pannes'!$C$2:$C$16,MATCH(O81,'Mapping pannes'!$A$2:$A$16,0)),FALSE()))} -> FALSE | Q81: {=IFERROR(INDEX('Mapping pannes'!$D$2:$D$16,MATCH(M81,'Mapping pannes'!$A$2:$A$16,0)),0)+IFERROR(INDEX('Mapping pannes'!$D$2:$D$16,MATCH(N81,'Mapping pannes'!$A$2:$A$16,0)),0)+IFERROR(INDEX('Mapping pannes'!$D$2:$D$16,MATCH(O81,'Mapping pannes'!$A$2:$A$16,0)),0)} -> 45 | R81: =IF(NOT(ISNUMBER(L81)),"Non calculable",IF(P81,L81,MIN(L81,Q81))) -> 45 | S81: =IF(NOT(ISNUMBER(L81)),"Non calculable",MAX(0,L81-R81)) -> 113.49457 | T81: =IFERROR(VLOOKUP(E81,'Mapping pannes'!$G$2:$H$6,2,FALSE()),"") -> 0 | U81: =IF(OR(NOT(ISNUMBER(L81)),T81=""),"Non calculable",L81*T81) -> 0 | V81: =IF(OR(NOT(ISNUMBER(L81)),T81=""),"Non calculable",MAX(0,L81-R81-U81)) -> 113.49457 | W81: {=TRIM(IF(NOT(ISNUMBER(L81)),"Modele non cote. ","")&IF(T81="","Grade non reconnu pour decote esthetique. ","")&IFERROR(INDEX('Mapping pannes'!$E$2:$E$16,MATCH(M81,'Mapping pannes'!$A$2:$A$16,0))&" ","")&IFERROR(INDEX('Mapping pannes'!$E$2:$E$16,MATCH(N81,'Mapping pannes'!$A$2:$A$16,0))&" ","")&IFERROR(INDEX('Mapping pannes'!$E$2:$E$16,MATCH(O81,'Mapping pannes'!$A$2:$A$16,0))&" ",""))}
A82: 2603069 | B82: CND2241W6F | C82: HP | D82: ELITEBOOK_X360_1030_G8_NOTEBOOK_PC-13.2-I7_1185G7_3.00GHZ_16GB | E82: B | F82: CORE I7-1185G7 3.00 GHZ | G82: 16GB | H82: NVME SSD 512GB | I82: I7-1185G7 | J82: 16 Go | K82: 512GB | L82: =IF(SUMPRODUCT(('cotation préalable'!$C$5:$C$15=I82)*('cotation préalable'!$D$5:$D$15=J82)*('cotation préalable'!$E$5:$E$15=K82))=0,"Non cote",SUMPRODUCT(('cotation préalable'!$C$5:$C$15=I82)*('cotation préalable'!$D$5:$D$15=J82)*('cotation préalable'!$E$5:$E$15=K82)*'cotation préalable'!$H$5:$H$15)/SUMPRODUCT(('cotation préalable'!$C$5:$C$15=I82)*('cotation préalable'!$D$5:$D$15=J82)*('cotation préalable'!$E$5:$E$15=K82))) -> 158.49457 | M82: TOUCHPAD_HS | P82: {=OR(IFERROR(INDEX('Mapping pannes'!$C$2:$C$16,MATCH(M82,'Mapping pannes'!$A$2:$A$16,0)),FALSE()),IFERROR(INDEX('Mapping pannes'!$C$2:$C$16,MATCH(N82,'Mapping pannes'!$A$2:$A$16,0)),FALSE()),IFERROR(INDEX('Mapping pannes'!$C$2:$C$16,MATCH(O82,'Mapping pannes'!$A$2:$A$16,0)),FALSE()))} -> FALSE | Q82: {=IFERROR(INDEX('Mapping pannes'!$D$2:$D$16,MATCH(M82,'Mapping pannes'!$A$2:$A$16,0)),0)+IFERROR(INDEX('Mapping pannes'!$D$2:$D$16,MATCH(N82,'Mapping pannes'!$A$2:$A$16,0)),0)+IFERROR(INDEX('Mapping pannes'!$D$2:$D$16,MATCH(O82,'Mapping pannes'!$A$2:$A$16,0)),0)} -> 30 | R82: =IF(NOT(ISNUMBER(L82)),"Non calculable",IF(P82,L82,MIN(L82,Q82))) -> 30 | S82: =IF(NOT(ISNUMBER(L82)),"Non calculable",MAX(0,L82-R82)) -> 128.49457 | T82: =IFERROR(VLOOKUP(E82,'Mapping pannes'!$G$2:$H$6,2,FALSE()),"") -> 0 | U82: =IF(OR(NOT(ISNUMBER(L82)),T82=""),"Non calculable",L82*T82) -> 0 | V82: =IF(OR(NOT(ISNUMBER(L82)),T82=""),"Non calculable",MAX(0,L82-R82-U82)) -> 128.49457 | W82: {=TRIM(IF(NOT(ISNUMBER(L82)),"Modele non cote. ","")&IF(T82="","Grade non reconnu pour decote esthetique. ","")&IFERROR(INDEX('Mapping pannes'!$E$2:$E$16,MATCH(M82,'Mapping pannes'!$A$2:$A$16,0))&" ","")&IFERROR(INDEX('Mapping pannes'!$E$2:$E$16,MATCH(N82,'Mapping pannes'!$A$2:$A$16,0))&" ","")&IFERROR(INDEX('Mapping pannes'!$E$2:$E$16,MATCH(O82,'Mapping pannes'!$A$2:$A$16,0))&" ",""))}
A83: 2603266 | B83: CND2241W7X | C83: HP | D83: ELITEBOOK_X360_1030_G8_NOTEBOOK_PC-13.2-I7_1185G7_3.00GHZ_16GB | E83: C+ | F83: CORE I7-1185G7 3.00 GHZ | G83: 16GB | H83: NVME SSD 512GB | I83: I7-1185G7 | J83: 16 Go | K83: 512GB | L83: =IF(SUMPRODUCT(('cotation préalable'!$C$5:$C$15=I83)*('cotation préalable'!$D$5:$D$15=J83)*('cotation préalable'!$E$5:$E$15=K83))=0,"Non cote",SUMPRODUCT(('cotation préalable'!$C$5:$C$15=I83)*('cotation préalable'!$D$5:$D$15=J83)*('cotation préalable'!$E$5:$E$15=K83)*'cotation préalable'!$H$5:$H$15)/SUMPRODUCT(('cotation préalable'!$C$5:$C$15=I83)*('cotation préalable'!$D$5:$D$15=J83)*('cotation préalable'!$E$5:$E$15=K83))) -> 158.49457 | M83: TOUCHPAD_HS | P83: {=OR(IFERROR(INDEX('Mapping pannes'!$C$2:$C$16,MATCH(M83,'Mapping pannes'!$A$2:$A$16,0)),FALSE()),IFERROR(INDEX('Mapping pannes'!$C$2:$C$16,MATCH(N83,'Mapping pannes'!$A$2:$A$16,0)),FALSE()),IFERROR(INDEX('Mapping pannes'!$C$2:$C$16,MATCH(O83,'Mapping pannes'!$A$2:$A$16,0)),FALSE()))} -> FALSE | Q83: {=IFERROR(INDEX('Mapping pannes'!$D$2:$D$16,MATCH(M83,'Mapping pannes'!$A$2:$A$16,0)),0)+IFERROR(INDEX('Mapping pannes'!$D$2:$D$16,MATCH(N83,'Mapping pannes'!$A$2:$A$16,0)),0)+IFERROR(INDEX('Mapping pannes'!$D$2:$D$16,MATCH(O83,'Mapping pannes'!$A$2:$A$16,0)),0)} -> 30 | R83: =IF(NOT(ISNUMBER(L83)),"Non calculable",IF(P83,L83,MIN(L83,Q83))) -> 30 | S83: =IF(NOT(ISNUMBER(L83)),"Non calculable",MAX(0,L83-R83)) -> 128.49457 | T83: =IFERROR(VLOOKUP(E83,'Mapping pannes'!$G$2:$H$6,2,FALSE()),"") -> 0.2 | U83: =IF(OR(NOT(ISNUMBER(L83)),T83=""),"Non calculable",L83*T83) -> 31.698913 | V83: =IF(OR(NOT(ISNUMBER(L83)),T83=""),"Non calculable",MAX(0,L83-R83-U83)) -> 96.795653 | W83: {=TRIM(IF(NOT(ISNUMBER(L83)),"Modele non cote. ","")&IF(T83="","Grade non reconnu pour decote esthetique. ","")&IFERROR(INDEX('Mapping pannes'!$E$2:$E$16,MATCH(M83,'Mapping pannes'!$A$2:$A$16,0))&" ","")&IFERROR(INDEX('Mapping pannes'!$E$2:$E$16,MATCH(N83,'Mapping pannes'!$A$2:$A$16,0))&" ","")&IFERROR(INDEX('Mapping pannes'!$E$2:$E$16,MATCH(O83,'Mapping pannes'!$A$2:$A$16,0))&" ",""))}
A84: 2602751 | B84: CND2241VQH | C84: HP | D84: ELITEBOOK_X360_1030_G8_NOTEBOOK_PC-13.2-I7_1185G7_3.00GHZ_16GB | E84: B | F84: CORE I7-1185G7 3.00 GHZ | G84: 16GB | H84: NVME SSD 512GB | I84: I7-1185G7 | J84: 16 Go | K84: 512GB | L84: =IF(SUMPRODUCT(('cotation préalable'!$C$5:$C$15=I84)*('cotation préalable'!$D$5:$D$15=J84)*('cotation préalable'!$E$5:$E$15=K84))=0,"Non cote",SUMPRODUCT(('cotation préalable'!$C$5:$C$15=I84)*('cotation préalable'!$D$5:$D$15=J84)*('cotation préalable'!$E$5:$E$15=K84)*'cotation préalable'!$H$5:$H$15)/SUMPRODUCT(('cotation préalable'!$C$5:$C$15=I84)*('cotation préalable'!$D$5:$D$15=J84)*('cotation préalable'!$E$5:$E$15=K84))) -> 158.49457 | P84: {=OR(IFERROR(INDEX('Mapping pannes'!$C$2:$C$16,MATCH(M84,'Mapping pannes'!$A$2:$A$16,0)),FALSE()),IFERROR(INDEX('Mapping pannes'!$C$2:$C$16,MATCH(N84,'Mapping pannes'!$A$2:$A$16,0)),FALSE()),IFERROR(INDEX('Mapping pannes'!$C$2:$C$16,MATCH(O84,'Mapping pannes'!$A$2:$A$16,0)),FALSE()))} -> FALSE | Q84: {=IFERROR(INDEX('Mapping pannes'!$D$2:$D$16,MATCH(M84,'Mapping pannes'!$A$2:$A$16,0)),0)+IFERROR(INDEX('Mapping pannes'!$D$2:$D$16,MATCH(N84,'Mapping pannes'!$A$2:$A$16,0)),0)+IFERROR(INDEX('Mapping pannes'!$D$2:$D$16,MATCH(O84,'Mapping pannes'!$A$2:$A$16,0)),0)} -> 0 | R84: =IF(NOT(ISNUMBER(L84)),"Non calculable",IF(P84,L84,MIN(L84,Q84))) -> 0 | S84: =IF(NOT(ISNUMBER(L84)),"Non calculable",MAX(0,L84-R84)) -> 158.49457 | T84: =IFERROR(VLOOKUP(E84,'Mapping pannes'!$G$2:$H$6,2,FALSE()),"") -> 0 | U84: =IF(OR(NOT(ISNUMBER(L84)),T84=""),"Non calculable",L84*T84) -> 0 | V84: =IF(OR(NOT(ISNUMBER(L84)),T84=""),"Non calculable",MAX(0,L84-R84-U84)) -> 158.49457 | W84: {=TRIM(IF(NOT(ISNUMBER(L84)),"Modele non cote. ","")&IF(T84="","Grade non reconnu pour decote esthetique. ","")&IFERROR(INDEX('Mapping pannes'!$E$2:$E$16,MATCH(M84,'Mapping pannes'!$A$2:$A$16,0))&" ","")&IFERROR(INDEX('Mapping pannes'!$E$2:$E$16,MATCH(N84,'Mapping pannes'!$A$2:$A$16,0))&" ","")&IFERROR(INDEX('Mapping pannes'!$E$2:$E$16,MATCH(O84,'Mapping pannes'!$A$2:$A$16,0))&" ",""))}
A85: 2602703 | B85: CND2241W19 | C85: HP | D85: ELITEBOOK_X360_1030_G8_NOTEBOOK_PC-13.2-I7_1185G7_3.00GHZ_16GB | E85: A | F85: CORE I7-1185G7 3.00 GHZ | G85: 16GB | H85: NVME SSD 512GB | I85: I7-1185G7 | J85: 16 Go | K85: 512GB | L85: =IF(SUMPRODUCT(('cotation préalable'!$C$5:$C$15=I85)*('cotation préalable'!$D$5:$D$15=J85)*('cotation préalable'!$E$5:$E$15=K85))=0,"Non cote",SUMPRODUCT(('cotation préalable'!$C$5:$C$15=I85)*('cotation préalable'!$D$5:$D$15=J85)*('cotation préalable'!$E$5:$E$15=K85)*'cotation préalable'!$H$5:$H$15)/SUMPRODUCT(('cotation préalable'!$C$5:$C$15=I85)*('cotation préalable'!$D$5:$D$15=J85)*('cotation préalable'!$E$5:$E$15=K85))) -> 158.49457 | P85: {=OR(IFERROR(INDEX('Mapping pannes'!$C$2:$C$16,MATCH(M85,'Mapping pannes'!$A$2:$A$16,0)),FALSE()),IFERROR(INDEX('Mapping pannes'!$C$2:$C$16,MATCH(N85,'Mapping pannes'!$A$2:$A$16,0)),FALSE()),IFERROR(INDEX('Mapping pannes'!$C$2:$C$16,MATCH(O85,'Mapping pannes'!$A$2:$A$16,0)),FALSE()))} -> FALSE | Q85: {=IFERROR(INDEX('Mapping pannes'!$D$2:$D$16,MATCH(M85,'Mapping pannes'!$A$2:$A$16,0)),0)+IFERROR(INDEX('Mapping pannes'!$D$2:$D$16,MATCH(N85,'Mapping pannes'!$A$2:$A$16,0)),0)+IFERROR(INDEX('Mapping pannes'!$D$2:$D$16,MATCH(O85,'Mapping pannes'!$A$2:$A$16,0)),0)} -> 0 | R85: =IF(NOT(ISNUMBER(L85)),"Non calculable",IF(P85,L85,MIN(L85,Q85))) -> 0 | S85: =IF(NOT(ISNUMBER(L85)),"Non calculable",MAX(0,L85-R85)) -> 158.49457 | T85: =IFERROR(VLOOKUP(E85,'Mapping pannes'!$G$2:$H$6,2,FALSE()),"") -> 0 | U85: =IF(OR(NOT(ISNUMBER(L85)),T85=""),"Non calculable",L85*T85) -> 0 | V85: =IF(OR(NOT(ISNUMBER(L85)),T85=""),"Non calculable",MAX(0,L85-R85-U85)) -> 158.49457 | W85: {=TRIM(IF(NOT(ISNUMBER(L85)),"Modele non cote. ","")&IF(T85="","Grade non reconnu pour decote esthetique. ","")&IFERROR(INDEX('Mapping pannes'!$E$2:$E$16,MATCH(M85,'Mapping pannes'!$A$2:$A$16,0))&" ","")&IFERROR(INDEX('Mapping pannes'!$E$2:$E$16,MATCH(N85,'Mapping pannes'!$A$2:$A$16,0))&" ","")&IFERROR(INDEX('Mapping pannes'!$E$2:$E$16,MATCH(O85,'Mapping pannes'!$A$2:$A$16,0))&" ",""))}
A86: 2602769 | B86: CND2241W6C | C86: HP | D86: ELITEBOOK_X360_1030_G8_NOTEBOOK_PC-13.2-I7_1185G7_3.00GHZ_16GB | E86: B | F86: CORE I7-1185G7 3.00 GHZ | G86: 16GB | H86: NVME SSD 512GB | I86: I7-1185G7 | J86: 16 Go | K86: 512GB | L86: =IF(SUMPRODUCT(('cotation préalable'!$C$5:$C$15=I86)*('cotation préalable'!$D$5:$D$15=J86)*('cotation préalable'!$E$5:$E$15=K86))=0,"Non cote",SUMPRODUCT(('cotation préalable'!$C$5:$C$15=I86)*('cotation préalable'!$D$5:$D$15=J86)*('cotation préalable'!$E$5:$E$15=K86)*'cotation préalable'!$H$5:$H$15)/SUMPRODUCT(('cotation préalable'!$C$5:$C$15=I86)*('cotation préalable'!$D$5:$D$15=J86)*('cotation préalable'!$E$5:$E$15=K86))) -> 158.49457 | P86: {=OR(IFERROR(INDEX('Mapping pannes'!$C$2:$C$16,MATCH(M86,'Mapping pannes'!$A$2:$A$16,0)),FALSE()),IFERROR(INDEX('Mapping pannes'!$C$2:$C$16,MATCH(N86,'Mapping pannes'!$A$2:$A$16,0)),FALSE()),IFERROR(INDEX('Mapping pannes'!$C$2:$C$16,MATCH(O86,'Mapping pannes'!$A$2:$A$16,0)),FALSE()))} -> FALSE | Q86: {=IFERROR(INDEX('Mapping pannes'!$D$2:$D$16,MATCH(M86,'Mapping pannes'!$A$2:$A$16,0)),0)+IFERROR(INDEX('Mapping pannes'!$D$2:$D$16,MATCH(N86,'Mapping pannes'!$A$2:$A$16,0)),0)+IFERROR(INDEX('Mapping pannes'!$D$2:$D$16,MATCH(O86,'Mapping pannes'!$A$2:$A$16,0)),0)} -> 0 | R86: =IF(NOT(ISNUMBER(L86)),"Non calculable",IF(P86,L86,MIN(L86,Q86))) -> 0 | S86: =IF(NOT(ISNUMBER(L86)),"Non calculable",MAX(0,L86-R86)) -> 158.49457 | T86: =IFERROR(VLOOKUP(E86,'Mapping pannes'!$G$2:$H$6,2,FALSE()),"") -> 0 | U86: =IF(OR(NOT(ISNUMBER(L86)),T86=""),"Non calculable",L86*T86) -> 0 | V86: =IF(OR(NOT(ISNUMBER(L86)),T86=""),"Non calculable",MAX(0,L86-R86-U86)) -> 158.49457 | W86: {=TRIM(IF(NOT(ISNUMBER(L86)),"Modele non cote. ","")&IF(T86="","Grade non reconnu pour decote esthetique. ","")&IFERROR(INDEX('Mapping pannes'!$E$2:$E$16,MATCH(M86,'Mapping pannes'!$A$2:$A$16,0))&" ","")&IFERROR(INDEX('Mapping pannes'!$E$2:$E$16,MATCH(N86,'Mapping pannes'!$A$2:$A$16,0))&" ","")&IFERROR(INDEX('Mapping pannes'!$E$2:$E$16,MATCH(O86,'Mapping pannes'!$A$2:$A$16,0))&" ",""))}
A87: 2602708 | B87: CND2241W30 | C87: HP | D87: ELITEBOOK_X360_1030_G8_NOTEBOOK_PC-13.2-I7_1185G7_3.00GHZ_16GB | E87: B | F87: CORE I7-1185G7 3.00 GHZ | G87: 16GB | H87: NVME SSD 512GB | I87: I7-1185G7 | J87: 16 Go | K87: 512GB | L87: =IF(SUMPRODUCT(('cotation préalable'!$C$5:$C$15=I87)*('cotation préalable'!$D$5:$D$15=J87)*('cotation préalable'!$E$5:$E$15=K87))=0,"Non cote",SUMPRODUCT(('cotation préalable'!$C$5:$C$15=I87)*('cotation préalable'!$D$5:$D$15=J87)*('cotation préalable'!$E$5:$E$15=K87)*'cotation préalable'!$H$5:$H$15)/SUMPRODUCT(('cotation préalable'!$C$5:$C$15=I87)*('cotation préalable'!$D$5:$D$15=J87)*('cotation préalable'!$E$5:$E$15=K87))) -> 158.49457 | P87: {=OR(IFERROR(INDEX('Mapping pannes'!$C$2:$C$16,MATCH(M87,'Mapping pannes'!$A$2:$A$16,0)),FALSE()),IFERROR(INDEX('Mapping pannes'!$C$2:$C$16,MATCH(N87,'Mapping pannes'!$A$2:$A$16,0)),FALSE()),IFERROR(INDEX('Mapping pannes'!$C$2:$C$16,MATCH(O87,'Mapping pannes'!$A$2:$A$16,0)),FALSE()))} -> FALSE | Q87: {=IFERROR(INDEX('Mapping pannes'!$D$2:$D$16,MATCH(M87,'Mapping pannes'!$A$2:$A$16,0)),0)+IFERROR(INDEX('Mapping pannes'!$D$2:$D$16,MATCH(N87,'Mapping pannes'!$A$2:$A$16,0)),0)+IFERROR(INDEX('Mapping pannes'!$D$2:$D$16,MATCH(O87,'Mapping pannes'!$A$2:$A$16,0)),0)} -> 0 | R87: =IF(NOT(ISNUMBER(L87)),"Non calculable",IF(P87,L87,MIN(L87,Q87))) -> 0 | S87: =IF(NOT(ISNUMBER(L87)),"Non calculable",MAX(0,L87-R87)) -> 158.49457 | T87: =IFERROR(VLOOKUP(E87,'Mapping pannes'!$G$2:$H$6,2,FALSE()),"") -> 0 | U87: =IF(OR(NOT(ISNUMBER(L87)),T87=""),"Non calculable",L87*T87) -> 0 | V87: =IF(OR(NOT(ISNUMBER(L87)),T87=""),"Non calculable",MAX(0,L87-R87-U87)) -> 158.49457 | W87: {=TRIM(IF(NOT(ISNUMBER(L87)),"Modele non cote. ","")&IF(T87="","Grade non reconnu pour decote esthetique. ","")&IFERROR(INDEX('Mapping pannes'!$E$2:$E$16,MATCH(M87,'Mapping pannes'!$A$2:$A$16,0))&" ","")&IFERROR(INDEX('Mapping pannes'!$E$2:$E$16,MATCH(N87,'Mapping pannes'!$A$2:$A$16,0))&" ","")&IFERROR(INDEX('Mapping pannes'!$E$2:$E$16,MATCH(O87,'Mapping pannes'!$A$2:$A$16,0))&" ",""))}
A88: 2602711 | B88: CND2241W88 | C88: HP | D88: ELITEBOOK_X360_1030_G8_NOTEBOOK_PC-13.2-I7_1185G7_3.00GHZ_16GB | E88: B | F88: CORE I7-1185G7 3.00 GHZ | G88: 16GB | H88: NVME SSD 512GB | I88: I7-1185G7 | J88: 16 Go | K88: 512GB | L88: =IF(SUMPRODUCT(('cotation préalable'!$C$5:$C$15=I88)*('cotation préalable'!$D$5:$D$15=J88)*('cotation préalable'!$E$5:$E$15=K88))=0,"Non cote",SUMPRODUCT(('cotation préalable'!$C$5:$C$15=I88)*('cotation préalable'!$D$5:$D$15=J88)*('cotation préalable'!$E$5:$E$15=K88)*'cotation préalable'!$H$5:$H$15)/SUMPRODUCT(('cotation préalable'!$C$5:$C$15=I88)*('cotation préalable'!$D$5:$D$15=J88)*('cotation préalable'!$E$5:$E$15=K88))) -> 158.49457 | P88: {=OR(IFERROR(INDEX('Mapping pannes'!$C$2:$C$16,MATCH(M88,'Mapping pannes'!$A$2:$A$16,0)),FALSE()),IFERROR(INDEX('Mapping pannes'!$C$2:$C$16,MATCH(N88,'Mapping pannes'!$A$2:$A$16,0)),FALSE()),IFERROR(INDEX('Mapping pannes'!$C$2:$C$16,MATCH(O88,'Mapping pannes'!$A$2:$A$16,0)),FALSE()))} -> FALSE | Q88: {=IFERROR(INDEX('Mapping pannes'!$D$2:$D$16,MATCH(M88,'Mapping pannes'!$A$2:$A$16,0)),0)+IFERROR(INDEX('Mapping pannes'!$D$2:$D$16,MATCH(N88,'Mapping pannes'!$A$2:$A$16,0)),0)+IFERROR(INDEX('Mapping pannes'!$D$2:$D$16,MATCH(O88,'Mapping pannes'!$A$2:$A$16,0)),0)} -> 0 | R88: =IF(NOT(ISNUMBER(L88)),"Non calculable",IF(P88,L88,MIN(L88,Q88))) -> 0 | S88: =IF(NOT(ISNUMBER(L88)),"Non calculable",MAX(0,L88-R88)) -> 158.49457 | T88: =IFERROR(VLOOKUP(E88,'Mapping pannes'!$G$2:$H$6,2,FALSE()),"") -> 0 | U88: =IF(OR(NOT(ISNUMBER(L88)),T88=""),"Non calculable",L88*T88) -> 0 | V88: =IF(OR(NOT(ISNUMBER(L88)),T88=""),"Non calculable",MAX(0,L88-R88-U88)) -> 158.49457 | W88: {=TRIM(IF(NOT(ISNUMBER(L88)),"Modele non cote. ","")&IF(T88="","Grade non reconnu pour decote esthetique. ","")&IFERROR(INDEX('Mapping pannes'!$E$2:$E$16,MATCH(M88,'Mapping pannes'!$A$2:$A$16,0))&" ","")&IFERROR(INDEX('Mapping pannes'!$E$2:$E$16,MATCH(N88,'Mapping pannes'!$A$2:$A$16,0))&" ","")&IFERROR(INDEX('Mapping pannes'!$E$2:$E$16,MATCH(O88,'Mapping pannes'!$A$2:$A$16,0))&" ",""))}
A89: 2602746 | B89: CND2241W5V | C89: HP | D89: ELITEBOOK_X360_1030_G8_NOTEBOOK_PC-13.2-I7_1185G7_3.00GHZ_16GB | E89: B | F89: CORE I7-1185G7 3.00 GHZ | G89: 16GB | H89: NVME SSD 512GB | I89: I7-1185G7 | J89: 16 Go | K89: 512GB | L89: =IF(SUMPRODUCT(('cotation préalable'!$C$5:$C$15=I89)*('cotation préalable'!$D$5:$D$15=J89)*('cotation préalable'!$E$5:$E$15=K89))=0,"Non cote",SUMPRODUCT(('cotation préalable'!$C$5:$C$15=I89)*('cotation préalable'!$D$5:$D$15=J89)*('cotation préalable'!$E$5:$E$15=K89)*'cotation préalable'!$H$5:$H$15)/SUMPRODUCT(('cotation préalable'!$C$5:$C$15=I89)*('cotation préalable'!$D$5:$D$15=J89)*('cotation préalable'!$E$5:$E$15=K89))) -> 158.49457 | P89: {=OR(IFERROR(INDEX('Mapping pannes'!$C$2:$C$16,MATCH(M89,'Mapping pannes'!$A$2:$A$16,0)),FALSE()),IFERROR(INDEX('Mapping pannes'!$C$2:$C$16,MATCH(N89,'Mapping pannes'!$A$2:$A$16,0)),FALSE()),IFERROR(INDEX('Mapping pannes'!$C$2:$C$16,MATCH(O89,'Mapping pannes'!$A$2:$A$16,0)),FALSE()))} -> FALSE | Q89: {=IFERROR(INDEX('Mapping pannes'!$D$2:$D$16,MATCH(M89,'Mapping pannes'!$A$2:$A$16,0)),0)+IFERROR(INDEX('Mapping pannes'!$D$2:$D$16,MATCH(N89,'Mapping pannes'!$A$2:$A$16,0)),0)+IFERROR(INDEX('Mapping pannes'!$D$2:$D$16,MATCH(O89,'Mapping pannes'!$A$2:$A$16,0)),0)} -> 0 | R89: =IF(NOT(ISNUMBER(L89)),"Non calculable",IF(P89,L89,MIN(L89,Q89))) -> 0 | S89: =IF(NOT(ISNUMBER(L89)),"Non calculable",MAX(0,L89-R89)) -> 158.49457 | T89: =IFERROR(VLOOKUP(E89,'Mapping pannes'!$G$2:$H$6,2,FALSE()),"") -> 0 | U89: =IF(OR(NOT(ISNUMBER(L89)),T89=""),"Non calculable",L89*T89) -> 0 | V89: =IF(OR(NOT(ISNUMBER(L89)),T89=""),"Non calculable",MAX(0,L89-R89-U89)) -> 158.49457 | W89: {=TRIM(IF(NOT(ISNUMBER(L89)),"Modele non cote. ","")&IF(T89="","Grade non reconnu pour decote esthetique. ","")&IFERROR(INDEX('Mapping pannes'!$E$2:$E$16,MATCH(M89,'Mapping pannes'!$A$2:$A$16,0))&" ","")&IFERROR(INDEX('Mapping pannes'!$E$2:$E$16,MATCH(N89,'Mapping pannes'!$A$2:$A$16,0))&" ","")&IFERROR(INDEX('Mapping pannes'!$E$2:$E$16,MATCH(O89,'Mapping pannes'!$A$2:$A$16,0))&" ",""))}
A90: 2602853 | B90: CND2241W6R | C90: HP | D90: ELITEBOOK_X360_1030_G8_NOTEBOOK_PC-13.2-I7_1185G7_3.00GHZ_16GB | E90: B | F90: CORE I7-1185G7 3.00 GHZ | G90: 16GB | H90: NVME SSD 512GB | I90: I7-1185G7 | J90: 16 Go | K90: 512GB | L90: =IF(SUMPRODUCT(('cotation préalable'!$C$5:$C$15=I90)*('cotation préalable'!$D$5:$D$15=J90)*('cotation préalable'!$E$5:$E$15=K90))=0,"Non cote",SUMPRODUCT(('cotation préalable'!$C$5:$C$15=I90)*('cotation préalable'!$D$5:$D$15=J90)*('cotation préalable'!$E$5:$E$15=K90)*'cotation préalable'!$H$5:$H$15)/SUMPRODUCT(('cotation préalable'!$C$5:$C$15=I90)*('cotation préalable'!$D$5:$D$15=J90)*('cotation préalable'!$E$5:$E$15=K90))) -> 158.49457 | P90: {=OR(IFERROR(INDEX('Mapping pannes'!$C$2:$C$16,MATCH(M90,'Mapping pannes'!$A$2:$A$16,0)),FALSE()),IFERROR(INDEX('Mapping pannes'!$C$2:$C$16,MATCH(N90,'Mapping pannes'!$A$2:$A$16,0)),FALSE()),IFERROR(INDEX('Mapping pannes'!$C$2:$C$16,MATCH(O90,'Mapping pannes'!$A$2:$A$16,0)),FALSE()))} -> FALSE | Q90: {=IFERROR(INDEX('Mapping pannes'!$D$2:$D$16,MATCH(M90,'Mapping pannes'!$A$2:$A$16,0)),0)+IFERROR(INDEX('Mapping pannes'!$D$2:$D$16,MATCH(N90,'Mapping pannes'!$A$2:$A$16,0)),0)+IFERROR(INDEX('Mapping pannes'!$D$2:$D$16,MATCH(O90,'Mapping pannes'!$A$2:$A$16,0)),0)} -> 0 | R90: =IF(NOT(ISNUMBER(L90)),"Non calculable",IF(P90,L90,MIN(L90,Q90))) -> 0 | S90: =IF(NOT(ISNUMBER(L90)),"Non calculable",MAX(0,L90-R90)) -> 158.49457 | T90: =IFERROR(VLOOKUP(E90,'Mapping pannes'!$G$2:$H$6,2,FALSE()),"") -> 0 | U90: =IF(OR(NOT(ISNUMBER(L90)),T90=""),"Non calculable",L90*T90) -> 0 | V90: =IF(OR(NOT(ISNUMBER(L90)),T90=""),"Non calculable",MAX(0,L90-R90-U90)) -> 158.49457 | W90: {=TRIM(IF(NOT(ISNUMBER(L90)),"Modele non cote. ","")&IF(T90="","Grade non reconnu pour decote esthetique. ","")&IFERROR(INDEX('Mapping pannes'!$E$2:$E$16,MATCH(M90,'Mapping pannes'!$A$2:$A$16,0))&" ","")&IFERROR(INDEX('Mapping pannes'!$E$2:$E$16,MATCH(N90,'Mapping pannes'!$A$2:$A$16,0))&" ","")&IFERROR(INDEX('Mapping pannes'!$E$2:$E$16,MATCH(O90,'Mapping pannes'!$A$2:$A$16,0))&" ",""))}
A91: 2603041 | B91: CND2241W6M | C91: HP | D91: ELITEBOOK_X360_1030_G8_NOTEBOOK_PC-13.2-I7_1185G7_3.00GHZ_16GB | E91: B | F91: CORE I7-1185G7 3.00 GHZ | G91: 16GB | H91: NVME SSD 512GB | I91: I7-1185G7 | J91: 16 Go | K91: 512GB | L91: =IF(SUMPRODUCT(('cotation préalable'!$C$5:$C$15=I91)*('cotation préalable'!$D$5:$D$15=J91)*('cotation préalable'!$E$5:$E$15=K91))=0,"Non cote",SUMPRODUCT(('cotation préalable'!$C$5:$C$15=I91)*('cotation préalable'!$D$5:$D$15=J91)*('cotation préalable'!$E$5:$E$15=K91)*'cotation préalable'!$H$5:$H$15)/SUMPRODUCT(('cotation préalable'!$C$5:$C$15=I91)*('cotation préalable'!$D$5:$D$15=J91)*('cotation préalable'!$E$5:$E$15=K91))) -> 158.49457 | P91: {=OR(IFERROR(INDEX('Mapping pannes'!$C$2:$C$16,MATCH(M91,'Mapping pannes'!$A$2:$A$16,0)),FALSE()),IFERROR(INDEX('Mapping pannes'!$C$2:$C$16,MATCH(N91,'Mapping pannes'!$A$2:$A$16,0)),FALSE()),IFERROR(INDEX('Mapping pannes'!$C$2:$C$16,MATCH(O91,'Mapping pannes'!$A$2:$A$16,0)),FALSE()))} -> FALSE | Q91: {=IFERROR(INDEX('Mapping pannes'!$D$2:$D$16,MATCH(M91,'Mapping pannes'!$A$2:$A$16,0)),0)+IFERROR(INDEX('Mapping pannes'!$D$2:$D$16,MATCH(N91,'Mapping pannes'!$A$2:$A$16,0)),0)+IFERROR(INDEX('Mapping pannes'!$D$2:$D$16,MATCH(O91,'Mapping pannes'!$A$2:$A$16,0)),0)} -> 0 | R91: =IF(NOT(ISNUMBER(L91)),"Non calculable",IF(P91,L91,MIN(L91,Q91))) -> 0 | S91: =IF(NOT(ISNUMBER(L91)),"Non calculable",MAX(0,L91-R91)) -> 158.49457 | T91: =IFERROR(VLOOKUP(E91,'Mapping pannes'!$G$2:$H$6,2,FALSE()),"") -> 0 | U91: =IF(OR(NOT(ISNUMBER(L91)),T91=""),"Non calculable",L91*T91) -> 0 | V91: =IF(OR(NOT(ISNUMBER(L91)),T91=""),"Non calculable",MAX(0,L91-R91-U91)) -> 158.49457 | W91: {=TRIM(IF(NOT(ISNUMBER(L91)),"Modele non cote. ","")&IF(T91="","Grade non reconnu pour decote esthetique. ","")&IFERROR(INDEX('Mapping pannes'!$E$2:$E$16,MATCH(M91,'Mapping pannes'!$A$2:$A$16,0))&" ","")&IFERROR(INDEX('Mapping pannes'!$E$2:$E$16,MATCH(N91,'Mapping pannes'!$A$2:$A$16,0))&" ","")&IFERROR(INDEX('Mapping pannes'!$E$2:$E$16,MATCH(O91,'Mapping pannes'!$A$2:$A$16,0))&" ",""))}
A92: 2603042 | B92: CND2241VWV | C92: HP | D92: ELITEBOOK_X360_1030_G8_NOTEBOOK_PC-13.2-I7_1185G7_3.00GHZ_16GB | E92: B | F92: CORE I7-1185G7 3.00 GHZ | G92: 16GB | H92: NVME SSD 512GB | I92: I7-1185G7 | J92: 16 Go | K92: 512GB | L92: =IF(SUMPRODUCT(('cotation préalable'!$C$5:$C$15=I92)*('cotation préalable'!$D$5:$D$15=J92)*('cotation préalable'!$E$5:$E$15=K92))=0,"Non cote",SUMPRODUCT(('cotation préalable'!$C$5:$C$15=I92)*('cotation préalable'!$D$5:$D$15=J92)*('cotation préalable'!$E$5:$E$15=K92)*'cotation préalable'!$H$5:$H$15)/SUMPRODUCT(('cotation préalable'!$C$5:$C$15=I92)*('cotation préalable'!$D$5:$D$15=J92)*('cotation préalable'!$E$5:$E$15=K92))) -> 158.49457 | P92: {=OR(IFERROR(INDEX('Mapping pannes'!$C$2:$C$16,MATCH(M92,'Mapping pannes'!$A$2:$A$16,0)),FALSE()),IFERROR(INDEX('Mapping pannes'!$C$2:$C$16,MATCH(N92,'Mapping pannes'!$A$2:$A$16,0)),FALSE()),IFERROR(INDEX('Mapping pannes'!$C$2:$C$16,MATCH(O92,'Mapping pannes'!$A$2:$A$16,0)),FALSE()))} -> FALSE | Q92: {=IFERROR(INDEX('Mapping pannes'!$D$2:$D$16,MATCH(M92,'Mapping pannes'!$A$2:$A$16,0)),0)+IFERROR(INDEX('Mapping pannes'!$D$2:$D$16,MATCH(N92,'Mapping pannes'!$A$2:$A$16,0)),0)+IFERROR(INDEX('Mapping pannes'!$D$2:$D$16,MATCH(O92,'Mapping pannes'!$A$2:$A$16,0)),0)} -> 0 | R92: =IF(NOT(ISNUMBER(L92)),"Non calculable",IF(P92,L92,MIN(L92,Q92))) -> 0 | S92: =IF(NOT(ISNUMBER(L92)),"Non calculable",MAX(0,L92-R92)) -> 158.49457 | T92: =IFERROR(VLOOKUP(E92,'Mapping pannes'!$G$2:$H$6,2,FALSE()),"") -> 0 | U92: =IF(OR(NOT(ISNUMBER(L92)),T92=""),"Non calculable",L92*T92) -> 0 | V92: =IF(OR(NOT(ISNUMBER(L92)),T92=""),"Non calculable",MAX(0,L92-R92-U92)) -> 158.49457 | W92: {=TRIM(IF(NOT(ISNUMBER(L92)),"Modele non cote. ","")&IF(T92="","Grade non reconnu pour decote esthetique. ","")&IFERROR(INDEX('Mapping pannes'!$E$2:$E$16,MATCH(M92,'Mapping pannes'!$A$2:$A$16,0))&" ","")&IFERROR(INDEX('Mapping pannes'!$E$2:$E$16,MATCH(N92,'Mapping pannes'!$A$2:$A$16,0))&" ","")&IFERROR(INDEX('Mapping pannes'!$E$2:$E$16,MATCH(O92,'Mapping pannes'!$A$2:$A$16,0))&" ",""))}
A93: 2603045 | B93: CND2241W65 | C93: HP | D93: ELITEBOOK_X360_1030_G8_NOTEBOOK_PC-13.2-I7_1185G7_3.00GHZ_16GB | E93: B | F93: CORE I7-1185G7 3.00 GHZ | G93: 16GB | H93: NVME SSD 512GB | I93: I7-1185G7 | J93: 16 Go | K93: 512GB | L93: =IF(SUMPRODUCT(('cotation préalable'!$C$5:$C$15=I93)*('cotation préalable'!$D$5:$D$15=J93)*('cotation préalable'!$E$5:$E$15=K93))=0,"Non cote",SUMPRODUCT(('cotation préalable'!$C$5:$C$15=I93)*('cotation préalable'!$D$5:$D$15=J93)*('cotation préalable'!$E$5:$E$15=K93)*'cotation préalable'!$H$5:$H$15)/SUMPRODUCT(('cotation préalable'!$C$5:$C$15=I93)*('cotation préalable'!$D$5:$D$15=J93)*('cotation préalable'!$E$5:$E$15=K93))) -> 158.49457 | P93: {=OR(IFERROR(INDEX('Mapping pannes'!$C$2:$C$16,MATCH(M93,'Mapping pannes'!$A$2:$A$16,0)),FALSE()),IFERROR(INDEX('Mapping pannes'!$C$2:$C$16,MATCH(N93,'Mapping pannes'!$A$2:$A$16,0)),FALSE()),IFERROR(INDEX('Mapping pannes'!$C$2:$C$16,MATCH(O93,'Mapping pannes'!$A$2:$A$16,0)),FALSE()))} -> FALSE | Q93: {=IFERROR(INDEX('Mapping pannes'!$D$2:$D$16,MATCH(M93,'Mapping pannes'!$A$2:$A$16,0)),0)+IFERROR(INDEX('Mapping pannes'!$D$2:$D$16,MATCH(N93,'Mapping pannes'!$A$2:$A$16,0)),0)+IFERROR(INDEX('Mapping pannes'!$D$2:$D$16,MATCH(O93,'Mapping pannes'!$A$2:$A$16,0)),0)} -> 0 | R93: =IF(NOT(ISNUMBER(L93)),"Non calculable",IF(P93,L93,MIN(L93,Q93))) -> 0 | S93: =IF(NOT(ISNUMBER(L93)),"Non calculable",MAX(0,L93-R93)) -> 158.49457 | T93: =IFERROR(VLOOKUP(E93,'Mapping pannes'!$G$2:$H$6,2,FALSE()),"") -> 0 | U93: =IF(OR(NOT(ISNUMBER(L93)),T93=""),"Non calculable",L93*T93) -> 0 | V93: =IF(OR(NOT(ISNUMBER(L93)),T93=""),"Non calculable",MAX(0,L93-R93-U93)) -> 158.49457 | W93: {=TRIM(IF(NOT(ISNUMBER(L93)),"Modele non cote. ","")&IF(T93="","Grade non reconnu pour decote esthetique. ","")&IFERROR(INDEX('Mapping pannes'!$E$2:$E$16,MATCH(M93,'Mapping pannes'!$A$2:$A$16,0))&" ","")&IFERROR(INDEX('Mapping pannes'!$E$2:$E$16,MATCH(N93,'Mapping pannes'!$A$2:$A$16,0))&" ","")&IFERROR(INDEX('Mapping pannes'!$E$2:$E$16,MATCH(O93,'Mapping pannes'!$A$2:$A$16,0))&" ",""))}
A94: 2603046 | B94: CND2241VZ9 | C94: HP | D94: ELITEBOOK_X360_1030_G8_NOTEBOOK_PC-13.2-I7_1185G7_3.00GHZ_16GB | E94: B | F94: CORE I7-1185G7 3.00 GHZ | G94: 16GB | H94: NVME SSD 512GB | I94: I7-1185G7 | J94: 16 Go | K94: 512GB | L94: =IF(SUMPRODUCT(('cotation préalable'!$C$5:$C$15=I94)*('cotation préalable'!$D$5:$D$15=J94)*('cotation préalable'!$E$5:$E$15=K94))=0,"Non cote",SUMPRODUCT(('cotation préalable'!$C$5:$C$15=I94)*('cotation préalable'!$D$5:$D$15=J94)*('cotation préalable'!$E$5:$E$15=K94)*'cotation préalable'!$H$5:$H$15)/SUMPRODUCT(('cotation préalable'!$C$5:$C$15=I94)*('cotation préalable'!$D$5:$D$15=J94)*('cotation préalable'!$E$5:$E$15=K94))) -> 158.49457 | P94: {=OR(IFERROR(INDEX('Mapping pannes'!$C$2:$C$16,MATCH(M94,'Mapping pannes'!$A$2:$A$16,0)),FALSE()),IFERROR(INDEX('Mapping pannes'!$C$2:$C$16,MATCH(N94,'Mapping pannes'!$A$2:$A$16,0)),FALSE()),IFERROR(INDEX('Mapping pannes'!$C$2:$C$16,MATCH(O94,'Mapping pannes'!$A$2:$A$16,0)),FALSE()))} -> FALSE | Q94: {=IFERROR(INDEX('Mapping pannes'!$D$2:$D$16,MATCH(M94,'Mapping pannes'!$A$2:$A$16,0)),0)+IFERROR(INDEX('Mapping pannes'!$D$2:$D$16,MATCH(N94,'Mapping pannes'!$A$2:$A$16,0)),0)+IFERROR(INDEX('Mapping pannes'!$D$2:$D$16,MATCH(O94,'Mapping pannes'!$A$2:$A$16,0)),0)} -> 0 | R94: =IF(NOT(ISNUMBER(L94)),"Non calculable",IF(P94,L94,MIN(L94,Q94))) -> 0 | S94: =IF(NOT(ISNUMBER(L94)),"Non calculable",MAX(0,L94-R94)) -> 158.49457 | T94: =IFERROR(VLOOKUP(E94,'Mapping pannes'!$G$2:$H$6,2,FALSE()),"") -> 0 | U94: =IF(OR(NOT(ISNUMBER(L94)),T94=""),"Non calculable",L94*T94) -> 0 | V94: =IF(OR(NOT(ISNUMBER(L94)),T94=""),"Non calculable",MAX(0,L94-R94-U94)) -> 158.49457 | W94: {=TRIM(IF(NOT(ISNUMBER(L94)),"Modele non cote. ","")&IF(T94="","Grade non reconnu pour decote esthetique. ","")&IFERROR(INDEX('Mapping pannes'!$E$2:$E$16,MATCH(M94,'Mapping pannes'!$A$2:$A$16,0))&" ","")&IFERROR(INDEX('Mapping pannes'!$E$2:$E$16,MATCH(N94,'Mapping pannes'!$A$2:$A$16,0))&" ","")&IFERROR(INDEX('Mapping pannes'!$E$2:$E$16,MATCH(O94,'Mapping pannes'!$A$2:$A$16,0))&" ",""))}
A95: 2603048 | B95: CND2241VX1 | C95: HP | D95: ELITEBOOK_X360_1030_G8_NOTEBOOK_PC-13.2-I7_1185G7_3.00GHZ_16GB | E95: B | F95: CORE I7-1185G7 3.00 GHZ | G95: 16GB | H95: NVME SSD 512GB | I95: I7-1185G7 | J95: 16 Go | K95: 512GB | L95: =IF(SUMPRODUCT(('cotation préalable'!$C$5:$C$15=I95)*('cotation préalable'!$D$5:$D$15=J95)*('cotation préalable'!$E$5:$E$15=K95))=0,"Non cote",SUMPRODUCT(('cotation préalable'!$C$5:$C$15=I95)*('cotation préalable'!$D$5:$D$15=J95)*('cotation préalable'!$E$5:$E$15=K95)*'cotation préalable'!$H$5:$H$15)/SUMPRODUCT(('cotation préalable'!$C$5:$C$15=I95)*('cotation préalable'!$D$5:$D$15=J95)*('cotation préalable'!$E$5:$E$15=K95))) -> 158.49457 | P95: {=OR(IFERROR(INDEX('Mapping pannes'!$C$2:$C$16,MATCH(M95,'Mapping pannes'!$A$2:$A$16,0)),FALSE()),IFERROR(INDEX('Mapping pannes'!$C$2:$C$16,MATCH(N95,'Mapping pannes'!$A$2:$A$16,0)),FALSE()),IFERROR(INDEX('Mapping pannes'!$C$2:$C$16,MATCH(O95,'Mapping pannes'!$A$2:$A$16,0)),FALSE()))} -> FALSE | Q95: {=IFERROR(INDEX('Mapping pannes'!$D$2:$D$16,MATCH(M95,'Mapping pannes'!$A$2:$A$16,0)),0)+IFERROR(INDEX('Mapping pannes'!$D$2:$D$16,MATCH(N95,'Mapping pannes'!$A$2:$A$16,0)),0)+IFERROR(INDEX('Mapping pannes'!$D$2:$D$16,MATCH(O95,'Mapping pannes'!$A$2:$A$16,0)),0)} -> 0 | R95: =IF(NOT(ISNUMBER(L95)),"Non calculable",IF(P95,L95,MIN(L95,Q95))) -> 0 | S95: =IF(NOT(ISNUMBER(L95)),"Non calculable",MAX(0,L95-R95)) -> 158.49457 | T95: =IFERROR(VLOOKUP(E95,'Mapping pannes'!$G$2:$H$6,2,FALSE()),"") -> 0 | U95: =IF(OR(NOT(ISNUMBER(L95)),T95=""),"Non calculable",L95*T95) -> 0 | V95: =IF(OR(NOT(ISNUMBER(L95)),T95=""),"Non calculable",MAX(0,L95-R95-U95)) -> 158.49457 | W95: {=TRIM(IF(NOT(ISNUMBER(L95)),"Modele non cote. ","")&IF(T95="","Grade non reconnu pour decote esthetique. ","")&IFERROR(INDEX('Mapping pannes'!$E$2:$E$16,MATCH(M95,'Mapping pannes'!$A$2:$A$16,0))&" ","")&IFERROR(INDEX('Mapping pannes'!$E$2:$E$16,MATCH(N95,'Mapping pannes'!$A$2:$A$16,0))&" ","")&IFERROR(INDEX('Mapping pannes'!$E$2:$E$16,MATCH(O95,'Mapping pannes'!$A$2:$A$16,0))&" ",""))}
... A111: 2603264 | B111: CND2241W41 | C111: HP | D111: ELITEBOOK_X360_1030_G8_NOTEBOOK_PC-13.2-I7_1185G7_3.00GHZ_16GB | E111: C+ | F111: CORE I7-1185G7 3.00 GHZ | G111: 16GB | H111: NVME SSD 512GB | I111: I7-1185G7 | J111: 16 Go | K111: 512GB | L111: =IF(SUMPRODUCT(('cotation préalable'!$C$5:$C$15=I111)*('cotation préalable'!$D$5:$D$15=J111)*('cotation préalable'!$E$5:$E$15=K111))=0,"Non cote",SUMPRODUCT(('cotation préalable'!$C$5:$C$15=I111)*('cotation préalable'!$D$5:$D$15=J111)*('cotation préalable'!$E$5:$E$15=K111)*'cotation préalable'!$H$5:$H$15)/SUMPRODUCT(('cotation préalable'!$C$5:$C$15=I111)*('cotation préalable'!$D$5:$D$15=J111)*('cotation préalable'!$E$5:$E$15=K111))) -> 158.49457 | P111: {=OR(IFERROR(INDEX('Mapping pannes'!$C$2:$C$16,MATCH(M111,'Mapping pannes'!$A$2:$A$16,0)),FALSE()),IFERROR(INDEX('Mapping pannes'!$C$2:$C$16,MATCH(N111,'Mapping pannes'!$A$2:$A$16,0)),FALSE()),IFERROR(INDEX('Mapping pannes'!$C$2:$C$16,MATCH(O111,'Mapping pannes'!$A$2:$A$16,0)),FALSE()))} -> FALSE | Q111: {=IFERROR(INDEX('Mapping pannes'!$D$2:$D$16,MATCH(M111,'Mapping pannes'!$A$2:$A$16,0)),0)+IFERROR(INDEX('Mapping pannes'!$D$2:$D$16,MATCH(N111,'Mapping pannes'!$A$2:$A$16,0)),0)+IFERROR(INDEX('Mapping pannes'!$D$2:$D$16,MATCH(O111,'Mapping pannes'!$A$2:$A$16,0)),0)} -> 0 | R111: =IF(NOT(ISNUMBER(L111)),"Non calculable",IF(P111,L111,MIN(L111,Q111))) -> 0 | S111: =IF(NOT(ISNUMBER(L111)),"Non calculable",MAX(0,L111-R111)) -> 158.49457 | T111: =IFERROR(VLOOKUP(E111,'Mapping pannes'!$G$2:$H$6,2,FALSE()),"") -> 0.2 | U111: =IF(OR(NOT(ISNUMBER(L111)),T111=""),"Non calculable",L111*T111) -> 31.698913 | V111: =IF(OR(NOT(ISNUMBER(L111)),T111=""),"Non calculable",MAX(0,L111-R111-U111)) -> 126.79565 | W111: {=TRIM(IF(NOT(ISNUMBER(L111)),"Modele non cote. ","")&IF(T111="","Grade non reconnu pour decote esthetique. ","")&IFERROR(INDEX('Mapping pannes'!$E$2:$E$16,MATCH(M111,'Mapping pannes'!$A$2:$A$16,0))&" ","")&IFERROR(INDEX('Mapping pannes'!$E$2:$E$16,MATCH(N111,'Mapping pannes'!$A$2:$A$16,0))&" ","")&IFERROR(INDEX('Mapping pannes'!$E$2:$E$16,MATCH(O111,'Mapping pannes'!$A$2:$A$16,0))&" ",""))}
